Workbook
Name \a: #REF!
Name \m: #REF!
Name \n: #REF!
Name \o: #REF!
Name _M8: #N/A
Name _M9: #N/A
Name _Num2: #REF!
Name _q11: #N/A
Name _q15: #N/A
Name _q17: #N/A
Name _q2: #N/A
Name _q3: #N/A
Name _q4: #N/A
Name _q5: #N/A
Name _q6: #N/A
Name _q7: #N/A
Name _q8: #N/A
Name _q9: #N/A
Name ÷ĺňâĺđňűé: #REF!
Name AES: #REF!
Name àî: #N/A
Name ALL_ORG: #REF!
Name âňîđîé: #REF!
Name AOE: #REF!
Name APR: #REF!
Name AUG: #REF!
Name BALEE_FLOAD: #REF!
Name BALEE_PROT: #REF!,#REF!,#REF!,#REF!
Name BALM_FLOAD: #REF!
Name BALM_PROT: #REF!,#REF!,#REF!,#REF!
Name cd: #N/A
Name CheckBC_List21_1_1: #REF!
Name CheckBC_List21_1_2: #REF!
Name CheckBC_List21_1_3: #REF!
Name CheckBC_List21_1_4: #REF!
Name CheckBC_List21_1_5: #REF!
Name com: #N/A
Name CompOt: '1.5'!CompOt
Name CompOt: '1.5'!CompOt
Name CompOt2: #N/A
Name CompRas: '1.5'!CompRas
Name CompRas: '1.5'!CompRas
Name Contents: #REF!
Name COPY_DIAP: #REF!
Name ct: #N/A
Name ď: #N/A
Name DATA: #REF!
Name DATE: #REF!
Name ďď: #N/A
Name đđ: #N/A
Name đđđ: #N/A
Name DEC: #REF!
Name ďĺđâűé: #REF!
Name DOC: #REF!
Name Down_range: #REF!
Name dsragh: #N/A
Name ęĺ: #N/A
Name ESO_ET: #REF!
Name ESO_PROT: #N/A
Name ESOcom: #REF!

Sheet Перечень необх.документов
B1: Перечень необходимой документации, подаваемой организацией, оказывающей услуги по передаче электроэнергии, в ГУ РЭК Рязанской области для установления тарифов на услуги по передаче электроэнергии.
B3: Расчетные материалы, представляются в ГУ РЭК Рязанской области в одном экземпляре, сшитые и пронумерованные в скоросшиватель, с соответствующим перечнем (заявлением, реквизитами организации, оглавлением, учредительными документами (устав, свидетельство о постановке на учет в налоговом органе, свидетельство о регистрации), документы , подтверждающие право собственности на имущество (свидетельство, договор аренды, план приватизации), пояснительной запиской (в пояснительной записке указывается краткая характеристика предприятия, все причины, обосновывающие необходимость установления или пересмотра тарифа с постатейными расшифровками, а также необходимые вычисления, проводимые при формировании затрат, прибыли и калькуляции себестоимости, как плановой, так и фактической), расчетными таблицами, обосновывающими материалами. Кроме того, представляется расчет в электронном виде (на электронном носителе, и по электронной почте info@rek.ryazan.ru )
B5: 1. Официальное заявление
B6: Заявление подписывается руководителем организации, заверяется печатью, должно содержать наименование и реквизиты организации.
B7: 2. Реквизиты сетевой организации
B8: 3.Оглавление
B9: 4.Учредительные документы
B10: 5. Документы, подтверждающие право собственности на сетевое имущество
B11: 6. Пояснительная записка
B12: 7. Расчетные таблицы
B13: Таблицы и расчеты предоставляются в соответствии с «Методическими указаниями по расчету регулируемых тарифов и цен на электрическую (тепловую)энергию на розничном (потребительском) рынке», утвержденными Приказом ФСТ России от 06.08.2004 N 20-э/2 и Методическими указаниями по расчету тарифов на услуги по передаче электрической энергии, устанавливаемых с применением метода долгосрочной индексации необходимой валовой выручки, утвержденными Приказом ФСТ РФ от 17.02.2012 N 98-э .
B14: 8. Обосновывающие материалы (подлинники или заверенные заявителем копии)
C16: Наименование обосновывающих материалов | D16: Показатели, для которых используются материалы
B17: 1. | C17: 1. Бухгалтерская отчетность за 2018 год, представляемая по формам, утвержденным Приказом Министерства финансов Российской Федерации от 22.07.2003 N 67н "О формах бухгалтерской отчетности организаций": | D17: Анализ хозяйственной деятельности
C18: - Бухгалтерский баланс (форма N 1);
C19: - Отчет о прибылях и убытках (форма N 2);
C20: - Отчет об изменениях капитала (форма N 3-годовая);
C21: - Отчет о движении денежных средств (форма N 4-годовая);
C22: - Приложение к бухгалтерскому балансу (форма N 5-годовая).
C23: Пояснительная записка к балансу.
C24: 2. Налоговые декларации по транспортному налогу, налогу на землю, налогу на имущество, налогу на прибыль за 2018 год, документы о налоговых льготах.
C25: 3. Копия приказа об учетной политике организации, заверенная в установленном порядке.
C26: 4. Статистическая форма 5-З "Сведения о затратах на производство и продажу продукции (товаров, работ, услуг)" за 2018 год.
C27: 5.Статотчетность по форме 46-ээ (передача) за 2018 год.
C28: 6. Отчетность, содержащая данные раздельного учета, согласно приложению №1 к Порядку, утвержденного приказом Министерства энергетики Российской Федерации от 13 декабря 2011г. №585
B29: 2. | C29: 1. Плановая покупка электрической энергии сбытовой организацией (в части поступления в сеть данной сетевой организации, согласованное со сбытовой компанией). | D29: Объем поступления и отпуска электрической энергии, перетоки между уровнями напряжения
C30: 2. Баланс электрической энергии (мощности) по сетям ВН, СН1, СН2 и НН (таблицы 1.4.,1.5)
C31: 3. Расчет технологического расхода электрической энергии (потерь) в электрических сетях (таблица 1.3)
C32: 4. Отпуск (передача) электроэнергии ТСО (таблица 1.30).
B33: 3. | C33: Система условных единиц для распределения общей суммы тарифной выручки по классам напряжения (таблицы 2.1., 2.2) факт 2018 и план 2020-2024 | D33: Состав оборудования
B34: 4. | C34: 1. Расчет стоимости покупной энергии на технологические цели (потери ФСК) (Таблица П 1.12) | D34: Затраты на услуги по передаче электроэнергии по ЕНЭС
C35: 2. Расчет суммы платы за услуги по организации функционирования и развитию Единой энергетической системы России и организации функционирования торговой системы оптового рынка электрической энергии (мощности), передаче электроэнергии по ЕНЭС. (таблица П 1.13)
B36: 5. | C36: 1. Смета затрат на содержание сетей (таблица 1.15) и калькуляция расходов, связанных с передачей электрической энергии (таблица 1.18.2) | D36: Затраты на регулируемую деятельность
C37: 2. Расчет расходов на сырье, основные и вспомогательные материалы на расчетный период регулирования с выделением расходов на ремонт основных средств, включая:
C38: - динамику годовых объемов потребления основных и вспомогательных материалов за последние 3 года;
C39: -реестр договоров на поставку материалов;
C40: - счета-фактуры с текущими ценами на момент регулирования;
C41: - нормы и нормативы расхода материалов с указанием регламентирующих документов.
C42: 3. Расчет расходов на работы и услуги производственного характера на расчетный период регулирования с выделением расходов на ремонт основных средств, включая:
C43: - расшифровку данных расходов;
C44: - отчет о фактических расходах за последние 3 года;
C45: договоры на выполнение работ.
C46: 4. Расчет стоимости покупной электрической и тепловой энергии (мощности) на хозяйственные (производственные) нужды исходя из тарифов, прогнозируемых на расчетный период регулирования, с обоснованием объемов покупки.
C47: 5. Расчет расходов на оплату труда (таблица 1.16), определяемого с учетом отраслевых тарифных соглашений и фактического объема фонда оплаты труда, сложившегося за период, предшествующий регулируемому, с приложением следующих материалов:
C48: статистическая форма П-4 " Сведения о численности, заработной плате и движении работников» по предприятию за 2018 год;
... C103: При заключении договоров на приобретение продукции, выполнение работ (оказание услуг) обязательно предоставляется отчет о проведении конкурсных процедур с расчетом эффективности их проведения.
B105: 6. | C105: 1. Справка о финансировании и освоении капитальных вложений (таблица 1.20.3) с обоснованием потребности в средствах (по подразделениям и в целом по предприятию). | D105: Плановая прибыль от регулируемой деятельности
C106: Формы КС-2, КС-3, Форма П-2.
C107: Инвестиционная программа, утвержденная ГУ РЭК и удовлетворяющая требованиям, предъявляемым ФСТ России (информационное письмо ФСТ России от 20.04.2006г. №ЕЯ-1897/12).
C108: 2. Расчет источников финансирования капитальных вложений (таблица 1.20)
C109: 3. Расчет необходимой прибыли (таблица 1.21.3)
C110: 4. Расчет необходимой прибыли на социальное развитие на расчетный период регулирования, включая:
C111: - программу социального развития;
C112: - расшифровку и расчет расходов на социальное развитие.
C113: 5. Расчет прибыли на поощрение на расчетный период регулирования, в том числе расчет выплат социального характера со ссылкой на положения коллективного договора и отраслевых тарифных соглашений, с указанием количества работников, по факту получивших выплаты.
C114: 6. Расчет дивидендов по акциям на расчетный период регулирования, включая фактические выплаты дивидендов за 3 предыдущих года.
C115: 7. Расчет "прибыли на прочие цели" (с расшифровкой расходов, включая перечень договоров на расчетный период регулирования).
C116: 8. Расчет плановых расходов на оплату процентов по кредитам банков на расчетный период регулирования, включая:
C117: - расчет расходов, необходимых для поддержания достаточного размера оборотного капитала (расчет кассовых разрывов, отчет о движении потоков наличности);
... C126: 12.Расчет налога на имущество на расчетный период регулирования, включая перечень льготируемого имущества.
B127: 7. | C127: 1. Расчет платы за услуги по содержанию электрических сетей (таблица 1.24) | D127: Расчет ставок тарифа на услуги по передаче электроэнергии
C128: 2. Расчет ставки по оплате потерь электроэнергии (таблица 1.25).
C129: 3. Расчет индивидуальных тарифов на услуги по передаче электрической энергии по сетям (кроме котлодержателя).
B130: 8. | D130: Расчет ставок тарифа на услуги по передаче электроэнергии
C131: Расчет тарифов на услуги по передаче электрической энергии по сетям на долгосрочный период регулирования
B134: 9. Инвестиционная программа
B135: 10. Программа энергосбережения
B136: 11. Показатели надежности и качества
B137: 12. Информация о согласованных объемах ( с ОАО "РЭСК" и филиалом «Рязаньэнерго» ОАО «МРСК Центра и Приволжья»)
B139: Примечание.
B140: При заполнении таблиц в столбце «базовый период» указывать факт 2018 года, в столбце «период регулирования» – план 2020 года.
B141: Отчетные данные за девять месяцев предоставить до 5 ноября.
B142: Отчетность , содержащая данные раздельного учета , ведется по формам согласно приложению №1 к Порядку и предосталяется субъектами естественных монополий ( в т.ч. в электронном виде) вместе с бухгалтерской отчетностью организации.
B143: В ходе государственного регулирования перечень материалов может быть дополнен.

Sheet Заявление
A2: Для установления индивидуальных тарифов
J4: Начальнику ГУ РЭК | L4: 1
J5: Рязанской области
J6: О.Н Голыхову
A8: №_______ от _____________2019г.
A10: ЗАЯВЛЕНИЕ.
A11: Прошу Вас в соответствии с законом РФ от 14.04.1995 г. №35-ФЗ «Об электроэнергетике», установить индивидуальные долгосрочные тарифы на услуги по передаче электрической энергии на основе долгосрочных параметров регулирования по сетям МУ МПЖКХ Гусь-Железный (указать наименование организации) на 2020-2024 годы (указать систему налогообложениия (без НДС).
A13: Наименование сетевой организации | B13: Год | C13: Двухставочный тариф | E13: Одноставочный тариф
C14: Ставка за содержание электрических сетей<*> | D14: Ставка на оплату технологического расхода (потерь)
C15: руб./МВт.мес. | D15: руб./МВт.ч | E15: руб./МВт.ч
A16: ='Реквизиты организации'!C8 -> МУ МПЖКХ Гусь-Железный | B16: 2020 | C16: ='Свод долгосрочный '!K164 -> 751630.71 | D16: ='Свод долгосрочный '!K167 -> 859.46544 | E16: ='Свод долгосрочный '!K170 -> 2501.3421
B17: 2021 | C17: ='Свод долгосрочный '!M164 -> 667889.35 | D17: ='Свод долгосрочный '!M167 -> 900.69748 | E17: ='Свод долгосрочный '!M170 -> 2358.0443
B18: 2022 | C18: ='Свод долгосрочный '!N164 -> 696860.22 | D18: ='Свод долгосрочный '!N167 -> 934.11529 | E18: ='Свод долгосрочный '!N170 -> 2484.1455
B19: 2023 | C19: ='Свод долгосрочный '!O164 -> 695921.82 | D19: ='Свод долгосрочный '!O167 -> 986.42574 | E19: ='Свод долгосрочный '!O170 -> 2535.0118
B20: 2024 | C20: ='Свод долгосрочный '!P164 -> 694988.15 | D20: ='Свод долгосрочный '!P167 -> 1041.6656 | E20: ='Свод долгосрочный '!P170 -> 2588.853
A22: Принять долгосрочные параметры регулирования и необходимую валовую выручку на долгосрочный период регулирования (без учета оплаты потерь):
A24: Наименование сетевой организации | B24: Год | C24: Базовый уровень подконтрольных расходов | D24: Индекс эффективности подконтрольных расходов | E24: Коэффициент эластичности подконтрольных расходов по количеству активов | F24: Уровень потерь электрической энергии при ее передаче по электрическим сетям | J24: Показатель средней продолжительности прекращения передачи электрической энергии на точку поставки | K24: Показатель средней частоты прекращения передачи электрической энергии на точку поставки | L24: Показатель уровня качества оказываемых услуг
C25: млн. руб. | D25: % | E25: % | F25: % | J25: час. | K25: шт.
A26: 1 | B26: 2 | C26: 3 | D26: 4 | E26: 5 | F26: 6 | J26: 7 | K26: 8 | L26: 9
A27: =A16 -> МУ МПЖКХ Гусь-Железный | B27: 2020 | C27: ='Свод долгосрочный '!K23 -> 27287.983 | D27: 0.01 | E27: 0.75 | F27: 0.19646788 | J27: 2 | K27: 1.3 | L27: 0
B28: 2021 | C28: ='Свод долгосрочный '!M23 -> 27208.151 | D28: 0.01 | E28: 0.75 | F28: 0.19646788 | J28: 2 | K28: =K27 -> 1.3 | L28: 0
B29: 2022 | C29: ='Свод долгосрочный '!N23 -> 27138.498 | D29: 0.01 | E29: 0.75 | F29: 0.19646788 | J29: 2 | K29: =K28 -> 1.3 | L29: 0
B30: 2023 | C30: ='Свод долгосрочный '!O23 -> 27095.076 | D30: 0.01 | E30: 0.75 | F30: 0.19646788 | J30: =J29 -> 2 | K30: =K29 -> 1.3 | L30: 0
B31: 2024 | C31: ='Свод долгосрочный '!P23 -> 27051.724 | D31: 0.01 | E31: 0.75 | F31: 0.19646788 | J31: =J30 -> 2 | K31: =K30 -> 1.3 | L31: 0
A34: Наименование сетевой организации | B34: Год | C34: НВВ сетевых организаций без учета оплаты потерь (отнесенная на сторонних потребителей)
C35: тыс.руб.
A36: =A27 -> МУ МПЖКХ Гусь-Железный | B36: 2020 | C36: ='Свод долгосрочный '!K83 -> 37873.168
B37: 2021 | C37: ='Свод долгосрочный '!M83 -> 34152.923
B38: 2022 | C38: ='Свод долгосрочный '!N83 -> 35634.365
B39: 2023 | C39: ='Свод долгосрочный '!O83 -> 35586.38
B40: 2024 | C40: ='Свод долгосрочный '!P83 -> 35538.636
A47: Начальник МУ МПЖКХ Гусь-Железный | G47: В.В. Куницын
A50: Расчетные материалы на ___ листах прилагаются.
A67: Заявление подписывается руководителем организации, заверяется печатью, должно содержать наименование и реквизиты организации.

Sheet Реквизиты организации
G1: 2
B3: Реквизиты организации
A5: № п/п | B5: Наименование | C5: Данные об организации
A6: 1 | B6: Наименование организации в соответствии с уставом:
B7: полное наименование организации | C7: Муниципальное унитарное многоотраслевое предприятие жилищно-коммунального хозяйства Гусь-Железный
B8: сокращенное название организации | C8: МУ МПЖКХ Гусь-Железный
A9: 2 | B9: Муниципальное образование | C9: Касимовский муниципальный район
A10: 3 | B10: Адрес организации:
B11: юридический адрес | C11: 391320, Рязанская область, Касимовский район р.п. Гусь-Железный, ул. Дачная, 9
B12: фактический адрес (месторасположение) | C12: 391320, Рязанская область, Касимовский район р.п. Гусь-Железный, ул. Дачная, 9
A13: 4 | B13: ИНН | C13: 6204000137
A14: 5 | B14: КПП | C14: 622401001
A15: 6 | B15: ОКТМО | C15: 61608154
A16: 7 | B16: ОКОПФ | C16: 42
A17: 8 | B17: Адрес ЕИАС
A18: 9 | B18: Наменование муниципального образования в котором осуществляется услуга | C18: Касимовский муниципальный район
A19: 10 | B19: ФИО руководителя организации | C19: Куницын Владимир Васильевич
B20: контактный телефон/факс | C20: (849131)46131
B21: е-mail | C21: kunicun@rambler.ru
A22: 11 | B22: ФИО начальника ПЭО | C22: Куницына Ирина Фёдоровна
B23: контактный телефон/факс | C23: (849131)46131
A24: 12 | B24: ФИО ответственного за электрохозяйство | C24: Евстифеев Григорий Михайлович
B25: контактный телефон/факс | C25: (849131)46131
A26: 13 | B26: ФИО главного бухгалтера | C26: Овчинникова Тамара Викторовна
B27: контактный телефон/факс | C27: (849131)46236
A28: 14 | B28: ФИО непосредственного исполнителя | C28: Евстифеев Григорий Михайлович
B29: контактный телефон/факс | C29: (849131)46131
B30: е-mail | C30: gewstifeew@yandex.ru
A31: 15 | B31: Банковские реквизиты:
B32: расчетный счет | C32: 40702810253050100111
B33: банк | C33: Отделение №8606 Сбербанка России г.Рязань
B34: корреспондентский счет | C34: 30101810500000000614
B35: БИК | C35: 0046126614

Sheet 2.1
G1: Таблица № 2.1 | AE1: 3
A3: Система условных единиц для распределения общей суммы тарифной выручки по классам напряжения. | AE3: 3
A5: Объем воздушных линий электропередач (ВЛЭП) и кабельных линий электропередач (КЛЭП) в условных единицах в зависимост от протяженности, напряжения, конструктивного использования и материала опор.
F6: ФАКТ 2018 | I6: ФАКТ 2019 | L6: ПЛАН 2019 | O6: 2020 предпр. | R6: 2020 РЭК | U6: 2021 | X6: 2022 | AA6: 2023 | AD6: 2024
B7: Напряжение, кВ | C7: Количество цепей на опоре | D7: Материал опор | E7: Количество условных единиц (у) на 100 км трассы ЛЭП | F7: Протяженность по трассе | G7: Объем условных единиц | H7: Количество условных единиц (у) на 100 км трассы ЛЭП | I7: Протяженность по трассе | J7: Объем условных единиц | K7: Количество условных единиц (у) на 100 км трассы ЛЭП | L7: Протяженность по трассе | M7: Объем условных единиц | N7: Количество условных единиц (у) на 100 км трассы ЛЭП | O7: Протяженность по трассе | P7: Объем условных единиц | Q7: Количество условных единиц (у) на 100 км трассы ЛЭП | R7: Протяженность по трассе | S7: Объем условных единиц | T7: Количество условных единиц (у) на 100 км трассы ЛЭП | U7: Протяженность по трассе | V7: Объем условных единиц | W7: Количество условных единиц (у) на 100 км трассы ЛЭП | X7: Протяженность по трассе | Y7: Объем условных единиц | Z7: Количество условных единиц (у) на 100 км трассы ЛЭП | AA7: Протяженность по трассе | AB7: Объем условных единиц | AC7: Количество условных единиц (у) на 100 км трассы ЛЭП | AD7: Протяженность по трассе | AE7: Объем условных единиц
E8: у.е./100км | F8: км | G8: у.е. | H8: у.е./100км | I8: км | J8: у.е. | K8: у.е./100км | L8: км | M8: у.е. | N8: у.е./100км | O8: км | P8: у.е. | Q8: у.е./100км | R8: км | S8: у.е. | T8: у.е./100км | U8: км | V8: у.е. | W8: у.е./100км | X8: км | Y8: у.е. | Z8: у.е./100км | AA8: км | AB8: у.е. | AC8: у.е./100км | AD8: км | AE8: у.е.
A9: 1 | B9: =+A9+1 -> 2 | C9: =+B9+1 -> 3 | D9: =+C9+1 -> 4 | E9: =+D9+1 -> 5 | F9: =+E9+1 -> 6 | G9: 7 = 5 * 6 /100 | H9: 5 | I9: 6 | J9: 7 = 5 * 6 /100 | K9: 5 | L9: 6 | M9: 7 = 5 * 6 /100 | N9: 5 | O9: 6 | P9: 7 = 5 * 6 /100 | Q9: 5 | R9: 6 | S9: 7 = 5 * 6 /100 | T9: 5 | U9: 6 | V9: 7 = 5 * 6 /100 | W9: 5 | X9: 6 | Y9: 7 = 5 * 6 /100 | Z9: 5 | AA9: 6 | AB9: 7 = 5 * 6 /100 | AC9: 5 | AD9: 6 | AE9: 7 = 5 * 6 /100
A10: ВЛЭП | B10: 1150 | C10: - | D10: металл | E10: 800 | G10: =E10*F10/100 -> 0 | H10: 800 | J10: =H10*I10/100 -> 0 | K10: 800 | M10: =K10*L10/100 -> 0 | N10: 800 | P10: =N10*O10/100 -> 0 | Q10: 800 | S10: =Q10*R10/100 -> 0 | T10: 800 | V10: =T10*U10/100 -> 0 | W10: 800 | Y10: =W10*X10/100 -> 0 | Z10: 800 | AB10: =Z10*AA10/100 -> 0 | AC10: 800 | AE10: =AC10*AD10/100 -> 0
B11: 750 | C11: 1 | D11: металл | E11: 600 | G11: =E11*F11/100 -> 0 | H11: 600 | J11: =H11*I11/100 -> 0 | K11: 600 | M11: =K11*L11/100 -> 0 | N11: 600 | P11: =N11*O11/100 -> 0 | Q11: 600 | S11: =Q11*R11/100 -> 0 | T11: 600 | V11: =T11*U11/100 -> 0 | W11: 600 | Y11: =W11*X11/100 -> 0 | Z11: 600 | AB11: =Z11*AA11/100 -> 0 | AC11: 600 | AE11: =AC11*AD11/100 -> 0
B12: 400-500 | C12: 1 | D12: металл | E12: 400 | G12: =E12*F12/100 -> 0 | H12: 400 | J12: =H12*I12/100 -> 0 | K12: 400 | M12: =K12*L12/100 -> 0 | N12: 400 | P12: =N12*O12/100 -> 0 | Q12: 400 | S12: =Q12*R12/100 -> 0 | T12: 400 | V12: =T12*U12/100 -> 0 | W12: 400 | Y12: =W12*X12/100 -> 0 | Z12: 400 | AB12: =Z12*AA12/100 -> 0 | AC12: 400 | AE12: =AC12*AD12/100 -> 0
D13: ж/бетон | E13: 300 | G13: =E13*F13/100 -> 0 | H13: 300 | J13: =H13*I13/100 -> 0 | K13: 300 | M13: =K13*L13/100 -> 0 | N13: 300 | P13: =N13*O13/100 -> 0 | Q13: 300 | S13: =Q13*R13/100 -> 0 | T13: 300 | V13: =T13*U13/100 -> 0 | W13: 300 | Y13: =W13*X13/100 -> 0 | Z13: 300 | AB13: =Z13*AA13/100 -> 0 | AC13: 300 | AE13: =AC13*AD13/100 -> 0
B14: 330 | C14: 1 | D14: металл | E14: 230 | G14: =E14*F14/100 -> 0 | H14: 230 | J14: =H14*I14/100 -> 0 | K14: 230 | M14: =K14*L14/100 -> 0 | N14: 230 | P14: =N14*O14/100 -> 0 | Q14: 230 | S14: =Q14*R14/100 -> 0 | T14: 230 | V14: =T14*U14/100 -> 0 | W14: 230 | Y14: =W14*X14/100 -> 0 | Z14: 230 | AB14: =Z14*AA14/100 -> 0 | AC14: 230 | AE14: =AC14*AD14/100 -> 0
D15: ж/бетон | E15: 170 | G15: =E15*F15/100 -> 0 | H15: 170 | J15: =H15*I15/100 -> 0 | K15: 170 | M15: =K15*L15/100 -> 0 | N15: 170 | P15: =N15*O15/100 -> 0 | Q15: 170 | S15: =Q15*R15/100 -> 0 | T15: 170 | V15: =T15*U15/100 -> 0 | W15: 170 | Y15: =W15*X15/100 -> 0 | Z15: 170 | AB15: =Z15*AA15/100 -> 0 | AC15: 170 | AE15: =AC15*AD15/100 -> 0
C16: 2 | D16: металл | E16: 290 | G16: =E16*F16/100 -> 0 | H16: 290 | J16: =H16*I16/100 -> 0 | K16: 290 | M16: =K16*L16/100 -> 0 | N16: 290 | P16: =N16*O16/100 -> 0 | Q16: 290 | S16: =Q16*R16/100 -> 0 | T16: 290 | V16: =T16*U16/100 -> 0 | W16: 290 | Y16: =W16*X16/100 -> 0 | Z16: 290 | AB16: =Z16*AA16/100 -> 0 | AC16: 290 | AE16: =AC16*AD16/100 -> 0
D17: ж/бетон | E17: 210 | G17: =E17*F17/100 -> 0 | H17: 210 | J17: =H17*I17/100 -> 0 | K17: 210 | M17: =K17*L17/100 -> 0 | N17: 210 | P17: =N17*O17/100 -> 0 | Q17: 210 | S17: =Q17*R17/100 -> 0 | T17: 210 | V17: =T17*U17/100 -> 0 | W17: 210 | Y17: =W17*X17/100 -> 0 | Z17: 210 | AB17: =Z17*AA17/100 -> 0 | AC17: 210 | AE17: =AC17*AD17/100 -> 0
B18: 220 | C18: 1 | D18: дерево | E18: 260 | G18: =E18*F18/100 -> 0 | H18: 260 | J18: =H18*I18/100 -> 0 | K18: 260 | M18: =K18*L18/100 -> 0 | N18: 260 | P18: =N18*O18/100 -> 0 | Q18: 260 | S18: =Q18*R18/100 -> 0 | T18: 260 | V18: =T18*U18/100 -> 0 | W18: 260 | Y18: =W18*X18/100 -> 0 | Z18: 260 | AB18: =Z18*AA18/100 -> 0 | AC18: 260 | AE18: =AC18*AD18/100 -> 0
D19: металл | E19: 210 | G19: =E19*F19/100 -> 0 | H19: 210 | J19: =H19*I19/100 -> 0 | K19: 210 | M19: =K19*L19/100 -> 0 | N19: 210 | P19: =N19*O19/100 -> 0 | Q19: 210 | S19: =Q19*R19/100 -> 0 | T19: 210 | V19: =T19*U19/100 -> 0 | W19: 210 | Y19: =W19*X19/100 -> 0 | Z19: 210 | AB19: =Z19*AA19/100 -> 0 | AC19: 210 | AE19: =AC19*AD19/100 -> 0
D20: ж/бетон | E20: 140 | G20: =E20*F20/100 -> 0 | H20: 140 | J20: =H20*I20/100 -> 0 | K20: 140 | M20: =K20*L20/100 -> 0 | N20: 140 | P20: =N20*O20/100 -> 0 | Q20: 140 | S20: =Q20*R20/100 -> 0 | T20: 140 | V20: =T20*U20/100 -> 0 | W20: 140 | Y20: =W20*X20/100 -> 0 | Z20: 140 | AB20: =Z20*AA20/100 -> 0 | AC20: 140 | AE20: =AC20*AD20/100 -> 0
C21: 2 | D21: металл | E21: 270 | G21: =E21*F21/100 -> 0 | H21: 270 | J21: =H21*I21/100 -> 0 | K21: 270 | M21: =K21*L21/100 -> 0 | N21: 270 | P21: =N21*O21/100 -> 0 | Q21: 270 | S21: =Q21*R21/100 -> 0 | T21: 270 | V21: =T21*U21/100 -> 0 | W21: 270 | Y21: =W21*X21/100 -> 0 | Z21: 270 | AB21: =Z21*AA21/100 -> 0 | AC21: 270 | AE21: =AC21*AD21/100 -> 0
D22: ж/бетон | E22: 180 | G22: =E22*F22/100 -> 0 | H22: 180 | J22: =H22*I22/100 -> 0 | K22: 180 | M22: =K22*L22/100 -> 0 | N22: 180 | P22: =N22*O22/100 -> 0 | Q22: 180 | S22: =Q22*R22/100 -> 0 | T22: 180 | V22: =T22*U22/100 -> 0 | W22: 180 | Y22: =W22*X22/100 -> 0 | Z22: 180 | AB22: =Z22*AA22/100 -> 0 | AC22: 180 | AE22: =AC22*AD22/100 -> 0
B23: 110-150 | C23: 1 | D23: дерево | E23: 180 | G23: =E23*F23/100 -> 0 | H23: 180 | J23: =H23*I23/100 -> 0 | K23: 180 | M23: =K23*L23/100 -> 0 | N23: 180 | P23: =N23*O23/100 -> 0 | Q23: 180 | S23: =Q23*R23/100 -> 0 | T23: 180 | V23: =T23*U23/100 -> 0 | W23: 180 | Y23: =W23*X23/100 -> 0 | Z23: 180 | AB23: =Z23*AA23/100 -> 0 | AC23: 180 | AE23: =AC23*AD23/100 -> 0
D24: металл | E24: 160 | G24: =E24*F24/100 -> 0 | H24: 160 | J24: =H24*I24/100 -> 0 | K24: 160 | M24: =K24*L24/100 -> 0 | N24: 160 | P24: =N24*O24/100 -> 0 | Q24: 160 | S24: =Q24*R24/100 -> 0 | T24: 160 | V24: =T24*U24/100 -> 0 | W24: 160 | Y24: =W24*X24/100 -> 0 | Z24: 160 | AB24: =Z24*AA24/100 -> 0 | AC24: 160 | AE24: =AC24*AD24/100 -> 0
D25: ж/бетон | E25: 130 | G25: =E25*F25/100 -> 0 | H25: 130 | J25: =H25*I25/100 -> 0 | K25: 130 | M25: =K25*L25/100 -> 0 | N25: 130 | P25: =N25*O25/100 -> 0 | Q25: 130 | S25: =Q25*R25/100 -> 0 | T25: 130 | V25: =T25*U25/100 -> 0 | W25: 130 | Y25: =W25*X25/100 -> 0 | Z25: 130 | AB25: =Z25*AA25/100 -> 0 | AC25: 130 | AE25: =AC25*AD25/100 -> 0
C26: 2 | D26: металл | E26: 190 | G26: =E26*F26/100 -> 0 | H26: 190 | J26: =H26*I26/100 -> 0 | K26: 190 | M26: =K26*L26/100 -> 0 | N26: 190 | P26: =N26*O26/100 -> 0 | Q26: 190 | S26: =Q26*R26/100 -> 0 | T26: 190 | V26: =T26*U26/100 -> 0 | W26: 190 | Y26: =W26*X26/100 -> 0 | Z26: 190 | AB26: =Z26*AA26/100 -> 0 | AC26: 190 | AE26: =AC26*AD26/100 -> 0
D27: ж/бетон | E27: 160 | G27: =E27*F27/100 -> 0 | H27: 160 | J27: =H27*I27/100 -> 0 | K27: 160 | M27: =K27*L27/100 -> 0 | N27: 160 | P27: =N27*O27/100 -> 0 | Q27: 160 | S27: =Q27*R27/100 -> 0 | T27: 160 | V27: =T27*U27/100 -> 0 | W27: 160 | Y27: =W27*X27/100 -> 0 | Z27: 160 | AB27: =Z27*AA27/100 -> 0 | AC27: 160 | AE27: =AC27*AD27/100 -> 0
A28: КЛЭП | B28: 220 | C28: - | D28: - | E28: 3000 | G28: =E28*F28/100 -> 0 | H28: 3000 | J28: =H28*I28/100 -> 0 | K28: 3000 | M28: =K28*L28/100 -> 0 | N28: 3000 | P28: =N28*O28/100 -> 0 | Q28: 3000 | S28: =Q28*R28/100 -> 0 | T28: 3000 | V28: =T28*U28/100 -> 0 | W28: 3000 | Y28: =W28*X28/100 -> 0 | Z28: 3000 | AB28: =Z28*AA28/100 -> 0 | AC28: 3000 | AE28: =AC28*AD28/100 -> 0
B29: 110 | C29: - | D29: - | E29: 2300 | G29: =E29*F29/100 -> 0 | H29: 2300 | J29: =H29*I29/100 -> 0 | K29: 2300 | M29: =K29*L29/100 -> 0 | N29: 2300 | P29: =N29*O29/100 -> 0 | Q29: 2300 | S29: =Q29*R29/100 -> 0 | T29: 2300 | V29: =T29*U29/100 -> 0 | W29: 2300 | Y29: =W29*X29/100 -> 0 | Z29: 2300 | AB29: =Z29*AA29/100 -> 0 | AC29: 2300 | AE29: =AC29*AD29/100 -> 0
A30: ВН, всего | G30: =SUM(G10:G29) -> 0 | J30: =SUM(J10:J29) -> 0 | M30: =SUM(M10:M29) -> 0 | P30: =SUM(P10:P29) -> 0 | S30: =SUM(S10:S29) -> 0 | V30: =SUM(V10:V29) -> 0 | Y30: =SUM(Y10:Y29) -> 0 | AB30: =SUM(AB10:AB29) -> 0 | AE30: =SUM(AE10:AE29) -> 0
A31: ВЛЭП | B31: 35 | C31: 1 | D31: дерево | E31: 170 | G31: =E31*F31/100 -> 0 | H31: 170 | J31: =H31*I31/100 -> 0 | K31: 170 | M31: =K31*L31/100 -> 0 | N31: 170 | P31: =N31*O31/100 -> 0 | Q31: 170 | S31: =Q31*R31/100 -> 0 | T31: 170 | V31: =T31*U31/100 -> 0 | W31: 170 | Y31: =W31*X31/100 -> 0 | Z31: 170 | AB31: =Z31*AA31/100 -> 0 | AC31: 170 | AE31: =AC31*AD31/100 -> 0
D32: металл | E32: 140 | G32: =E32*F32/100 -> 0 | H32: 140 | J32: =H32*I32/100 -> 0 | K32: 140 | M32: =K32*L32/100 -> 0 | N32: 140 | P32: =N32*O32/100 -> 0 | Q32: 140 | S32: =Q32*R32/100 -> 0 | T32: 140 | V32: =T32*U32/100 -> 0 | W32: 140 | Y32: =W32*X32/100 -> 0 | Z32: 140 | AB32: =Z32*AA32/100 -> 0 | AC32: 140 | AE32: =AC32*AD32/100 -> 0
D33: ж/бетон | E33: 120 | G33: =E33*F33/100 -> 0 | H33: 120 | J33: =H33*I33/100 -> 0 | K33: 120 | M33: =K33*L33/100 -> 0 | N33: 120 | P33: =N33*O33/100 -> 0 | Q33: 120 | S33: =Q33*R33/100 -> 0 | T33: 120 | V33: =T33*U33/100 -> 0 | W33: 120 | Y33: =W33*X33/100 -> 0 | Z33: 120 | AB33: =Z33*AA33/100 -> 0 | AC33: 120 | AE33: =AC33*AD33/100 -> 0
C34: 2 | D34: металл | E34: 180 | G34: =E34*F34/100 -> 0 | H34: 180 | J34: =H34*I34/100 -> 0 | K34: 180 | M34: =K34*L34/100 -> 0 | N34: 180 | P34: =N34*O34/100 -> 0 | Q34: 180 | S34: =Q34*R34/100 -> 0 | T34: 180 | V34: =T34*U34/100 -> 0 | W34: 180 | Y34: =W34*X34/100 -> 0 | Z34: 180 | AB34: =Z34*AA34/100 -> 0 | AC34: 180 | AE34: =AC34*AD34/100 -> 0
D35: ж/бетон | E35: 150 | G35: =E35*F35/100 -> 0 | H35: 150 | J35: =H35*I35/100 -> 0 | K35: 150 | M35: =K35*L35/100 -> 0 | N35: 150 | P35: =N35*O35/100 -> 0 | Q35: 150 | S35: =Q35*R35/100 -> 0 | T35: 150 | V35: =T35*U35/100 -> 0 | W35: 150 | Y35: =W35*X35/100 -> 0 | Z35: 150 | AB35: =Z35*AA35/100 -> 0 | AC35: 150 | AE35: =AC35*AD35/100 -> 0
B36: 1 - 20 | C36: - | D36: дерево | E36: 160 | G36: =E36*F36/100 -> 0 | H36: 160 | J36: =H36*I36/100 -> 0 | K36: 160 | M36: =K36*L36/100 -> 0 | N36: 160 | P36: =N36*O36/100 -> 0 | Q36: 160 | S36: =Q36*R36/100 -> 0 | T36: 160 | V36: =T36*U36/100 -> 0 | W36: 160 | Y36: =W36*X36/100 -> 0 | Z36: 160 | AB36: =Z36*AA36/100 -> 0 | AC36: 160 | AE36: =AC36*AD36/100 -> 0
D37: дерево на ж/б пасынках | E37: 140 | F37: ='[6]ЛЭП 12.2018'!$Q$12 -> 7.031 | G37: =E37*F37/100 -> 9.8434 | H37: 140 | I37: 7.031 | J37: =H37*I37/100 -> 9.8434 | K37: 140 | L37: 4.6 | M37: =K37*L37/100 -> 6.44 | N37: 140 | O37: 4.6 | P37: =N37*O37/100 -> 6.44 | Q37: 140 | R37: =F37 -> 7.031 | S37: =Q37*R37/100 -> 9.8434 | T37: 140 | U37: =I37 -> 7.031 | V37: =T37*U37/100 -> 9.8434 | W37: 140 | X37: =U37 -> 7.031 | Y37: =W37*X37/100 -> 9.8434 | Z37: 140 | AA37: =X37 -> 7.031 | AB37: =Z37*AA37/100 -> 9.8434 | AC37: 140 | AD37: =AA37 -> 7.031 | AE37: =AC37*AD37/100 -> 9.8434
D38: ж/бетон, металл | E38: 110 | F38: ='[6]ЛЭП 12.2018'!$Q$11-'[6]ЛЭП 12.2018'!$F$107 -> 48.255 | G38: =E38*F38/100 -> 53.0805 | H38: 110 | I38: =49.118+0.085 -> 49.203 | J38: =H38*I38/100 -> 54.1233 | K38: 110 | L38: 49.301 | M38: =K38*L38/100 -> 54.2311 | N38: 110 | O38: =[7]ЛЭП!$F$139-O37 -> 51.271 | P38: =N38*O38/100 -> 56.3981 | Q38: 110 | R38: ='[6]ЛЭП 12.2018'!$Q$11 -> 49.118 | S38: =Q38*R38/100 -> 54.0298 | T38: 110 | U38: =I38 -> 49.203 | V38: =T38*U38/100 -> 54.1233 | W38: 110 | X38: =U38 -> 49.203 | Y38: =W38*X38/100 -> 54.1233 | Z38: 110 | AA38: =X38 -> 49.203 | AB38: =Z38*AA38/100 -> 54.1233 | AC38: 110 | AD38: =AA38 -> 49.203 | AE38: =AC38*AD38/100 -> 54.1233
A39: КЛЭП | B39: 20 -35 | C39: - | D39: - | E39: 470 | G39: =E39*F39/100 -> 0 | H39: 470 | J39: =H39*I39/100 -> 0 | K39: 470 | M39: =K39*L39/100 -> 0 | N39: 470 | P39: =N39*O39/100 -> 0 | Q39: 470 | S39: =Q39*R39/100 -> 0 | T39: 470 | V39: =T39*U39/100 -> 0 | W39: 470 | Y39: =W39*X39/100 -> 0 | Z39: 470 | AB39: =Z39*AA39/100 -> 0 | AC39: 470 | AE39: =AC39*AD39/100 -> 0
B40: 3 - 10 | C40: - | D40: - | E40: 350 | F40: ='[6]ЛЭП 12.2018'!$F$93 -> 3.153 | G40: =E40*F40/100 -> 11.0355 | H40: 350 | I40: 3.153 | J40: =H40*I40/100 -> 11.0355 | K40: 350 | L40: 3.153 | M40: =K40*L40/100 -> 11.0355 | N40: 350 | O40: 3.763 | P40: =N40*O40/100 -> 13.1705 | Q40: 350 | R40: =F40 -> 3.153 | S40: =Q40*R40/100 -> 11.0355 | T40: 350 | U40: =I40 -> 3.153 | V40: =T40*U40/100 -> 11.0355 | W40: 350 | X40: =U40 -> 3.153 | Y40: =W40*X40/100 -> 11.0355 | Z40: 350 | AA40: =X40 -> 3.153 | AB40: =Z40*AA40/100 -> 11.0355 | AC40: 350 | AD40: =AA40 -> 3.153 | AE40: =AC40*AD40/100 -> 11.0355
A41: СН, всего | G41: =G42+G43 -> 73.9594 | J41: =J42+J43 -> 75.0022 | M41: =M42+M43 -> 71.7066 | P41: =P42+P43 -> 76.0086 | S41: =S42+S43 -> 74.9087 | V41: =V42+V43 -> 75.0022 | Y41: =Y42+Y43 -> 75.0022 | AB41: =AB42+AB43 -> 75.0022 | AE41: =AE42+AE43 -> 75.0022
B42: в т.ч. СН1 (35 кВ) | G42: =G31+G32+G33+G34+G35+G39 -> 0 | J42: =J31+J32+J33+J34+J35+J39 -> 0 | M42: =M31+M32+M33+M34+M35+M39 -> 0 | P42: =P31+P32+P33+P34+P35+P39 -> 0 | S42: =S31+S32+S33+S34+S35+S39 -> 0 | V42: =V31+V32+V33+V34+V35+V39 -> 0 | Y42: =Y31+Y32+Y33+Y34+Y35+Y39 -> 0 | AB42: =AB31+AB32+AB33+AB34+AB35+AB39 -> 0 | AE42: =AE31+AE32+AE33+AE34+AE35+AE39 -> 0
B43: СН2 (1-20 кВ) | G43: =G36+G37+G38+G40 -> 73.9594 | J43: =J36+J37+J38+J40 -> 75.0022 | M43: =M36+M37+M38+M40 -> 71.7066 | P43: =P36+P37+P38+P40 -> 76.0086 | S43: =S36+S37+S38+S40 -> 74.9087 | V43: =V36+V37+V38+V40 -> 75.0022 | Y43: =Y36+Y37+Y38+Y40 -> 75.0022 | AB43: =AB36+AB37+AB38+AB40 -> 75.0022 | AE43: =AE36+AE37+AE38+AE40 -> 75.0022
A44: ВЛЭП | B44: 0,4 кВ | C44: - | D44: дерево | E44: 260 | G44: =E44*F44/100 -> 0 | H44: 260 | J44: =H44*I44/100 -> 0 | K44: 260 | M44: =K44*L44/100 -> 0 | N44: 260 | P44: =N44*O44/100 -> 0 | Q44: 260 | S44: =Q44*R44/100 -> 0 | T44: 260 | V44: =T44*U44/100 -> 0 | W44: 260 | Y44: =W44*X44/100 -> 0 | Z44: 260 | AB44: =Z44*AA44/100 -> 0 | AC44: 260 | AE44: =AC44*AD44/100 -> 0
D45: дерево на ж/б пасынках | E45: 220 | F45: ='[6]ЛЭП 12.2018'!$Q$16 -> 65.03125 | G45: =E45*F45/100 -> 143.06875 | H45: 220 | I45: 65.03125 | J45: =H45*I45/100 -> 143.06875 | K45: 220 | L45: 55.8999 | M45: =K45*L45/100 -> 122.97978 | N45: 220 | O45: =L45 -> 55.8999 | P45: =N45*O45/100 -> 122.97978 | Q45: 220 | R45: =F45 -> 65.03125 | S45: =Q45*R45/100 -> 143.06875 | T45: 220 | U45: =I45 -> 65.03125 | V45: =T45*U45/100 -> 143.06875 | W45: 220 | X45: =U45 -> 65.03125 | Y45: =W45*X45/100 -> 143.06875 | Z45: 220 | AA45: =X45 -> 65.03125 | AB45: =Z45*AA45/100 -> 143.06875 | AC45: 220 | AD45: =AA45 -> 65.03125 | AE45: =AC45*AD45/100 -> 143.06875
D46: ж/бетон, металл | E46: 150 | F46: ='[6]ЛЭП 12.2018'!$Q$15-'[6]ЛЭП 12.2018'!$G$106 -> 146.94615 | G46: =E46*F46/100 -> 220.41923 | H46: 150 | I46: =147.09915+0.549 -> 147.64815 | J46: =H46*I46/100 -> 221.47223 | K46: 150 | L46: 162.38 | M46: =K46*L46/100 -> 243.57 | N46: 150 | O46: =[7]ЛЭП!$H$139-O45 -> 162.2645 | P46: =N46*O46/100 -> 243.39675 | Q46: 150 | R46: ='[6]ЛЭП 12.2018'!$Q$15 -> 147.09915 | S46: =Q46*R46/100 -> 220.64873 | T46: 150 | U46: =I46 -> 147.64815 | V46: =T46*U46/100 -> 221.47223 | W46: 150 | X46: =U46 -> 147.64815 | Y46: =W46*X46/100 -> 221.47223 | Z46: 150 | AA46: =X46 -> 147.64815 | AB46: =Z46*AA46/100 -> 221.47223 | AC46: 150 | AD46: =AA46 -> 147.64815 | AE46: =AC46*AD46/100 -> 221.47223
A47: КЛЭП | B47: до 1 кВ | C47: - | D47: - | E47: 270 | F47: ='[6]ЛЭП 12.2018'!$G$93 -> 13.16 | G47: =E47*F47/100 -> 35.532 | H47: 270 | I47: 13.16 | J47: =H47*I47/100 -> 35.532 | K47: 270 | L47: 13.223 | M47: =K47*L47/100 -> 35.7021 | N47: 270 | O47: =[7]ЛЭП!$H$100 -> 13.161 | P47: =N47*O47/100 -> 35.5347 | Q47: 270 | R47: =F47 -> 13.16 | S47: =Q47*R47/100 -> 35.532 | T47: 270 | U47: =I47 -> 13.16 | V47: =T47*U47/100 -> 35.532 | W47: 270 | X47: =U47 -> 13.16 | Y47: =W47*X47/100 -> 35.532 | Z47: 270 | AA47: =X47 -> 13.16 | AB47: =Z47*AA47/100 -> 35.532 | AC47: 270 | AD47: =AA47 -> 13.16 | AE47: =AC47*AD47/100 -> 35.532
A48: НН, всего | G48: =SUM(G44:G47) -> 399.01998 | J48: =SUM(J44:J47) -> 400.07298 | M48: =SUM(M44:M47) -> 402.25188 | P48: =SUM(P44:P47) -> 401.91123 | S48: =SUM(S44:S47) -> 399.24948 | V48: =SUM(V44:V47) -> 400.07298 | Y48: =SUM(Y44:Y47) -> 400.07298 | AB48: =SUM(AB44:AB47) -> 400.07298 | AE48: =SUM(AE44:AE47) -> 400.07298
G49: =G48+G41 -> 472.97938 | J49: =J48+J41 -> 475.07518 | M49: =M48+M41 -> 473.95848 | P49: =P48+P41 -> 477.91983 | S49: =S48+S41 -> 474.15818 | AE49: 3
A50: Примечание: при расчете условных единиц протяженность ВЛЭП-0,4 кВ от линии до ввода в здание и кабельные вводы не учитываются. | R50: =SUM(R37:R40) -> 59.302 | U50: =SUM(U37:U40) -> 59.387
R51: =SUM(R44:R47) -> 225.2904 | U51: =SUM(U45:U47) -> 225.8394
R52: =R50+R51 -> 284.5924 | U52: =U50+U51 -> 285.2264

Sheet 2.2
A3: Объем подстанций 35-1150 кВ, трансформаторных подстанций (ТП), комплексных трансформаторных подстанций (КТП) и распределительных пунктов(РП) 0,4-20 кВ в условных единицах. | AE3: Таблица № 2.2
F4: ФАКТ 2018 | I4: ФАКТ 2019 | L4: ПЛАН 2019 | O4: 2020 предпр. | R4: 2020 РЭК | U4: 2021 | X4: 2022 | AA4: 2023 | AD4: 2024
A5: п/п | B5: Наименование | C5: Единица измерения | D5: Напряжение, кВ | E5: Количество условных единиц (у) на единицу измерения | F5: Количество единиц измерения | G5: Объем условных единиц | H5: Количество условных единиц (у) на единицу измерения | I5: Количество единиц измерения | J5: Объем условных единиц | K5: Количество условных единиц (у) на единицу измерения | L5: Количество единиц измерения | M5: Объем условных единиц | N5: Количество условных единиц (у) на единицу измерения | O5: Количество единиц измерения | P5: Объем условных единиц | Q5: Количество условных единиц (у) на единицу измерения | R5: Количество единиц измерения | S5: Объем условных единиц | T5: Количество условных единиц (у) на единицу измерения | U5: Количество единиц измерения | V5: Объем условных единиц | W5: Количество условных единиц (у) на единицу измерения | X5: Количество единиц измерения | Y5: Объем условных единиц | Z5: Количество условных единиц (у) на единицу измерения | AA5: Количество единиц измерения | AB5: Объем условных единиц | AC5: Количество условных единиц (у) на единицу измерения | AD5: Количество единиц измерения | AE5: Объем условных единиц
E6: у/ед.изм. | F6: ед.изм. | G6: у | H6: у/ед.изм. | I6: ед.изм. | J6: у | K6: у/ед.изм. | L6: ед.изм. | M6: у | N6: у/ед.изм. | O6: ед.изм. | P6: у | Q6: у/ед.изм. | R6: ед.изм. | S6: у | T6: у/ед.изм. | U6: ед.изм. | V6: у | W6: у/ед.изм. | X6: ед.изм. | Y6: у | Z6: у/ед.изм. | AA6: ед.изм. | AB6: у | AC6: у/ед.изм. | AD6: ед.изм. | AE6: у
A7: 1 | B7: =+A7+1 -> 2 | C7: =+B7+1 -> 3 | D7: =+C7+1 -> 4 | E7: =+D7+1 -> 5 | F7: =+E7+1 -> 6 | G7: 7=5*6 | H7: 5 | I7: 6 | J7: 7=5*6 | K7: 5 | L7: 6 | M7: 7=5*6 | N7: 5 | O7: 6 | P7: 7=5*6 | Q7: 5 | R7: 6 | S7: 7=5*6 | T7: 5 | U7: 6 | V7: 7=5*6 | W7: 5 | X7: 6 | Y7: 7=5*6 | Z7: 5 | AA7: 6 | AB7: 7=5*6 | AC7: 5 | AD7: 6 | AE7: 7=5*6
A8: 1 | B8: Подстанция | C8: П/ст | D8: 220 | E8: 210 | G8: =E8*F8 -> 0 | H8: 210 | J8: =H8*I8 -> 0 | K8: 210 | M8: =K8*L8 -> 0 | N8: 210 | P8: =N8*O8 -> 0 | Q8: 210 | S8: =Q8*R8 -> 0 | T8: 210 | V8: =T8*U8 -> 0 | W8: 210 | Y8: =W8*X8 -> 0 | Z8: 210 | AB8: =Z8*AA8 -> 0 | AC8: 210 | AE8: =AC8*AD8 -> 0
D9: 110 - 150 | E9: 105 | G9: =E9*F9 -> 0 | H9: 105 | J9: =H9*I9 -> 0 | K9: 105 | M9: =K9*L9 -> 0 | N9: 105 | P9: =N9*O9 -> 0 | Q9: 105 | S9: =Q9*R9 -> 0 | T9: 105 | V9: =T9*U9 -> 0 | W9: 105 | Y9: =W9*X9 -> 0 | Z9: 105 | AB9: =Z9*AA9 -> 0 | AC9: 105 | AE9: =AC9*AD9 -> 0
D10: 35 | E10: 75 | G10: =E10*F10 -> 0 | H10: 75 | J10: =H10*I10 -> 0 | K10: 75 | M10: =K10*L10 -> 0 | N10: 75 | P10: =N10*O10 -> 0 | Q10: 75 | S10: =Q10*R10 -> 0 | T10: 75 | V10: =T10*U10 -> 0 | W10: 75 | Y10: =W10*X10 -> 0 | Z10: 75 | AB10: =Z10*AA10 -> 0 | AC10: 75 | AE10: =AC10*AD10 -> 0
A11: 2 | B11: Силовой трансформатор или реактор (одно- или трехфазный), или вольтодобавочный трансформатор | C11: Единица оборудования | D11: 220 | E11: 14 | G11: =E11*F11 -> 0 | H11: 14 | J11: =H11*I11 -> 0 | K11: 14 | M11: =K11*L11 -> 0 | N11: 14 | P11: =N11*O11 -> 0 | Q11: 14 | S11: =Q11*R11 -> 0 | T11: 14 | V11: =T11*U11 -> 0 | W11: 14 | Y11: =W11*X11 -> 0 | Z11: 14 | AB11: =Z11*AA11 -> 0 | AC11: 14 | AE11: =AC11*AD11 -> 0
D12: 110 - 150 | E12: 7.8 | G12: =E12*F12 -> 0 | H12: 7.8 | J12: =H12*I12 -> 0 | K12: 7.8 | M12: =K12*L12 -> 0 | N12: 7.8 | P12: =N12*O12 -> 0 | Q12: 7.8 | S12: =Q12*R12 -> 0 | T12: 7.8 | V12: =T12*U12 -> 0 | W12: 7.8 | Y12: =W12*X12 -> 0 | Z12: 7.8 | AB12: =Z12*AA12 -> 0 | AC12: 7.8 | AE12: =AC12*AD12 -> 0
D13: 35 | E13: 2.1 | G13: =E13*F13 -> 0 | H13: 2.1 | J13: =H13*I13 -> 0 | K13: 2.1 | M13: =K13*L13 -> 0 | N13: 2.1 | P13: =N13*O13 -> 0 | Q13: 2.1 | S13: =Q13*R13 -> 0 | T13: 2.1 | V13: =T13*U13 -> 0 | W13: 2.1 | Y13: =W13*X13 -> 0 | Z13: 2.1 | AB13: =Z13*AA13 -> 0 | AC13: 2.1 | AE13: =AC13*AD13 -> 0
D14: 1 - 20 | E14: 1 | G14: =E14*F14 -> 0 | H14: 1 | J14: =H14*I14 -> 0 | K14: 1 | M14: =K14*L14 -> 0 | N14: 1 | P14: =N14*O14 -> 0 | Q14: 1 | S14: =Q14*R14 -> 0 | T14: 1 | V14: =T14*U14 -> 0 | W14: 1 | Y14: =W14*X14 -> 0 | Z14: 1 | AB14: =Z14*AA14 -> 0 | AC14: 1 | AE14: =AC14*AD14 -> 0
A15: 3 | B15: Воздушный выключатель | C15: 3 фазы | D15: 220 | E15: 43 | G15: =E15*F15 -> 0 | H15: 43 | J15: =H15*I15 -> 0 | K15: 43 | M15: =K15*L15 -> 0 | N15: 43 | P15: =N15*O15 -> 0 | Q15: 43 | S15: =Q15*R15 -> 0 | T15: 43 | V15: =T15*U15 -> 0 | W15: 43 | Y15: =W15*X15 -> 0 | Z15: 43 | AB15: =Z15*AA15 -> 0 | AC15: 43 | AE15: =AC15*AD15 -> 0
D16: 110 - 150 | E16: 26 | G16: =E16*F16 -> 0 | H16: 26 | J16: =H16*I16 -> 0 | K16: 26 | M16: =K16*L16 -> 0 | N16: 26 | P16: =N16*O16 -> 0 | Q16: 26 | S16: =Q16*R16 -> 0 | T16: 26 | V16: =T16*U16 -> 0 | W16: 26 | Y16: =W16*X16 -> 0 | Z16: 26 | AB16: =Z16*AA16 -> 0 | AC16: 26 | AE16: =AC16*AD16 -> 0
D17: 35 | E17: 11 | G17: =E17*F17 -> 0 | H17: 11 | J17: =H17*I17 -> 0 | K17: 11 | M17: =K17*L17 -> 0 | N17: 11 | P17: =N17*O17 -> 0 | Q17: 11 | S17: =Q17*R17 -> 0 | T17: 11 | V17: =T17*U17 -> 0 | W17: 11 | Y17: =W17*X17 -> 0 | Z17: 11 | AB17: =Z17*AA17 -> 0 | AC17: 11 | AE17: =AC17*AD17 -> 0
D18: 1 - 20 | E18: 5.5 | G18: =E18*F18 -> 0 | H18: 5.5 | J18: =H18*I18 -> 0 | K18: 5.5 | M18: =K18*L18 -> 0 | N18: 5.5 | P18: =N18*O18 -> 0 | Q18: 5.5 | S18: =Q18*R18 -> 0 | T18: 5.5 | V18: =T18*U18 -> 0 | W18: 5.5 | Y18: =W18*X18 -> 0 | Z18: 5.5 | AB18: =Z18*AA18 -> 0 | AC18: 5.5 | AE18: =AC18*AD18 -> 0
A19: 4 | B19: Масляный выключатель | C19: - " - | D19: 220 | E19: 23 | G19: =E19*F19 -> 0 | H19: 23 | J19: =H19*I19 -> 0 | K19: 23 | M19: =K19*L19 -> 0 | N19: 23 | P19: =N19*O19 -> 0 | Q19: 23 | S19: =Q19*R19 -> 0 | T19: 23 | V19: =T19*U19 -> 0 | W19: 23 | Y19: =W19*X19 -> 0 | Z19: 23 | AB19: =Z19*AA19 -> 0 | AC19: 23 | AE19: =AC19*AD19 -> 0
D20: 110 - 150 | E20: 14 | G20: =E20*F20 -> 0 | H20: 14 | J20: =H20*I20 -> 0 | K20: 14 | M20: =K20*L20 -> 0 | N20: 14 | P20: =N20*O20 -> 0 | Q20: 14 | S20: =Q20*R20 -> 0 | T20: 14 | V20: =T20*U20 -> 0 | W20: 14 | Y20: =W20*X20 -> 0 | Z20: 14 | AB20: =Z20*AA20 -> 0 | AC20: 14 | AE20: =AC20*AD20 -> 0
D21: 35 | E21: 6.4 | G21: =E21*F21 -> 0 | H21: 6.4 | J21: =H21*I21 -> 0 | K21: 6.4 | M21: =K21*L21 -> 0 | N21: 6.4 | P21: =N21*O21 -> 0 | Q21: 6.4 | S21: =Q21*R21 -> 0 | T21: 6.4 | V21: =T21*U21 -> 0 | W21: 6.4 | Y21: =W21*X21 -> 0 | Z21: 6.4 | AB21: =Z21*AA21 -> 0 | AC21: 6.4 | AE21: =AC21*AD21 -> 0
D22: 1 - 20 | E22: 3.1 | F22: 32 | G22: =E22*F22 -> 99.2 | H22: 3.1 | I22: 32 | J22: =H22*I22 -> 99.2 | K22: 3.1 | L22: 27 | M22: =K22*L22 -> 83.7 | N22: 3.1 | O22: 30 | P22: =N22*O22 -> 93 | Q22: 3.1 | R22: 32 | S22: =Q22*R22 -> 99.2 | T22: 3.1 | U22: 32 | V22: =T22*U22 -> 99.2 | W22: 3.1 | X22: =U22 -> 32 | Y22: =W22*X22 -> 99.2 | Z22: 3.1 | AA22: =X22 -> 32 | AB22: =Z22*AA22 -> 99.2 | AC22: 3.1 | AD22: =AA22 -> 32 | AE22: =AC22*AD22 -> 99.2
A23: 5 | B23: Отделитель с короткозамыкателем | C23: Единица оборудования | D23: 220 | E23: 19 | G23: =E23*F23 -> 0 | H23: 19 | J23: =H23*I23 -> 0 | K23: 19 | M23: =K23*L23 -> 0 | N23: 19 | P23: =N23*O23 -> 0 | Q23: 19 | S23: =Q23*R23 -> 0 | T23: 19 | V23: =T23*U23 -> 0 | W23: 19 | Y23: =W23*X23 -> 0 | Z23: 19 | AB23: =Z23*AA23 -> 0 | AC23: 19 | AE23: =AC23*AD23 -> 0
D24: 110 - 150 | E24: 9.5 | G24: =E24*F24 -> 0 | H24: 9.5 | J24: =H24*I24 -> 0 | K24: 9.5 | M24: =K24*L24 -> 0 | N24: 9.5 | P24: =N24*O24 -> 0 | Q24: 9.5 | S24: =Q24*R24 -> 0 | T24: 9.5 | V24: =T24*U24 -> 0 | W24: 9.5 | Y24: =W24*X24 -> 0 | Z24: 9.5 | AB24: =Z24*AA24 -> 0 | AC24: 9.5 | AE24: =AC24*AD24 -> 0
D25: 35 | E25: 4.7 | G25: =E25*F25 -> 0 | H25: 4.7 | J25: =H25*I25 -> 0 | K25: 4.7 | M25: =K25*L25 -> 0 | N25: 4.7 | P25: =N25*O25 -> 0 | Q25: 4.7 | S25: =Q25*R25 -> 0 | T25: 4.7 | V25: =T25*U25 -> 0 | W25: 4.7 | Y25: =W25*X25 -> 0 | Z25: 4.7 | AB25: =Z25*AA25 -> 0 | AC25: 4.7 | AE25: =AC25*AD25 -> 0
A26: 6 | B26: Выключатель нагрузки | C26: - " - | D26: 1 - 20 | E26: 2.3 | F26: 106 | G26: =E26*F26 -> 243.8 | H26: 2.3 | I26: 106 | J26: =H26*I26 -> 243.8 | K26: 2.3 | L26: 41 | M26: =K26*L26 -> 94.3 | N26: 2.3 | O26: 138 | P26: =N26*O26 -> 317.4 | Q26: 2.3 | R26: 106 | S26: =Q26*R26 -> 243.8 | T26: 2.3 | U26: 106 | V26: =T26*U26 -> 243.8 | W26: 2.3 | X26: =U26 -> 106 | Y26: =W26*X26 -> 243.8 | Z26: 2.3 | AA26: =X26 -> 106 | AB26: =Z26*AA26 -> 243.8 | AC26: 2.3 | AD26: =AA26 -> 106 | AE26: =AC26*AD26 -> 243.8
A27: 7 | B27: Синхронный компенсатор мощн. 50 Мвар | C27: - " - | D27: 1 - 20 | E27: 26 | G27: =E27*F27 -> 0 | H27: 26 | J27: =H27*I27 -> 0 | K27: 26 | M27: =K27*L27 -> 0 | N27: 26 | P27: =N27*O27 -> 0 | Q27: 26 | S27: =Q27*R27 -> 0 | T27: 26 | V27: =T27*U27 -> 0 | W27: 26 | Y27: =W27*X27 -> 0 | Z27: 26 | AB27: =Z27*AA27 -> 0 | AC27: 26 | AE27: =AC27*AD27 -> 0
A28: 8 | B28: То же, 50 Мвар и более | C28: - " - | D28: 1 - 20 | E28: 48 | G28: =E28*F28 -> 0 | H28: 48 | J28: =H28*I28 -> 0 | K28: 48 | M28: =K28*L28 -> 0 | N28: 48 | P28: =N28*O28 -> 0 | Q28: 48 | S28: =Q28*R28 -> 0 | T28: 48 | V28: =T28*U28 -> 0 | W28: 48 | Y28: =W28*X28 -> 0 | Z28: 48 | AB28: =Z28*AA28 -> 0 | AC28: 48 | AE28: =AC28*AD28 -> 0
A29: 9 | B29: Статические конденсаторы | C29: 100 конд. | D29: 35 | E29: 2.4 | G29: =E29*F29 -> 0 | H29: 2.4 | J29: =H29*I29 -> 0 | K29: 2.4 | M29: =K29*L29 -> 0 | N29: 2.4 | P29: =N29*O29 -> 0 | Q29: 2.4 | S29: =Q29*R29 -> 0 | T29: 2.4 | V29: =T29*U29 -> 0 | W29: 2.4 | Y29: =W29*X29 -> 0 | Z29: 2.4 | AB29: =Z29*AA29 -> 0 | AC29: 2.4 | AE29: =AC29*AD29 -> 0
D30: 1 - 20 | E30: 2.4 | G30: =E30*F30 -> 0 | H30: 2.4 | J30: =H30*I30 -> 0 | K30: 2.4 | M30: =K30*L30 -> 0 | N30: 2.4 | P30: =N30*O30 -> 0 | Q30: 2.4 | S30: =Q30*R30 -> 0 | T30: 2.4 | V30: =T30*U30 -> 0 | W30: 2.4 | Y30: =W30*X30 -> 0 | Z30: 2.4 | AB30: =Z30*AA30 -> 0 | AC30: 2.4 | AE30: =AC30*AD30 -> 0
A31: 10 | B31: Мачтовая (столбовая) ТП | C31: ТП | D31: 1 - 20 | E31: 2.5 | F31: 23 | G31: =E31*F31 -> 57.5 | H31: 2.5 | I31: 25 | J31: =H31*I31 -> 62.5 | K31: 2.5 | L31: 25 | M31: =K31*L31 -> 62.5 | N31: 2.5 | O31: 24 | P31: =N31*O31 -> 60 | Q31: 2.5 | R31: 24 | S31: =Q31*R31 -> 60 | T31: 2.5 | U31: 25 | V31: =T31*U31 -> 62.5 | W31: 2.5 | X31: =U31 -> 25 | Y31: =W31*X31 -> 62.5 | Z31: 2.5 | AA31: =X31 -> 25 | AB31: =Z31*AA31 -> 62.5 | AC31: 2.5 | AD31: =AA31 -> 25 | AE31: =AC31*AD31 -> 62.5
A32: 11 | B32: Однотрансфор-маторная ТП, КТП | C32: ТП, КТП | D32: 1 - 20 | E32: 2.3 | F32: 45 | G32: =E32*F32 -> 103.5 | H32: 2.3 | I32: 45 | J32: =H32*I32 -> 103.5 | K32: 2.3 | L32: 42 | M32: =K32*L32 -> 96.6 | N32: 2.3 | O32: 45 | P32: =N32*O32 -> 103.5 | Q32: 2.3 | R32: 45 | S32: =Q32*R32 -> 103.5 | T32: 2.3 | U32: 45 | V32: =T32*U32 -> 103.5 | W32: 2.3 | X32: =U32 -> 45 | Y32: =W32*X32 -> 103.5 | Z32: 2.3 | AA32: =X32 -> 45 | AB32: =Z32*AA32 -> 103.5 | AC32: 2.3 | AD32: =AA32 -> 45 | AE32: =AC32*AD32 -> 103.5
A33: 12 | B33: Двухтрансформаторная ТП, КТП | C33: ТП, КТП | D33: 1 - 20 | E33: 3 | F33: 11 | G33: =E33*F33 -> 33 | H33: 3 | I33: 11 | J33: =H33*I33 -> 33 | K33: 3 | L33: 12 | M33: =K33*L33 -> 36 | N33: 3 | O33: 11 | P33: =N33*O33 -> 33 | Q33: 3 | R33: 11 | S33: =Q33*R33 -> 33 | T33: 3 | U33: 11 | V33: =T33*U33 -> 33 | W33: 3 | X33: =U33 -> 11 | Y33: =W33*X33 -> 33 | Z33: 3 | AA33: =X33 -> 11 | AB33: =Z33*AA33 -> 33 | AC33: 3 | AD33: =AA33 -> 11 | AE33: =AC33*AD33 -> 33
A34: 13 | B34: Однотрансфор-маторная подстанция 34/0,4 кВ | C34: п/ст | D34: 35 | E34: 3.5 | G34: =E34*F34 -> 0 | H34: 3.5 | J34: =H34*I34 -> 0 | K34: 3.5 | M34: =K34*L34 -> 0 | N34: 3.5 | P34: =N34*O34 -> 0 | Q34: 3.5 | S34: =Q34*R34 -> 0 | T34: 3.5 | V34: =T34*U34 -> 0 | W34: 3.5 | Y34: =W34*X34 -> 0 | Z34: 3.5 | AB34: =Z34*AA34 -> 0 | AC34: 3.5 | AE34: =AC34*AD34 -> 0
A35: 14. | B35: Итого | D35: ВН | E35: - | F35: - | G35: =G8+G11+G15+G19+G23+G9+G12+G16+G20+G24 -> 0 | H35: - | I35: - | J35: =J8+J11+J15+J19+J23+J9+J12+J16+J20+J24 -> 0 | K35: - | L35: - | M35: =M8+M11+M15+M19+M23+M9+M12+M16+M20+M24 -> 0 | N35: - | O35: - | P35: =P8+P11+P15+P19+P23+P9+P12+P16+P20+P24 -> 0 | Q35: - | R35: - | S35: =S8+S11+S15+S19+S23+S9+S12+S16+S20+S24 -> 0 | T35: - | U35: - | V35: =V8+V11+V15+V19+V23+V9+V12+V16+V20+V24 -> 0 | W35: - | X35: - | Y35: =Y8+Y11+Y15+Y19+Y23+Y9+Y12+Y16+Y20+Y24 -> 0 | Z35: - | AA35: - | AB35: =AB8+AB11+AB15+AB19+AB23+AB9+AB12+AB16+AB20+AB24 -> 0 | AC35: - | AD35: - | AE35: =AE8+AE11+AE15+AE19+AE23+AE9+AE12+AE16+AE20+AE24 -> 0
D36: СН1 | E36: - | F36: - | G36: =G10+G13+G17+G21+G25+G29+G34 -> 0 | H36: - | I36: - | J36: =J10+J13+J17+J21+J25+J29+J34 -> 0 | K36: - | L36: - | M36: =M10+M13+M17+M21+M25+M29+M34 -> 0 | N36: - | O36: - | P36: =P10+P13+P17+P21+P25+P29+P34 -> 0 | Q36: - | R36: - | S36: =S10+S13+S17+S21+S25+S29+S34 -> 0 | T36: - | U36: - | V36: =V10+V13+V17+V21+V25+V29+V34 -> 0 | W36: - | X36: - | Y36: =Y10+Y13+Y17+Y21+Y25+Y29+Y34 -> 0 | Z36: - | AA36: - | AB36: =AB10+AB13+AB17+AB21+AB25+AB29+AB34 -> 0 | AC36: - | AD36: - | AE36: =AE10+AE13+AE17+AE21+AE25+AE29+AE34 -> 0
D37: СН2 | E37: - | F37: - | G37: =SUM(G8:G34)-G35-G36 -> 537 | H37: - | I37: - | J37: =SUM(J8:J34)-J35-J36 -> 542 | K37: - | L37: - | M37: =SUM(M8:M34)-M35-M36 -> 373.1 | N37: - | O37: - | P37: =SUM(P8:P34)-P35-P36 -> 606.9 | Q37: - | R37: - | S37: =SUM(S8:S34)-S35-S36 -> 539.5 | T37: - | U37: - | V37: =SUM(V8:V34)-V35-V36 -> 542 | W37: - | X37: - | Y37: =SUM(Y8:Y34)-Y35-Y36 -> 542 | Z37: - | AA37: - | AB37: =SUM(AB8:AB34)-AB35-AB36 -> 542 | AC37: - | AD37: - | AE37: =SUM(AE8:AE34)-AE35-AE36 -> 542
A38: Примечания: | F38: =F31+F32+F33 -> 79 | O38: =O31+O32+O33 -> 80 | R38: =R31+R32+R33 -> 80 | AE38: 4
A39: Условные единицы электрооборудования понизительных подстанций относятся на уровень высшего (первичного) напряжения подстанций
A40: Условные единицы по п 2 "Силовые трансформаторы 1-20 кВ" определяются только для трансформаторов, используемых для собственных нужд подстанций 35-1150 кВ.
A41: Значение условных единиц пп.4 и 6 "Масляные выключатели 1-20 кВ" и "Выключатели нагрузки 1-20 кВ" относятся к коммутационным аппаратам, установленным в распределительных устройствах 1-20 кВ подстанций 35-1150 кВ , ТП, КТП и РП 1-20 кВ , а так же к секционирующим коммутационным аппаратам на линиях 1-20 кВ
A42: Объем РП 1-20 кВ в условных единицах определяется по количеству установленных масляных выключателей (п.4) и выключателей нагрузки (п.6). При установке в РП трансформаторов 1-20/0,4 кВ дополнительные объемы обслуживания определяются по п.11 или 12.

Sheet 1.4
B3: Баланс электрической энергии по сетям ВН, СН1, СН2 и НН | Q3: Таблица № 1.4.
C4: =IF(C12+C13-C17-C19=0,"","Не сходится поступление и отпуск") | H4: =IF(H12+H13-H17-H19=0,"","Не сходится поступление и отпуск") | M4: =IF(ROUND(M12+M13-M17-M19,2)=0,"","Не сходится поступление и отпуск") | Q4: тыс.кВтч.
A5: п.п. | B5: Показатели | C5: 2018 факт | H5: 2019 план | M5: 2020 план
C6: Всего | D6: ВН | E6: СН1 | F6: СН2 | G6: НН | H6: Всего | I6: ВН | J6: СН1 | K6: СН2 | L6: НН | M6: Всего | N6: ВН | O6: СН1 | P6: СН2 | Q6: НН
A7: 1. | B7: Поступление эл.энергии в сеть , ВСЕГО | D7: =D19+D17+E9+F9+G9 -> 0 | E7: =E19+E17+F10+G10 -> 0 | F7: =F19+F17+G11 -> 28701 | G7: =G19+G17 -> 17803.029 | I7: =I19+I17+J9+K9+L9 -> 0 | J7: =J19+J17+K10+L10 -> 0 | K7: =K19+K17+L11 -> 27162 | L7: =L19+L17 -> 17718.318 | N7: =N19+N17+O9+P9+Q9 -> 0.003563981 | O7: =O19+O17+P10+Q10 -> 0.003563981 | P7: =P19+P17+Q11 -> 28707.004 | Q7: =Q19+Q17 -> 17809.477
A8: 1.1. | B8: из собственной смежной сети, всего, в т.ч. из сети | D8: х | E8: =E7-E12-E13 -> 0 | F8: =F7-F12-F13 -> 0 | G8: =G7-G12-G13 -> 17803.029 | I8: х | J8: =J7-J12-J13 -> 0 | K8: =K7-K12-K13 -> 0 | L8: =L7-L12-L13 -> 17718.318 | N8: х | O8: =O7-O12-O13 -> 0.003563981 | P8: =P7-P12-P13 -> 0.003563981 | Q8: =Q7-Q12-Q13 -> 17809.477
B9: ВН | D9: х | E9: =E8 -> 0 | I9: х | J9: =J8 -> 0 | N9: х | O9: =O8 -> 0.003563981
B10: СН1 | D10: х | E10: х | F10: =F8-F9 -> 0 | I10: х | J10: х | K10: =K8-K9 -> 0 | N10: х | O10: х | P10: =P8-P9 -> 0.003563981
B11: СН2 | D11: х | E11: х | F11: х | G11: =G8-G9-G10 -> 17803.029 | I11: х | J11: х | K11: х | L11: =L8-L9-L10 -> 17718.318 | N11: х | O11: х | P11: х | Q11: =Q8-Q9-Q10 -> 17809.477
A12: 1.2. | B12: от электростанций | C12: =D12+E12+F12+G12 -> 0 | H12: =I12+J12+K12+L12 -> 0 | M12: =N12+O12+P12+Q12 -> 0
A13: 1.3. | B13: от сетевых организаций (указать): | C13: =D13+E13+F13+G13 -> 28701 | D13: =D14+D15+D16 -> 0 | E13: =E14+E15+E16 -> 0 | F13: =F14+F15+F16 -> 28701 | G13: =G14+G15+G16 -> 0 | H13: =I13+J13+K13+L13 -> 27162 | I13: =I14+I15+I16 -> 0 | J13: =J14+J15+J16 -> 0 | K13: =K14+K15+K16 -> 27162 | L13: =L14+L15+L16 -> 0 | M13: =N13+O13+P13+Q13 -> 28707 | N13: =N14+N15+N16 -> 0 | O13: =O14+O15+O16 -> 0 | P13: =P14+P15+P16 -> 28707 | Q13: =Q14+Q15+Q16 -> 0
A14: 1.3.1. | B14: ОАО "ФСК ЕЭС" | C14: =D14+E14+F14+G14 -> 0 | H14: =I14+J14+K14+L14 -> 0 | M14: =N14+O14+P14+Q14 -> 0
A15: 1.3.2. | B15: от филиала "Рязаньэнерго" ОАО "МРСК Центра и Приволжья" | C15: =D15+E15+F15+G15 -> 22928 | F15: 22928 | H15: =I15+J15+K15+L15 -> 22548 | K15: 22548 | M15: =N15+O15+P15+Q15 -> 22933 | P15: =22.933*1000 -> 22933
A16: 1.3.3. | B16: от других сетевых организаций | C16: =D16+E16+F16+G16 -> 5773 | F16: 5773 | H16: =I16+J16+K16+L16 -> 4614 | K16: 4614 | M16: =N16+O16+P16+Q16 -> 5774 | P16: 5774
A17: 2. | B17: Потери электроэнергии в сети | C17: =D17+E17+F17+G17 -> 6330.004 | F17: 2422.9705 | G17: 3907.0335 | H17: =I17+J17+K17+L17 -> 4555 | K17: 1583.682 | L17: 2971.318 | M17: =N17+O17+P17+Q17 -> 5640.0036 | P17: 2158.8552 | Q17: 3481.1483
B18: то же в % (п.2/п.1) | C18: =IF(C7=0,"",C17/C7) | D18: =IF(D7=0,0,D17/D7) -> 0 | E18: =IF(E7=0,0,E17/E7) -> 0 | F18: =IF(F7=0,0,F17/F7) -> 0.084421118 | G18: =IF(G7=0,0,G17/G7) -> 0.21945891 | H18: =IF(H7=0,"",H17/H7) | I18: =IF(I7=0,0,I17/I7) -> 0 | J18: =IF(J7=0,0,J17/J7) -> 0 | K18: =IF(K7=0,0,K17/K7) -> 0.05830506 | L18: =IF(L7=0,0,L17/L7) -> 0.16769752 | M18: =IF(M7=0,"",M17/M7) | N18: =IF(N7=0,0,N17/N7) -> 0 | O18: =IF(O7=0,0,O17/O7) -> 0 | P18: =IF(P7=0,0,P17/P7) -> 0.075203085 | Q18: =IF(Q7=0,0,Q17/Q7) -> 0.19546607
A19: 3. | B19: Полезный отпуск из сети | C19: =D19+E19+F19+G19 -> 22370.996 | D19: =D20+D24+D28+D29 -> 0 | E19: =E20+E24+E28+E29 -> 0 | F19: =F20+F24+F28+F29 -> 8475 | G19: =G20+G24+G28+G29 -> 13895.996 | H19: =I19+J19+K19+L19 -> 22607 | I19: =I20+I24+I28+I29 -> 0 | J19: =J20+J24+J28+J29 -> 0 | K19: =K20+K24+K28+K29 -> 7860 | L19: =L20+L24+L28+L29 -> 14747 | M19: =N19+O19+P19+Q19 -> 23067 | N19: =N20+N24+N28+N29 -> 0 | O19: =O20+O24+O28+O29 -> 0 | P19: =P20+P24+P28+P29 -> 8738.6717 | Q19: =Q20+Q24+Q28+Q29 -> 14328.328
A20: 3.1. | B20: в т.ч. потребителям сбытовых компаний розничного рынка (указать по сбытовым компаниям): | C20: =D20+E20+F20+G20 -> 22370.996 | D20: =D21+D22+D23 -> 0 | E20: =E21+E22+E23 -> 0 | F20: =F21+F22+F23 -> 8475 | G20: =G21+G22+G23 -> 13895.996 | H20: =I20+J20+K20+L20 -> 22607 | I20: =I21+I22+I23 -> 0 | J20: =J21+J22+J23 -> 0 | K20: =K21+K22+K23 -> 7860 | L20: =L21+L22+L23 -> 14747 | M20: =N20+O20+P20+Q20 -> 23067 | N20: =N21+N22+N23 -> 0 | O20: =O21+O22+O23 -> 0 | P20: =P21+P22+P23 -> 8738.6717 | Q20: =Q21+Q22+Q23 -> 14328.328
A21: 3.1.1. | B21: ОАО "РЭСК" | C21: =D21+E21+F21+G21 -> 22370.996 | F21: 8475 | G21: 13895.996 | H21: =I21+J21+K21+L21 -> 22607 | K21: 7860 | L21: 14747 | M21: =N21+O21+P21+Q21 -> 23067 | P21: 8738.6717 | Q21: 14328.328
A22: 3.1.2. | B22: ООО РГМЭК | C22: =D22+E22+F22+G22 -> 0 | H22: =I22+J22+K22+L22 -> 0 | M22: =N22+O22+P22+Q22 -> 0
A23: 3.1.3. | B23: ОАО "Оборонэнергосбыт" | C23: =D23+E23+F23+G23 -> 0 | H23: =I23+J23+K23+L23 -> 0 | M23: =N23+O23+P23+Q23 -> 0
A24: 3.2. | B24: потребителям оптового рынка (указать): | C24: =D24+E24+F24+G24 -> 0 | D24: =D25+D26+D27 -> 0 | E24: =E25+E26+E27 -> 0 | F24: =F25+F26+F27 -> 0 | G24: =G25+G26+G27 -> 0 | H24: =I24+J24+K24+L24 -> 0 | I24: =I25+I26+I27 -> 0 | J24: =J25+J26+J27 -> 0 | K24: =K25+K26+K27 -> 0 | L24: =L25+L26+L27 -> 0 | M24: =N24+O24+P24+Q24 -> 0 | N24: =N25+N26+N27 -> 0 | O24: =O25+O26+O27 -> 0 | P24: =P25+P26+P27 -> 0 | Q24: =Q25+Q26+Q27 -> 0
A25: 3.2.1. | C25: =D25+E25+F25+G25 -> 0 | H25: =I25+J25+K25+L25 -> 0 | M25: =N25+O25+P25+Q25 -> 0
A26: 3.2.2. | C26: =D26+E26+F26+G26 -> 0 | H26: =I26+J26+K26+L26 -> 0 | M26: =N26+O26+P26+Q26 -> 0
A27: 3.2.3. | C27: =D27+E27+F27+G27 -> 0 | H27: =I27+J27+K27+L27 -> 0 | M27: =N27+O27+P27+Q27 -> 0
A28: 3.3. | B28: расход электроэнергии на собственные производственные и хозяйственные нужды | C28: =D28+E28+F28+G28 -> 0 | H28: =I28+J28+K28+L28 -> 0 | M28: =N28+O28+P28+Q28 -> 0 | P28: 0
A29: 3.4. | B29: сальдо переток в другие сетевые организации (транзит, указать организации): | C29: =D29+E29+F29+G29 -> 0 | D29: =D30+D31+D32 -> 0 | E29: =E30+E31+E32 -> 0 | F29: =F30+F31+F32 -> 0 | G29: =G30+G31+G32 -> 0 | H29: =I29+J29+K29+L29 -> 0 | I29: =I30+I31+I32 -> 0 | J29: =J30+J31+J32 -> 0 | K29: =K30+K31+K32 -> 0 | L29: =L30+L31+L32 -> 0 | M29: =N29+O29+P29+Q29 -> 0 | N29: =N30+N31+N32 -> 0 | O29: =O30+O31+O32 -> 0 | P29: =P30+P31+P32 -> 0 | Q29: =Q30+Q31+Q32 -> 0
A30: 3.4.1. | C30: =D30+E30+F30+G30 -> 0 | H30: =I30+J30+K30+L30 -> 0 | M30: =N30+O30+P30+Q30 -> 0
A31: 3.4.2. | C31: =D31+E31+F31+G31 -> 0 | H31: =I31+J31+K31+L31 -> 0 | M31: =N31+O31+P31+Q31 -> 0
A32: 3.4.3. | C32: =D32+E32+F32+G32 -> 0 | H32: =I32+J32+K32+L32 -> 0 | M32: =N32+O32+P32+Q32 -> 0
A34: 4.1. | B34: Расчетное поступление в сеть для сторонних потребителей | C34: =SUM(D34:G34) -> 27059.468 | D34: =D35+D36 -> 0 | E34: =E35+E36 -> 0 | F34: =F35+F36 -> 9256.4389 | G34: =G35+G36 -> 17803.029 | H34: =SUM(I34:L34) -> 26064.97 | I34: =I35+I36 -> 0 | J34: =J35+J36 -> 0 | K34: =K35+K36 -> 8346.6521 | L34: =L35+L36 -> 17718.318 | M34: =SUM(N34:Q34) -> 27258.764 | N34: =N35+N36 -> 0 | O34: =O35+O36 -> 0 | P34: =P35+P36 -> 9449.2873 | Q34: =Q35+Q36 -> 17809.477
A35: 4.2. | B35: Потери, отнесенные на сторонних потребителей | C35: =SUM(D35:G35) -> 4688.4724 | D35: =IF((D7-D17)=0,0,D17/(D7-D17)*D36) -> 0 | E35: =IF((E7-E17)=0,0,E17/(E7-E17)*E36) -> 0 | F35: =IF((F7-F17)=0,0,F17/(F7-F17)*F36) -> 781.43892 | G35: =IF((G7-G17)=0,0,G17/(G7-G17)*G36) -> 3907.0335 | H35: =SUM(I35:L35) -> 3457.97 | I35: =IF((I7-I17)=0,0,I17/(I7-I17)*I36) -> 0 | J35: =IF((J7-J17)=0,0,J17/(J7-J17)*J36) -> 0 | K35: =IF((K7-K17)=0,0,K17/(K7-K17)*K36) -> 486.65205 | L35: =IF((L7-L17)=0,0,L17/(L7-L17)*L36) -> 2971.318 | M35: =SUM(N35:Q35) -> 4191.7639 | N35: =IF((N7-N17)=0,0,N17/(N7-N17)*N36) -> 0 | O35: =IF((O7-O17)=0,0,O17/(O7-O17)*O36) -> 0 | P35: =IF((P7-P17)=0,0,P17/(P7-P17)*P36) -> 710.61555 | Q35: =IF((Q7-Q17)=0,0,Q17/(Q7-Q17)*Q36) -> 3481.1483
A36: 4.3. | B36: Суммарный полезный отпуск на сторону | C36: =SUM(D36:G36) -> 22370.996 | D36: =D29+D24+D20 -> 0 | E36: =E29+E24+E20 -> 0 | F36: =F29+F24+F20 -> 8475 | G36: =G29+G24+G20 -> 13895.996 | H36: =SUM(I36:L36) -> 22607 | I36: =I29+I24+I20 -> 0 | J36: =J29+J24+J20 -> 0 | K36: =K29+K24+K20 -> 7860 | L36: =L29+L24+L20 -> 14747 | M36: =SUM(N36:Q36) -> 23067 | N36: =N29+N24+N20 -> 0 | O36: =O29+O24+O20 -> 0 | P36: =P29+P24+P20 -> 8738.6717 | Q36: =Q29+Q24+Q20 -> 14328.328
B39: Расшифровка п. 1.3.3.(Поступление от других сетевых организаций)
A40: № | B40: Наименование других сетевых организаций | C40: Всего | D40: ВН | E40: СН1 | F40: СН2 | G40: НН | H40: Всего | I40: ВН | J40: СН1 | K40: СН2 | L40: НН | M40: Всего | N40: ВН | O40: СН1 | P40: СН2 | Q40: НН
B41: Центральный филиал ООО "Газпром энерго" | C41: =SUM(D41:G41) -> 2122 | E41: 2122 | H41: =SUM(I41:L41) -> 2262 | J41: 2262 | M41: =SUM(N41:Q41) -> 2123 | O41: 2123
B42: АО "РОЭК" Центральный исполнительный аппарат | C42: =SUM(D42:G42) -> 2637 | F42: 2637 | H42: =SUM(I42:L42) -> 1819 | K42: 1819 | M42: =SUM(N42:Q42) -> 2637 | P42: 2637
B43: Прочие | C43: =SUM(D43:G43) -> 1014 | F43: 1014 | H43: =SUM(I43:L43) -> 533 | K43: 533 | M43: =SUM(N43:Q43) -> 1014 | P43: 1014
H44: =SUM(I44:L44) -> 0 | M44: =SUM(N44:Q44) -> 0
B45: Итого | C45: =SUM(C41:C44) -> 5773 | D45: =SUM(D41:D44) -> 0 | E45: =SUM(E41:E44) -> 2122 | F45: =SUM(F41:F44) -> 3651 | G45: =SUM(G41:G44) -> 0 | H45: =SUM(H41:H44) -> 4614 | I45: =SUM(I41:I44) -> 0 | J45: =SUM(J41:J44) -> 2262 | ... Q45: =SUM(Q41:Q44) -> 0
Q48: 5
B49: Расшифровка п.3. 4. (Полезный отпуск - переток в другие сетевые организации)
A50: № | B50: Наименование других сетевых организаций | C50: Всего | D50: ВН | E50: СН1 | F50: СН2 | G50: НН | H50: Всего | I50: ВН | J50: СН1 | K50: СН2 | L50: НН | M50: Всего | N50: ВН | O50: СН1 | P50: СН2 | Q50: НН
C51: =SUM(D51:G51) -> 0 | H51: =SUM(I51:L51) -> 0 | M51: =SUM(N51:Q51) -> 0
C52: =SUM(D52:G52) -> 0 | H52: =SUM(I52:L52) -> 0 | M52: =SUM(N52:Q52) -> 0
C53: =SUM(D53:G53) -> 0 | H53: =SUM(I53:L53) -> 0 | M53: =SUM(N53:Q53) -> 0
B55: Итого | C55: =SUM(C51:C53) -> 0 | D55: =SUM(D51:D53) -> 0 | E55: =SUM(E51:E53) -> 0 | F55: =SUM(F51:F53) -> 0 | G55: =SUM(G51:G53) -> 0 | H55: =SUM(H51:H53) -> 0 | I55: =SUM(I51:I53) -> 0 | J55: =SUM(J51:J53) -> 0 | ... Q55: =SUM(Q51:Q53) -> 0
B58: Расшифровка п. 3.1 (Полезный отпуск потребителям, присоединенным к сети)
A59: № | B59: Наименование сбытовых организаций | C59: Всего | D59: ВН | E59: СН1 | F59: СН2 | G59: НН | H59: Всего | I59: ВН | J59: СН1 | K59: СН2 | L59: НН | M59: Всего | N59: ВН | O59: СН1 | P59: СН2 | Q59: НН
A60: 1. | B60: ОАО "РЭСК" всего, в том числе: | C60: =D60+E60+F60+G60 -> 21575.742 | D60: =D61+D62 -> 0 | E60: =E61+E62 -> 0 | F60: =F61+F62 -> 7930.8302 | G60: =G61+G62 -> 13644.912 | H60: =I60+J60+K60+L60 -> 16255.541 | I60: =I61+I62 -> 0 | J60: =J61+J62 -> 0 | K60: =K61+K62 -> 2466.406 | L60: =L61+L62 -> 13789.135 | M60: =N60+O60+P60+Q60 -> 22247.449 | N60: =N61+N62 -> 0 | O60: =O61+O62 -> 0 | P60: =P61+P62 -> 8177.7368 | Q60: =Q61+Q62 -> 14069.712
A61: 1.1. | B61: прочие потребители | C61: =D61+E61+F61+G61 -> 10371.44 | F61: 7930.8302 | G61: 2440.6094 | H61: =I61+J61+K61+L61 -> 4932.812 | K61: 2466.406 | L61: 2466.406 | M61: =N61+O61+P61+Q61 -> 10694.328 | P61: 8177.7368 | Q61: 2516.5916
A62: 1.2. | B62: население | C62: =D62+E62+F62+G62 -> 11204.302 | G62: 11204.302 | H62: =I62+J62+K62+L62 -> 11322.729 | L62: 11322.729 | M62: =N62+O62+P62+Q62 -> 11553.12 | Q62: 11553.12
A63: 2. | B63: ООО "РГМЭК" всего, в том числе: | C63: =D63+E63+F63+G63 -> 0 | D63: =D64+D65 -> 0 | E63: =E64+E65 -> 0 | F63: =F64+F65 -> 0 | G63: =G64+G65 -> 0 | H63: =I63+J63+K63+L63 -> 0 | I63: =I64+I65 -> 0 | J63: =J64+J65 -> 0 | K63: =K64+K65 -> 0 | L63: =L64+L65 -> 0 | M63: =N63+O63+P63+Q63 -> 0 | N63: =N64+N65 -> 0 | O63: =O64+O65 -> 0 | P63: =P64+P65 -> 0 | Q63: =Q64+Q65 -> 0
A64: 2.1. | B64: прочие потребители | C64: =D64+E64+F64+G64 -> 0 | H64: =I64+J64+K64+L64 -> 0 | M64: =N64+O64+P64+Q64 -> 0
A65: 2.2. | B65: население | C65: =D65+E65+F65+G65 -> 0 | H65: =I65+J65+K65+L65 -> 0 | M65: =N65+O65+P65+Q65 -> 0
A66: 3. | B66: ОАО "Оборонэнергосбыт" | C66: =D66+E66+F66+G66 -> 0 | D66: =D67+D68 -> 0 | E66: =E67+E68 -> 0 | F66: =F67+F68 -> 0 | G66: =G67+G68 -> 0 | H66: =I66+J66+K66+L66 -> 0 | I66: =I67+I68 -> 0 | J66: =J67+J68 -> 0 | K66: =K67+K68 -> 0 | L66: =L67+L68 -> 0 | M66: =N66+O66+P66+Q66 -> 0 | N66: =N67+N68 -> 0 | O66: =O67+O68 -> 0 | P66: =P67+P68 -> 0 | Q66: =Q67+Q68 -> 0
A67: 3.1. | B67: прочие потребители | C67: =D67+E67+F67+G67 -> 0 | H67: =I67+J67+K67+L67 -> 0 | M67: =N67+O67+P67+Q67 -> 0
A68: 3.2. | B68: население | C68: =D68+E68+F68+G68 -> 0 | H68: =I68+J68+K68+L68 -> 0 | M68: =N68+O68+P68+Q68 -> 0
A69: 4. | B69: ПРОЧИЕ | C69: =D69+E69+F69+G69 -> 794.807 | D69: =D70+D71 -> 0 | E69: =E70+E71 -> 0 | F69: =F70+F71 -> 544.459 | G69: =G70+G71 -> 250.348 | H69: =I69+J69+K69+L69 -> 803.20792 | I69: =I70+I71 -> 0 | J69: =J70+J71 -> 0 | K69: =K70+K71 -> 550.2138 | L69: =L70+L71 -> 252.99412 | M69: =N69+O69+P69+Q69 -> 819.55133 | N69: =N70+N71 -> 0 | O69: =O70+O71 -> 0 | P69: =P70+P71 -> 561.40937 | Q69: =Q70+Q71 -> 258.14196
A70: 4.1. | B70: прочие потребители | C70: =D70+E70+F70+G70 -> 794.807 | F70: 544.459 | G70: 250.348 | H70: =I70+J70+K70+L70 -> 803.20792 | K70: 550.2138 | L70: 252.99412 | M70: =N70+O70+P70+Q70 -> 819.55133 | P70: 561.40937 | Q70: 258.14196
A71: 4.2. | B71: население | C71: =D71+E71+F71+G71 -> 0 | H71: =I71+J71+K71+L71 -> 0 | M71: =N71+O71+P71+Q71 -> 0
B73: Итого всего, в том числе: | C73: =D73+E73+F73+G73 -> 22370.549 | D73: =D74+D75 -> 0 | E73: =E74+E75 -> 0 | F73: =F74+F75 -> 8475.2892 | G73: =G74+G75 -> 13895.26 | H73: =I73+J73+K73+L73 -> 17058.749 | I73: =I74+I75 -> 0 | J73: =J74+J75 -> 0 | K73: =K74+K75 -> 3016.6198 | L73: =L74+L75 -> 14042.129 | M73: =N73+O73+P73+Q73 -> 23067 | N73: =N74+N75 -> 0 | O73: =O74+O75 -> 0 | P73: =P74+P75 -> 8739.1462 | Q73: =Q74+Q75 -> 14327.854
B74: прочие потребители | C74: =D74+E74+F74+G74 -> 11166.247 | D74: =D61+D64+D67+D70 -> 0 | E74: =E61+E64+E67+E70 -> 0 | F74: =F61+F64+F67+F70 -> 8475.2892 | G74: =G61+G64+G67+G70 -> 2690.9574 | H74: =I74+J74+K74+L74 -> 5736.0199 | I74: =I61+I64+I67+I70 -> 0 | J74: =J61+J64+J67+J70 -> 0 | K74: =K61+K64+K67+K70 -> 3016.6198 | L74: =L61+L64+L67+L70 -> 2719.4001 | M74: =N74+O74+P74+Q74 -> 11513.88 | N74: =N61+N64+N67+N70 -> 0 | O74: =O61+O64+O67+O70 -> 0 | P74: =P61+P64+P67+P70 -> 8739.1462 | Q74: =Q61+Q64+Q67+Q70 -> 2774.7336
B75: население | C75: =D75+E75+F75+G75 -> 11204.302 | D75: =D62+D65+D68+D71 -> 0 | E75: =E62+E65+E68+E71 -> 0 | F75: =F62+F65+F68+F71 -> 0 | G75: =G62+G65+G68+G71 -> 11204.302 | H75: =I75+J75+K75+L75 -> 11322.729 | I75: =I62+I65+I68+I71 -> 0 | J75: =J62+J65+J68+J71 -> 0 | K75: =K62+K65+K68+K71 -> 0 | L75: =L62+L65+L68+L71 -> 11322.729 | M75: =N75+O75+P75+Q75 -> 11553.12 | N75: =N62+N65+N68+N71 -> 0 | O75: =O62+O65+O68+O71 -> 0 | P75: =P62+P65+P68+P71 -> 0 | Q75: =Q62+Q65+Q68+Q71 -> 11553.12
Q107: 6

Sheet 1.5
B3: Баланс электрической мощности по ВН, СН1, СН2 и НН | Q3: Таблица № 1.5.
C4: =IF(ROUND(C12+C13-C17-C19,2)=0,"","Не сходится поступление и отпуск") | H4: =IF(H12+H13-H17-H19=0,"","Не сходится поступление и отпуск") | M4: =IF(ROUND(M12+M13-M17-M19,2)=0,"","Не сходится поступление и отпуск") | Q4: тыс.кВт
A5: п.п. | B5: Показатели | C5: 2018 факт | H5: 2019 план | M5: 2020 план
C6: Всего | D6: ВН | E6: СН1 | F6: СН2 | G6: НН | H6: Всего | I6: ВН | J6: СН1 | K6: СН2 | L6: НН | M6: Всего | N6: ВН | O6: СН1 | P6: СН2 | Q6: НН
A7: 1. | B7: Поступление мощности в сеть , ВСЕГО | D7: =D19+D17+E9+F9+G9 -> 0 | E7: =E19+E17+F10+G10 -> 0 | F7: =F19+F17+G11 -> 5.2193126 | G7: =G19+G17 -> 3.2375031 | I7: =I19+I17+J9+K9+L9 -> 0 | J7: =J19+J17+K10+L10 -> 0 | K7: =K19+K17+L11 -> 4.9385455 | L7: =L19+L17 -> 3.2215124 | N7: =N19+N17+O9+P9+Q9 -> 6.4870423e-07 | O7: =O19+O17+P10+Q10 -> 6.4870423e-07 | P7: =P19+P17+Q11 -> 5.2251554 | Q7: =Q19+Q17 -> 3.241623
A8: 1.1. | B8: из собственной смежной сети, всего, в т.ч. из сети | D8: х | E8: =E7-E12-E13 -> 0 | F8: =F7-F12-F13 -> 0 | G8: =G7-G12-G13 -> 3.2375031 | I8: х | J8: =J7-J12-J13 -> 0 | K8: =K7-K12-K13 -> 0 | L8: =L7-L12-L13 -> 3.2215124 | N8: х | O8: =O7-O12-O13 -> 6.4870423e-07 | P8: =P7-P12-P13 -> 6.4870423e-07 | Q8: =Q7-Q12-Q13 -> 3.241623
B9: ВН | D9: х | E9: =E8 -> 0 | I9: х | J9: =J8 -> 0 | N9: х | O9: =O8 -> 6.4870423e-07
B10: СН1 | D10: х | E10: х | F10: =F8-F9 -> 0 | I10: х | J10: х | K10: =K8-K9 -> 0 | N10: х | O10: х | P10: =P8-P9 -> 6.4870423e-07
B11: СН2 | D11: х | E11: х | F11: х | G11: =G8-G9-G10 -> 3.2375031 | I11: х | J11: х | K11: х | L11: =L8-L9-L10 -> 3.2215124 | N11: х | O11: х | P11: х | Q11: =Q8-Q9-Q10 -> 3.241623
A12: 1.2. | B12: от электростанций | C12: =D12+E12+F12+G12 -> 0 | H12: =I12+J12+K12+L12 -> 0 | M12: =N12+O12+P12+Q12 -> 0
A13: 1.3. | B13: от сетевых организаций (указать): | C13: =D13+E13+F13+G13 -> 5.2193126 | D13: =D14+D15+D16 -> 0 | E13: =E14+E15+E16 -> 0 | F13: =F14+F15+F16 -> 5.2193126 | G13: =G14+G15+G16 -> 0 | H13: =I13+J13+K13+L13 -> 4.9385455 | I13: =I14+I15+I16 -> 0 | J13: =J14+J15+J16 -> 0 | K13: =K14+K15+K16 -> 4.9385455 | L13: =L14+L15+L16 -> 0 | M13: =N13+O13+P13+Q13 -> 5.2251547 | N13: =N14+N15+N16 -> 0 | O13: =O14+O15+O16 -> 0 | P13: =P14+P15+P16 -> 5.2251547 | Q13: =Q14+Q15+Q16 -> 0
A14: 1.3.1. | B14: ОАО "ФСК ЕЭС" | C14: =D14+E14+F14+G14 -> 0 | H14: =I14+J14+K14+L14 -> 0 | M14: =N14+O14+P14+Q14 -> 0
A15: 1.3.2. | B15: от филиала "Рязаньэнерго" ОАО "МРСК Центра и Приволжья" | C15: =D15+E15+F15+G15 -> 4.1694854 | F15: 4.1694854 | H15: =I15+J15+K15+L15 -> 4.0996364 | K15: 4.0996364 | M15: =N15+O15+P15+Q15 -> 4.17419 | P15: 4.17419
A16: 1.3.3. | B16: от других сетевых организаций | C16: =D16+E16+F16+G16 -> 1.0498272 | F16: 1.0498272 | H16: =I16+J16+K16+L16 -> 0.83890909 | K16: 0.83890909 | M16: =N16+O16+P16+Q16 -> 1.0509647 | P16: 1.0509647
A17: 2. | B17: Потери в сети | C17: =D17+E17+F17+G17 -> 1.1511191 | F17: 0.4406202 | G17: 0.71049891 | H17: =I17+J17+K17+L17 -> 0.82818182 | K17: 0.28794219 | L17: 0.54023963 | M17: =N17+O17+P17+Q17 -> 1.0265751 | P17: 0.3929478 | Q17: 0.63362729
B18: то же в % (п.2/п.1) | C18: =IF(C7=0,"",C17/C7) | D18: =IF(D7=0,0,D17/D7) -> 0 | E18: =IF(E7=0,0,E17/E7) -> 0 | F18: =IF(F7=0,0,F17/F7) -> 0.084421118 | G18: =IF(G7=0,0,G17/G7) -> 0.21945891 | H18: =IF(H7=0,"",H17/H7) | I18: =IF(I7=0,0,I17/I7) -> 0 | J18: =IF(J7=0,0,J17/J7) -> 0 | K18: =IF(K7=0,0,K17/K7) -> 0.05830506 | L18: =IF(L7=0,0,L17/L7) -> 0.16769752 | M18: =IF(M7=0,"",M17/M7) | N18: =IF(N7=0,0,N17/N7) -> 0 | O18: =IF(O7=0,0,O17/O7) -> 0 | P18: =IF(P7=0,0,P17/P7) -> 0.075203085 | Q18: =IF(Q7=0,0,Q17/Q7) -> 0.19546607
A19: 3. | B19: Полезный отпуск мощности из сети | C19: =D19+E19+F19+G19 -> 4.0681935 | D19: =D20+D24+D28+D29 -> 0 | E19: =E20+E24+E28+E29 -> 0 | F19: =F20+F24+F28+F29 -> 1.5411893 | G19: =G20+G24+G28+G29 -> 2.5270042 | H19: =I19+J19+K19+L19 -> 4.1103636 | I19: =I20+I24+I28+I29 -> 0 | J19: =J20+J24+J28+J29 -> 0 | K19: =K20+K24+K28+K29 -> 1.4290909 | L19: =L20+L24+L28+L29 -> 2.6812727 | M19: =N19+O19+P19+Q19 -> 4.1985803 | N19: =N20+N24+N28+N29 -> 0 | O19: =O20+O24+O28+O29 -> 0 | P19: =P20+P24+P28+P29 -> 1.5905846 | Q19: =Q20+Q24+Q28+Q29 -> 2.6079957
A20: 3.1. | B20: в т.ч. заявленная (расчетная) мощность потребителей сбытовых компаний розничного рынка (указать по сбытовым компаниям): | C20: =D20+E20+F20+G20 -> 4.0681935 | D20: =D21+D22+D23 -> 0 | E20: =E21+E22+E23 -> 0 | F20: =F21+F22+F23 -> 1.5411893 | G20: =G21+G22+G23 -> 2.5270042 | H20: =I20+J20+K20+L20 -> 4.1103636 | I20: =I21+I22+I23 -> 0 | J20: =J21+J22+J23 -> 0 | K20: =K21+K22+K23 -> 1.4290909 | L20: =L21+L22+L23 -> 2.6812727 | M20: =N20+O20+P20+Q20 -> 4.1985803 | N20: =N21+N22+N23 -> 0 | O20: =O21+O22+O23 -> 0 | P20: =P21+P22+P23 -> 1.5905846 | Q20: =Q21+Q22+Q23 -> 2.6079957
A21: 3.1.1. | B21: ОАО "РЭСК" | C21: =D21+E21+F21+G21 -> 4.0681935 | F21: 1.5411893 | G21: 2.5270042 | H21: =I21+J21+K21+L21 -> 4.1103636 | K21: 1.4290909 | L21: 2.6812727 | M21: =N21+O21+P21+Q21 -> 4.1985803 | P21: 1.5905846 | Q21: 2.6079957
A22: 3.1.2. | B22: ООО РГМЭК | C22: =D22+E22+F22+G22 -> 0 | H22: =I22+J22+K22+L22 -> 0 | M22: =N22+O22+P22+Q22 -> 0
A23: 3.1.3. | C23: =D23+E23+F23+G23 -> 0 | H23: =I23+J23+K23+L23 -> 0 | M23: =N23+O23+P23+Q23 -> 0
A24: 3.2. | B24: заявленная (расчетная) мощность потребителей оптового рынка (указать): | C24: =D24+E24+F24+G24 -> 0 | D24: =D25+D26+D27 -> 0 | E24: =E25+E26+E27 -> 0 | F24: =F25+F26+F27 -> 0 | G24: =G25+G26+G27 -> 0 | H24: =I24+J24+K24+L24 -> 0 | I24: =I25+I26+I27 -> 0 | J24: =J25+J26+J27 -> 0 | K24: =K25+K26+K27 -> 0 | L24: =L25+L26+L27 -> 0 | M24: =N24+O24+P24+Q24 -> 0 | N24: =N25+N26+N27 -> 0 | O24: =O25+O26+O27 -> 0 | P24: =P25+P26+P27 -> 0 | Q24: =Q25+Q26+Q27 -> 0
A25: 3.2.1. | C25: =D25+E25+F25+G25 -> 0 | H25: =I25+J25+K25+L25 -> 0 | M25: =N25+O25+P25+Q25 -> 0
A26: 3.2.2. | C26: =D26+E26+F26+G26 -> 0 | H26: =I26+J26+K26+L26 -> 0 | M26: =N26+O26+P26+Q26 -> 0
A27: 3.2.3. | C27: =D27+E27+F27+G27 -> 0 | H27: =I27+J27+K27+L27 -> 0 | M27: =N27+O27+P27+Q27 -> 0
A28: 3.3. | B28: мощность на собственные производственные и хозяйственные нужды | C28: =D28+E28+F28+G28 -> 0 | H28: =I28+J28+K28+L28 -> 0 | M28: =N28+O28+P28+Q28 -> 0
A29: 3.4. | B29: в другие сетевые организации (транзит, указать организации): | C29: =D29+E29+F29+G29 -> 0 | D29: =D30+D31+D32 -> 0 | E29: =E30+E31+E32 -> 0 | F29: =F30+F31+F32 -> 0 | G29: =G30+G31+G32 -> 0 | H29: =I29+J29+K29+L29 -> 0 | I29: =I30+I31+I32 -> 0 | J29: =J30+J31+J32 -> 0 | K29: =K30+K31+K32 -> 0 | L29: =L30+L31+L32 -> 0 | M29: =N29+O29+P29+Q29 -> 0 | N29: =N30+N31+N32 -> 0 | O29: =O30+O31+O32 -> 0 | P29: =P30+P31+P32 -> 0 | Q29: =Q30+Q31+Q32 -> 0
A30: 3.4.1. | C30: =D30+E30+F30+G30 -> 0 | H30: =I30+J30+K30+L30 -> 0 | M30: =N30+O30+P30+Q30 -> 0
A31: 3.4.2. | C31: =D31+E31+F31+G31 -> 0 | H31: =I31+J31+K31+L31 -> 0 | M31: =N31+O31+P31+Q31 -> 0
A32: 3.4.3. | C32: =D32+E32+F32+G32 -> 0 | H32: =I32+J32+K32+L32 -> 0 | M32: =N32+O32+P32+Q32 -> 0
A34: 4.1. | B34: Расчетное поступление мощности для сторонних потребителей | C34: =SUM(D34:G34) -> 4.920798 | D34: =D35+D36 -> 0 | E34: =E35+E36 -> 0 | F34: =F35+F36 -> 1.6832949 | G34: =G35+G36 -> 3.2375031 | H34: =SUM(I34:L34) -> 4.7390855 | I34: =I35+I36 -> 0 | J34: =J35+J36 -> 0 | K34: =K35+K36 -> 1.5175731 | L34: =L35+L36 -> 3.2215124 | M34: =SUM(N34:Q34) -> 4.9615515 | N34: =N35+N36 -> 0 | O34: =O35+O36 -> 0 | P34: =P35+P36 -> 1.7199285 | Q34: =Q35+Q36 -> 3.241623
A35: 4.2. | B35: Потери, отнесенные на сторонних потребителей | C35: =SUM(D35:G35) -> 0.85260455 | D35: =IF((D7-D17)=0,0,D17/(D7-D17)*D36) -> 0 | E35: =IF((E7-E17)=0,0,E17/(E7-E17)*E36) -> 0 | F35: =IF((F7-F17)=0,0,F17/(F7-F17)*F36) -> 0.14210564 | G35: =IF((G7-G17)=0,0,G17/(G7-G17)*G36) -> 0.71049891 | H35: =SUM(I35:L35) -> 0.62872182 | I35: =IF((I7-I17)=0,0,I17/(I7-I17)*I36) -> 0 | J35: =IF((J7-J17)=0,0,J17/(J7-J17)*J36) -> 0 | K35: =IF((K7-K17)=0,0,K17/(K7-K17)*K36) -> 0.088482191 | L35: =IF((L7-L17)=0,0,L17/(L7-L17)*L36) -> 0.54023963 | M35: =SUM(N35:Q35) -> 0.76297122 | N35: =IF((N7-N17)=0,0,N17/(N7-N17)*N36) -> 0 | O35: =IF((O7-O17)=0,0,O17/(O7-O17)*O36) -> 0 | P35: =IF((P7-P17)=0,0,P17/(P7-P17)*P36) -> 0.12934393 | Q35: =IF((Q7-Q17)=0,0,Q17/(Q7-Q17)*Q36) -> 0.63362729
A36: 4.3. | B36: Суммарная мощность на сторону | C36: =SUM(D36:G36) -> 4.0681935 | D36: =D29+D24+D20 -> 0 | E36: =E29+E24+E20 -> 0 | F36: =F29+F24+F20 -> 1.5411893 | G36: =G29+G24+G20 -> 2.5270042 | H36: =SUM(I36:L36) -> 4.1103636 | I36: =I29+I24+I20 -> 0 | J36: =J29+J24+J20 -> 0 | K36: =K29+K24+K20 -> 1.4290909 | L36: =L29+L24+L20 -> 2.6812727 | M36: =SUM(N36:Q36) -> 4.1985803 | N36: =N29+N24+N20 -> 0 | O36: =O29+O24+O20 -> 0 | P36: =P29+P24+P20 -> 1.5905846 | Q36: =Q29+Q24+Q20 -> 2.6079957
B40: Расшифровка п. 1.3.3 (Поступление от других сетевых организаций)
A41: № | B41: Наименование других сетевых организаций | C41: Всего | D41: ВН | E41: СН1 | F41: СН2 | G41: НН | H41: Всего | I41: ВН | J41: СН1 | K41: СН2 | L41: НН | M41: Всего | N41: ВН | O41: СН1 | P41: СН2 | Q41: НН
B42: Центральный филиал ООО "Газпром энерго" | C42: 0.292 | E42: ='1.4'!E41/5499 -> 0.38588834 | H42: 0.4 | J42: ='1.4'!J41/5499 -> 0.41134752 | M42: 0.4 | O42: ='1.4'!O41/5499 -> 0.38607019
B43: АО "РОЭК" Центральный исполнительный аппарат | C43: 1.386 | F43: ='1.4'!F42/5499 -> 0.47954173 | H43: 1 | K43: ='1.4'!K42/5499 -> 0.33078742 | M43: 1 | P43: ='1.4'!P42/5499 -> 0.47954173
B44: Прочие | C44: 0.455 | F44: ='1.4'!F43/5499 -> 0.18439716 | H44: 0.4 | K44: ='1.4'!K43/5499 -> 0.096926714 | M44: 0.45 | P44: ='1.4'!P43/5499 -> 0.18439716
C45: 0.634 | H45: 0.7 | M45: 0.6
C46: 0.14 | H46: 0.1 | M46: 0.2
C47: 1 | H47: 1.39 | M47: 1.38
C48: 4.192 | H48: 3.4 | M48: 3.1
B49: Итого | C49: =SUM(C42:C48) -> 8.099 | D49: =SUM(D42:D44) -> 0 | E49: =SUM(E42:E44) -> 0.38588834 | F49: =SUM(F42:F44) -> 0.6639389 | G49: =SUM(G42:G44) -> 0 | H49: =SUM(H42:H48) -> 7.39 | I49: =SUM(I42:I44) -> 0 | J49: =SUM(J42:J44) -> 0.41134752 | K49: =SUM(K42:K44) -> 0.42771413 | L49: =SUM(L42:L44) -> 0 | M49: =SUM(M42:M48) -> 7.13 | N49: =SUM(N42:N44) -> 0 | O49: =SUM(O42:O44) -> 0.38607019 | P49: =SUM(P42:P44) -> 0.6639389 | Q49: =SUM(Q42:Q44) -> 0
B51: Расшифровка п. 3.4. (Полезный отпуск - переток в другие сетевые организации)
A52: № | B52: Наименование других сетевых организаций | C52: Всего | D52: ВН | E52: СН1 | F52: СН2 | G52: НН | H52: Всего | I52: ВН | J52: СН1 | K52: СН2 | L52: НН | M52: Всего | N52: ВН | O52: СН1 | P52: СН2 | Q52: НН
C53: =SUM(D53:G53) -> 0 | H53: =SUM(I53:L53) -> 0 | M53: =SUM(N53:Q53) -> 0
C54: =SUM(D54:G54) -> 0 | H54: =SUM(I54:L54) -> 0 | M54: =SUM(N54:Q54) -> 0
C55: =SUM(D55:G55) -> 0 | H55: =SUM(I55:L55) -> 0 | M55: =SUM(N55:Q55) -> 0
B57: Итого | C57: =SUM(C53:C55) -> 0 | D57: =SUM(D53:D55) -> 0 | E57: =SUM(E53:E55) -> 0 | F57: =SUM(F53:F55) -> 0 | G57: =SUM(G53:G55) -> 0 | H57: =SUM(H53:H55) -> 0 | I57: =SUM(I53:I55) -> 0 | J57: =SUM(J53:J55) -> 0 | ... Q57: =SUM(Q53:Q55) -> 0
A58: Расшифровка п. 3.1 (Полезный отпуск потребителям, присоединенным к сети)
A60: № | B60: Наименование сбытовых организаций | C60: Всего | D60: ВН | E60: СН1 | F60: СН2 | G60: НН | H60: Всего | I60: ВН | J60: СН1 | K60: СН2 | L60: НН | M60: Всего | N60: ВН | O60: СН1 | P60: СН2 | Q60: НН
A61: 1. | B61: ОАО "РЭСК"всего, в том числе: | C61: =D61+E61+F61+G61 -> 3.9235755 | D61: =D62+D63 -> 0 | E61: =E62+E63 -> 0 | F61: =F62+F63 -> 1.4422314 | G61: =G62+G63 -> 2.4813442 | H61: =I61+J61+K61+L61 -> 2.9560904 | I61: =I62+I63 -> 0 | J61: =J62+J63 -> 0 | K61: =K62+K63 -> 0.44851901 | L61: =L62+L63 -> 2.5075714 | M61: =N61+O61+P61+Q61 -> 4.0457263 | N61: =N62+N63 -> 0 | O61: =O62+O63 -> 0 | P61: =P62+P63 -> 1.4871316 | Q61: =Q62+Q63 -> 2.5585946
A62: 1.1. | B62: прочие потребители | C62: =D62+E62+F62+G62 -> 1.8860592 | F62: ='1.4'!F61/5499 -> 1.4422314 | G62: ='1.4'!G61/5499 -> 0.44382785 | H62: =I62+J62+K62+L62 -> 0.89703801 | K62: ='1.4'!K61/5499 -> 0.44851901 | L62: ='1.4'!L61/5499 -> 0.44851901 | M62: =N62+O62+P62+Q62 -> 1.944777 | P62: ='1.4'!P61/5499 -> 1.4871316 | Q62: ='1.4'!Q61/5499 -> 0.45764533
A63: 1.2. | B63: население | C63: =D63+E63+F63+G63 -> 2.0375163 | G63: ='1.4'!G62/5499 -> 2.0375163 | H63: =I63+J63+K63+L63 -> 2.0590524 | L63: ='1.4'!L62/5499 -> 2.0590524 | M63: =N63+O63+P63+Q63 -> 2.1009493 | Q63: ='1.4'!Q62/5499 -> 2.1009493
A64: 2. | B64: ООО "РГМЭК"всего, в том числе: | C64: =D64+E64+F64+G64 -> 0 | D64: =D65+D66 -> 0 | E64: =E65+E66 -> 0 | F64: =F65+F66 -> 0 | G64: =G65+G66 -> 0 | H64: =I64+J64+K64+L64 -> 0 | I64: =I65+I66 -> 0 | J64: =J65+J66 -> 0 | K64: =K65+K66 -> 0 | L64: =L65+L66 -> 0 | M64: =N64+O64+P64+Q64 -> 0 | N64: =N65+N66 -> 0 | O64: =O65+O66 -> 0 | P64: =P65+P66 -> 0 | Q64: =Q65+Q66 -> 0
A65: 2.1. | B65: прочие потребители | C65: =D65+E65+F65+G65 -> 0 | H65: =I65+J65+K65+L65 -> 0 | M65: =N65+O65+P65+Q65 -> 0
A66: 2.2. | B66: население | C66: =D66+E66+F66+G66 -> 0 | H66: =I66+J66+K66+L66 -> 0 | M66: =N66+O66+P66+Q66 -> 0
A67: 3. | B67: ОАО "Оборонэнергосбыт" | C67: =D67+E67+F67+G67 -> 0 | D67: =D68+D69 -> 0 | E67: =E68+E69 -> 0 | F67: =F68+F69 -> 0 | G67: =G68+G69 -> 0 | H67: =I67+J67+K67+L67 -> 0 | I67: =I68+I69 -> 0 | J67: =J68+J69 -> 0 | K67: =K68+K69 -> 0 | L67: =L68+L69 -> 0 | M67: =N67+O67+P67+Q67 -> 0 | N67: =N68+N69 -> 0 | O67: =O68+O69 -> 0 | P67: =P68+P69 -> 0 | Q67: =Q68+Q69 -> 0
A68: 3.1. | B68: прочие потребители | C68: =D68+E68+F68+G68 -> 0 | H68: =I68+J68+K68+L68 -> 0 | M68: =N68+O68+P68+Q68 -> 0
A69: 3.2. | B69: население | C69: =D69+E69+F69+G69 -> 0 | H69: =I69+J69+K69+L69 -> 0 | M69: =N69+O69+P69+Q69 -> 0
A70: 4. | B70: ПРОЧИЕ | C70: =D70+E70+F70+G70 -> 0.14453664 | D70: =D71+D72 -> 0 | E70: =E71+E72 -> 0 | F70: =F71+F72 -> 0.099010547 | G70: =G71+G72 -> 0.045526096 | H70: =I70+J70+K70+L70 -> 0.14606436 | I70: =I71+I72 -> 0 | J70: =J71+J72 -> 0 | K70: =K71+K72 -> 0.10005706 | L70: =L71+L72 -> 0.046007295 | M70: =N70+O70+P70+Q70 -> 0.14903643 | N70: =N71+N72 -> 0 | O70: =O71+O72 -> 0 | P70: =P71+P72 -> 0.10209299 | Q70: =Q71+Q72 -> 0.046943437
A71: 4.1. | B71: прочие потребители | C71: =D71+E71+F71+G71 -> 0.14453664 | F71: ='1.4'!F70/5499 -> 0.099010547 | G71: ='1.4'!G70/5499 -> 0.045526096 | H71: =I71+J71+K71+L71 -> 0.14606436 | K71: ='1.4'!K70/5499 -> 0.10005706 | L71: ='1.4'!L70/5499 -> 0.046007295 | M71: =N71+O71+P71+Q71 -> 0.14903643 | P71: ='1.4'!P70/5499 -> 0.10209299 | Q71: ='1.4'!Q70/5499 -> 0.046943437
A72: 4.2. | B72: население | C72: =D72+E72+F72+G72 -> 0 | H72: =I72+J72+K72+L72 -> 0 | M72: =N72+O72+P72+Q72 -> 0
B74: Итого всего, в том числе: | C74: =D74+E74+F74+G74 -> 4.0681122 | D74: =D75+D76 -> 0 | E74: =E75+E76 -> 0 | F74: =F75+F76 -> 1.5412419 | G74: =G75+G76 -> 2.5268703 | H74: =I74+J74+K74+L74 -> 3.1021547 | I74: =I75+I76 -> 0 | J74: =J75+J76 -> 0 | K74: =K75+K76 -> 0.54857607 | L74: =L75+L76 -> 2.5535787 | M74: =N74+O74+P74+Q74 -> 4.1947627 | N74: =N75+N76 -> 0 | O74: =O75+O76 -> 0 | P74: =P75+P76 -> 1.5892246 | Q74: =Q75+Q76 -> 2.6055381
B75: прочие потребители | C75: =D75+E75+F75+G75 -> 2.0305958 | D75: =D62+D65+D68+D71 -> 0 | E75: =E62+E65+E68+E71 -> 0 | F75: =F62+F65+F68+F71 -> 1.5412419 | G75: =G62+G65+G68+G71 -> 0.48935395 | H75: =I75+J75+K75+L75 -> 1.0431024 | I75: =I62+I65+I68+I71 -> 0 | J75: =J62+J65+J68+J71 -> 0 | K75: =K62+K65+K68+K71 -> 0.54857607 | L75: =L62+L65+L68+L71 -> 0.4945263 | M75: =N75+O75+P75+Q75 -> 2.0938134 | N75: =N62+N65+N68+N71 -> 0 | O75: =O62+O65+O68+O71 -> 0 | P75: =P62+P65+P68+P71 -> 1.5892246 | Q75: =Q62+Q65+Q68+Q71 -> 0.50458876
B76: население | C76: =D76+E76+F76+G76 -> 2.0375163 | D76: =D63+D66+D69+D72 -> 0 | E76: =E63+E66+E69+E72 -> 0 | F76: =F63+F66+F69+F72 -> 0 | G76: =G63+G66+G69+G72 -> 2.0375163 | H76: =I76+J76+K76+L76 -> 2.0590524 | I76: =I63+I66+I69+I72 -> 0 | J76: =J63+J66+J69+J72 -> 0 | K76: =K63+K66+K69+K72 -> 0 | L76: =L63+L66+L69+L72 -> 2.0590524 | M76: =N76+O76+P76+Q76 -> 2.1009493 | N76: =N63+N66+N69+N72 -> 0 | O76: =O63+O66+O69+O72 -> 0 | P76: =P63+P66+P69+P72 -> 0 | Q76: =Q63+Q66+Q69+Q72 -> 2.1009493
Q90: 8

Sheet Свод долгосрочный 
B1: Расчет необходимой валовой выручки на долгосрочный период 2020-2024гг.
B2: ='Реквизиты организации'!C8 -> МУ МПЖКХ Гусь-Железный
B3: (наименование сетевой организации)
Z4: Форма 3.1 | AA4: потери | AB4: проверка1 | AC4: проверка 2
B5: Наименование | C5: факт 2017 | D5: 2018 факт | E5: 2018 факт РЭК | F5: 2018 план | G5: 2019 факт | H5: 2019 факт РЭК | I5: 2019 план | J5: 2020 предл.предпр. | K5: 2020 | L5: 2021 предл.предпр. | M5: 2021 | N5: 2022 | O5: 2023 | P5: 2024 | Q5: примечание
B6: Индекс эффективности подконтрольных расходов | C6: 0.01 | D6: 0.01 | F6: 0.01 | G6: 0.01 | I6: 0.01 | J6: 0.01 | K6: 0.01 | L6: 0.01 | M6: 0.04 | N6: 0.04 | O6: 0.04 | P6: 0.04 | Q6: в соответствии с приказом ФАС России № 421-э от 18.03.2015
B7: Коэффициент элластичности ПР (Кэл) ( на первый долгосрочный период -0,75) | C7: 0.75 | D7: 0.75 | F7: 0.75 | G7: 0.75 | I7: 0.75 | J7: 0.75 | K7: 0.75 | L7: 0.75 | M7: 0.75 | N7: 0.75 | O7: 0.75 | P7: 0.75 | Q7: п.11 МУ 98-э
B8: Индекс потребительских цен (I) | E8: 1.029 | F8: 1.037 | G8: 1.037 | H8: 1.045 | I8: 1.046 | J8: 1.034 | K8: 1.03 | L8: 1.03 | M8: 1.036 | N8: 1.039 | O8: 1.04 | P8: 1.04 | Q8: в соответствии с прогнозом соц-эк развития
B9: Количество активов (уе) | C9: =SUM(C10:C13) -> 839.93443 | D9: =SUM(D10:D13) -> 878.05848 | E9: =SUM(E10:E13) -> 1009.9794 | F9: 823.1953 | G9: 1018.4582 | H9: =SUM(H10:H13) -> 1017.0752 | I9: 847.05848 | J9: 1084.8198 | K9: 1013.6582 | L9: 1013.6582 | M9: =SUM(M10:M13) -> 1017.0752 | N9: =SUM(N10:N13) -> 1017.0752 | O9: =SUM(O10:O13) -> 1017.0752 | P9: =SUM(P10:P13) -> 1017.0752
B10: ВН | E10: ='2.1'!G30+'2.2'!G35 -> 0 | F10: 0 | G10: 0 | H10: ='2.1'!J30+'2.2'!J35 -> 0 | I10: 0 | J10: 0 | K10: 0 | L10: 0 | M10: ='2.1'!V30+'2.2'!V35 -> 0 | N10: ='2.1'!Y30+'2.2'!Y35 -> 0 | O10: ='2.1'!AB30+'2.2'!AB35 -> 0 | P10: ='2.1'!AE30+'2.2'!AE35 -> 0
B11: СН1 | E11: ='2.1'!G42+'2.2'!G36 -> 0 | F11: 0 | G11: 0 | H11: ='2.1'!J42+'2.2'!J36 -> 0 | I11: 0 | J11: 0 | K11: 0 | L11: 0 | M11: ='2.1'!V42+'2.2'!V36 -> 0 | N11: ='2.1'!Y42+'2.2'!Y36 -> 0 | O11: ='2.1'!AB42+'2.2'!AB36 -> 0 | P11: ='2.1'!AE42+'2.2'!AE36 -> 0
B12: СН2 | C12: ='[8]2.2'!$Y$37+'[8]2.1'!$Y$43 -> 439.6939 | D12: 475.8066 | E12: ='2.1'!G43+'2.2'!G37 -> 610.9594 | F12: 368.3993 | G12: 619.2087 | H12: ='2.1'!J43+'2.2'!J37 -> 617.0022 | I12: 444.8066 | J12: 682.9086 | K12: 614.4087 | L12: 614.4087 | M12: ='2.1'!V43+'2.2'!V37 -> 617.0022 | N12: ='2.1'!Y43+'2.2'!Y37 -> 617.0022 | O12: ='2.1'!AB43+'2.2'!AB37 -> 617.0022 | P12: ='2.1'!AE43+'2.2'!AE37 -> 617.0022
B13: НН | C13: ='[8]2.1'!$Y$48 -> 400.24053 | D13: 402.25188 | E13: ='2.1'!G48 -> 399.01998 | F13: 454.796 | G13: 399.24948 | H13: ='2.1'!J48 -> 400.07298 | I13: 402.25188 | J13: 401.91123 | K13: 399.24948 | L13: 399.24948 | M13: ='2.1'!V48 -> 400.07298 | N13: ='2.1'!Y48 -> 400.07298 | O13: ='2.1'!AB48 -> 400.07298 | P13: ='2.1'!AE48 -> 400.07298
B14: Индекс изменения количества активов | F14: 0 | G14: 0 | I14: 0.028988479 | J14: 0.2354756 | K14: 0.19668028 | L14: 0.19668028 | M14: =(M9-K9)/K9 -> 0.0033709589 | N14: =(N9-M9)/M9 -> 0 | O14: =(O9-N9)/N9 -> 0 | P14: =(P9-O9)/O9 -> 0 | Q14: изменено как в RAB
B15: Сводный коэффициент индексации | F15: 1.02663 | G15: 1.058054 | I15: 1.058054 | L15: 1.1701162 | M15: =M8*(1+M7*M14)*(1-M6) -> 0.99707447 | N15: =N8*(1+N7*N14)*(1-N6) -> 0.99744 | O15: =O8*(1+O7*O14)*(1-O6) -> 0.9984 | P15: =P8*(1+P7*P14)*(1-P6) -> 0.9984
B16: Коэффициент корректировки НВВ с учетом надежности и качества услуг, % (Кнад) | C16: 0.02 | D16: 0.02 | F16: 0.02 | G16: 0.02 | I16: 0.02 | J16: 0.02 | K16: 0.02 | L16: 0.02 | M16: 0.02 | N16: 0.02 | O16: 0.02 | P16: 0.02
B17: Расчет подконтрольных расходов
B18: Подконтрольные расходы, тыс.руб. | G18: 17714.813 | K18: 25545.441 | L18: 28557.878 | M18: =K18*M15 -> 25470.707 | N18: =M18*N15 -> 25405.502 | O18: =N18*O15 -> 25364.853 | P18: =O18*P15 -> 25324.269 | Q18: в соответствии с приказом ФАС России № 421-э от 18.03.2015г. и Основами ценообразования №1178 в области регулируемых цен (тарифов) в электроэнергетике | R18: =K18/I23 -> 1.0255179
B19: OPEX, тыс.руб. | K19: 21479.509 | L19: 21479.509 | Q19: в соответствии с приказом ФАС России № 421-э от 18.03.2015
B20: Доля OPEX | K20: 1.0692973 | L20: 1.0692973
B21: Фактический ФОТ 2018 | G21: 10790.429 | K21: 10112.211 | L21: 10790.429
B22: Расходы на ФОТ с учетом OPEX на 2020 | K22: 16150.975 | L22: 17430.832 | M22: =K22*M15 -> 16103.725 | N22: =M22*N15 -> 16062.499 | O22: =N22*O15 -> 16036.799 | P22: =O22*P15 -> 16011.141
A23: 1 | B23: Экономически обоснованные ПР, тыс.руб. | C23: =C24+C27+C28+C42 -> 15587.199 | D23: =D24+D27+D28+D42 -> 14787.397 | E23: =D23 -> 14787.397 | F23: 23543.026 | G23: 17714.813 | H23: =G23 -> 17714.813 | I23: 24909.794 | J23: 38971.886 | K23: 27287.983 | L23: 31591.465 | M23: =K23*M15 -> 27208.151 | N23: =M23*N15 -> 27138.498 | O23: =N23*O15 -> 27095.076 | P23: =O23*P15 -> 27051.724 | R23: =K23/I23 -> 1.095472
A24: 1.1 | B24: Материальные затраты | C24: =C25+C26 -> 3931 | D24: =D25+D26 -> 3277 | F24: 5796.2495 | G24: 2718.761 | I24: 6132.7453 | J24: 10002.25 | K24: 2558.651 | L24: 2703.6875 | R24: =K24/I24 -> 0.41721136
A25: 1.1.1 | B25: Сырье, материалы,запасные части, инструмент,топливо | C25: 980 | D25: 1157 | F25: 5104.2275 | G25: 2263 | I25: 5400.5486 | J25: 7306.4616 | K25: 2102.89 | L25: 2300.5495 | Q25: в соответствии с п. 24 Основ ценообразования в области регулируемых цен (тарифо) в элетроэнергетике | R25: =K25/I25 -> 0.38938452 | T25: на уровне плана
A26: 1.1.2 | B26: Работы и услуги производственного характера( в т.ч. Услуги сторонних организаций по содержанию сетей и распределительных устройств) | C26: 2951 | D26: 2120 | F26: 692.02204 | G26: 455.76102 | I26: 732.19673 | J26: 2695.7885 | K26: 455.76102 | L26: 403.138 | R26: =K26/I26 -> 0.62245706
A27: 1.2 | B27: Расходы на оплату труда | C27: 10073 | D27: 10113 | F27: 14860.165 | G27: 10274.338 | I27: 15722.857 | J27: 20381.534 | K27: 18438.696 | L27: 19956.255 | Q27: в соответствии с п. 26 Основ ценообразования | R27: =K27/I27 -> 1.1727319
A28: 1.3 | B28: Прочие расходы, всего, в т.ч: | C28: =C29+C30+C37+C38+C39+C40+C41 -> 1583.1992 | D28: =D29+D30+D37+D38+D39+D40+D41 -> 1397.3972 | F28: 2370.5214 | G28: 4205.6231 | I28: 2508.1398 | J28: 7894.9616 | K28: 5597.4944 | L28: 8138.3809 | R28: =K28/I28 -> 2.2317314
A29: 1.3.1 | B29: Ремонт основных средств | F29: 0 | G29: 977.5 | I29: 0 | J29: 7306.4616 | K29: 4873.458 | L29: 7285.5497 | Q29: в соответствии с п. 25 Основ ценообразования | R29: =K29/I29 -> #DIV/0! | T29: все хозспособом
A30: 1.3.2 | B30: Оплата работ и услуг сторонних организаций | C30: =SUM(C31:C36) -> 1447.1992 | D30: =SUM(D31:D36) -> 1265 | F30: 1581.0926 | G30: 1853 | I30: 1672.8815 | J30: 272 | K30: 164.12918 | L30: 169.837 | R30: =K30/I30 -> 0.098111663
A31: 1.3.2.1 | B31: Услуги связи | C31: 71 | D31: 74 | E31: =1.93496+0.01338+1.88587+0.0446+1.5667+0.06691+1.78357+0.08921+1.74781+0.06245+1.94086+0.02841+2.40815+0.11151+1.82109+0.05394+2.02287+1.96659+1.74265+2.773+2.773+2.773+2.773+2.773+2.773+2.773+2.773+2.773+2.773+2.773+2.773+3.35+0.6 -> 58.51753 | F31: 388.51013 | G31: 20 | I31: 411.06472 | J31: 82 | K31: 63.10589 | L31: 65.78301 | R31: =K31/I31 -> 0.15351814
A32: 1.3.2.2 | B32: Расходы на услуги внедедомственной охраны и коммунального хозяйства | C32: 10 | D32: 10 | F32: 0 | G32: 0 | I32: 0 | J32: 10 | K32: 0 | L32: 0 | R32: =K32/I32 -> #DIV/0!
A33: 1.3.2.3 | B33: Расходы на юридические и информационные услуги | C33: 87 | D33: 74 | E33: =3.239*12+11.34+11.34+4.8+4.56+7.5+0.99+0.99+0.99+4.8+7.5 -> 93.678 | F33: 0 | G33: 0 | I33: 0 | J33: 80 | K33: 101.02329 | L33: 104.05399 | R33: =K33/I33 -> #DIV/0!
A34: 1.3.2.4 | B34: Расходы на аудиторские и консультационные услуги | C34: 31 | D34: 0 | F34: 0 | G34: 50 | I34: 0 | R34: =K34/I34 -> #DIV/0!
A35: 1.3.2.5 | B35: Транспортные услуги | F35: 0 | G35: 0 | I35: 0 | R35: =K35/I35 -> #DIV/0!
A36: 1.3.2.6 | B36: Прочие услуги сторонних организаций | C36: 1248.1992 | D36: 1107 | F36: 388.51013 | G36: 1783 | I36: 411.06472 | J36: 100 | K36: 0 | L36: 0 | Q36: в соответствии с п. 28 Основ ценообразования | R36: =K36/I36 -> 0
A37: 1.3.3 | B37: Расходы на командировки и представительские | D37: 0 | F37: 12.4085 | G37: 12 | I37: 13.128864 | J37: 13.5 | K37: 12.780755 | L37: 12.36 | Q37: в соответствии с п. 28 Основ ценообразования | R37: =K37/I37 -> 0.97348524
A38: 1.3.4 | B38: Расходы на подготовку кадров | C38: 19 | D38: 33 | E38: =7.2+29.4+5+12+3+5+1.5+12+3+12 -> 90.1 | F38: 0 | G38: 40 | I38: 0 | J38: 14 | K38: 97.164741 | L38: 38 | R38: =K38/I38 -> #DIV/0!
A39: 1.3.5 | B39: Расходы на обеспечение нормальных условий труда и мер по технике безопасности | D39: 30 | F39: 35.000822 | G39: 375.12311 | I39: 37.032761 | J39: 289 | K39: 375.12311 | L39: 500 | R39: =K39/I39 -> 10.129494 | T39: медкомиссия+спецодежда
A40: 1.3.6 | B40: Расходы на страхование | D40: 0 | F40: 0 | G40: 31 | I40: 0 | L40: 32.55 | R40: =K40/I40 -> #DIV/0!
A41: 1.3.7 | B41: Другие прочие расходы | C41: 117 | D41: ='Другие прочие и подконтрольные '!B6 -> 69.39718 | F41: 0 | G41: 917 | I41: 0 | J41: 0 | K41: 74.838613 | L41: 100.08419 | Q41: в соответствии с п. 28 Основ ценообразования | R41: =K41/I41 -> #DIV/0!
A42: 1.4 | B42: Подконтрольные расходы из прибыли | F42: 516.09067 | G42: 516.09067 | I42: 546.05182 | J42: 693.14113 | K42: 693.14113 | L42: 793.14113 | M42: =K42*K18/K23*M15 -> 646.98056 | N42: =M42*N15 -> 645.32429 | O42: =N42*O15 -> 644.29177 | P42: =O42*P15 -> 643.26091 | R42: =K42/I42 -> 1.2693688
B43: Расчет неподконтрольных расходов | R43: =K43/I43 -> #DIV/0!
A44: 2 | B44: Неподконтрольные расходы (НР) тыс.руб.: | C44: =C45+C48+C49+C50+C51+C59+C60+C61+C62+C63+C68 -> 6174.8008 | D44: =D45+D48+D49+D50+D51+D59+D60+D61+D62+D63+D68 -> 6702.8008 | E44: =E45+E48+E49+E50+E51+E59+E60+E61+E62+E63+E68 -> 6060.0093 | F44: 7007.2758 | G44: 6977.78 | H44: =H45+H48+H49+H50+H51+H59+H60+H61+H62+H63+H68 -> 6665.2037 | I44: 7373.8819 | J44: 11374.557 | K44: 8577.0454 | L44: 14243.536 | M44: =M45+M48+M49+M50+M51+M59+M60+M61+M62+M63+M68 -> 8505.477 | N44: =N45+N48+N49+N50+N51+N59+N60+N61+N62+N63+N68 -> 8495.8675 | O44: =O45+O48+O49+O50+O51+O59+O60+O61+O62+O63+O68 -> 8491.3037 | P44: =P45+P48+P49+P50+P51+P59+P60+P61+P62+P63+P68 -> 8486.9121 | R44: =K44/I44 -> 1.1631655
A45: 2.1 | B45: Оплата услуг ОАО "ФСК ЕЭС" | J45: 0 | K45: 0 | L45: 0 | M45: =K45*M$15 -> 0 | N45: =M45*N$15 -> 0 | O45: =N45*O$15 -> 0 | P45: =O45*P$15 -> 0 | Q45: в соответствии с п. 23 Основ ценообразования, исходя из прогнозных ставок ФСК | R45: =K45/I45 -> #DIV/0!
B46: 1 ПОЛУГОДИЕ | J46: 0 | K46: 0 | L46: 0 | M46: =K46*M$15 -> 0 | N46: =M46*N$15 -> 0 | O46: =N46*O$15 -> 0 | P46: =O46*P$15 -> 0 | R46: =K46/I46 -> #DIV/0!
B47: 2 ПОЛУГОДИЕ | J47: 0 | K47: 0 | L47: 0 | M47: =K47*M$15 -> 0 | N47: =M47*N$15 -> 0 | O47: =N47*O$15 -> 0 | P47: =O47*P$15 -> 0 | R47: =K47/I47 -> #DIV/0!
A48: 2.2 | B48: Электроэнергия на хоз. нужды | C48: 20 | D48: 20 | E48: =5.52664+5.99651+5.24999+4.62158+4.47922+4.92957+5.50226+5.83637+5.16827+5.92739+5.75552 -> 58.99332 | H48: ='Содержание зданий'!D7 -> 20.8 | J48: 21.632 | K48: 63.618986 | L48: 21.5682 | M48: ='Содержание зданий'!I7 -> 22.49728 | N48: =M48*1.056 -> 23.757128 | O48: =N48*1.056 -> 25.087527 | P48: =O48*1.056 -> 26.492428 | R48: =K48/I48 -> #DIV/0!
A49: 2.3 | B49: Содержание зданий (Теплоэнергия, газ) | C49: 56 | D49: 56 | H49: ='Содержание зданий'!D15+'Содержание зданий'!D21+'Содержание зданий'!D27 -> 43.737329 | J49: =61.74+4.8 -> 66.54 | K49: 75.35938 | L49: 77.620161 | M49: ='Содержание зданий'!I15+'Содержание зданий'!I21+'Содержание зданий'!I27 -> 51.119843 | N49: =M49*N8 -> 53.113517 | O49: =N49*O8 -> 55.238058 | P49: =O49*P8 -> 57.44758 | Q49: в соответствии с п. 22 Основ ценообразования | R49: =K49/I49 -> #DIV/0!
A50: 2.4 | B50: Плата за аренду имущества и лизинг | C50: 394.8008 | D50: 394.8008 | E50: ='Аренда имущества'!J45 -> 18.8196 | F50: 508.48101 | G50: 482.5 | H50: ='Аренда имущества'!L45 -> 328.70274 | I50: 5.717 | J50: 558.849 | K50: 339.42 | L50: 339.42 | M50: ='Аренда имущества'!V45:V45 -> 320.09035 | N50: =M50 -> 320.09035 | O50: =N50 -> 320.09035 | P50: =O50 -> 320.09035 | R50: =K50/I50 -> 59.370299
A51: 2.5 | B51: Налоги всего, в т.ч.: | C51: =SUM(C52:C58) -> 25 | D51: =SUM(D52:D58) -> 40 | F51: 47.3284 | G51: 58 | H51: =SUM(H52:H58) -> 95.17767 | I51: 53.4884 | J51: 40 | K51: 92.959461 | L51: 153 | M51: =SUM(M52:M58) -> 93.37767 | N51: =SUM(N52:N58) -> 93.37767 | O51: =SUM(O52:O58) -> 93.37767 | P51: =SUM(P52:P58) -> 93.37767 | R51: =K51/I51 -> 1.7379368
A52: 2.5.1 | B52: Плата за землю | C52: 25 | D52: 40 | E52: ='Плата за землю'!C6 -> 39.695811 | F52: 18 | G52: 58 | H52: ='Плата за землю'!J6 -> 41.91442 | I52: 25 | J52: 40 | K52: 39.695811 | L52: 58 | M52: ='Плата за землю'!J6 -> 41.91442 | N52: =M52 -> 41.91442 | O52: =N52 -> 41.91442 | P52: =O52 -> 41.91442 | Q52: в соответствии с п. 28 Основ ценообразования | R52: =K52/I52 -> 1.5878324
A53: 2.5.2 | B53: налог на имущество | J53: 0 | K53: 0 | L53: 0 | M53: ='Налог на имущество'!E10 -> 0 | N53: ='Налог на имущество'!F10 -> 0 | O53: ='Налог на имущество'!G10 -> 0 | P53: ='Налог на имущество'!H10 -> 0 | Q53: в соответствии с п. 28 Основ ценообразования | R53: =K53/I53 -> #DIV/0!
B54: ВН | R54: =K54/I54 -> #DIV/0!
B55: СН1 | R55: =K55/I55 -> #DIV/0!
B56: СН2 | R56: =K56/I56 -> #DIV/0!
B57: НН | R57: =K57/I57 -> #DIV/0!
A58: 2.5.3 | B58: прочие налоги и сборы | E58: ='Транс. налог'!E34+'негативное воздействие '!C10+'прочие налоги и сборы'!C8 -> 53.26365 | F58: 29.3284 | G58: 95 | H58: ='Транс. налог'!G34 -> 53.26325 | I58: 28.4884 | J58: 0 | K58: 53.26365 | L58: 95 | M58: ='Транс. налог'!P34 -> 51.46325 | N58: =M58 -> 51.46325 | O58: =N58 -> 51.46325 | P58: =O58 -> 51.46325 | Q58: в соответствии с п. 28 Основ ценообразования | R58: =K58/I58 -> 1.869661
A59: 2.6 | B59: Отчисления на социальные нужды | C59: 3052 | D59: 3064 | E59: 3064 | F59: 4502.6299 | G59: 3269.5 | H59: 3183 | I59: 4764.0258 | J59: 6175.6047 | K59: 5002.6202 | L59: 5408.4876 | M59: =M22*0.303+M42*0.303*'Другие прочие и подконтрольные '!J21 -> 5024.6059 | N59: =N22*0.303+N42*0.303*'Другие прочие и подконтрольные '!J21 -> 5011.7429 | O59: =O22*0.303+O42*0.303*'Другие прочие и подконтрольные '!J21 -> 5003.7241 | P59: =P22*0.303+P42*0.303*'Другие прочие и подконтрольные '!J21 -> 4995.7181 | Q59: в соответствии с п. 28 Основ ценообразования | R59: =K59/I59 -> 1.0500825 | S59: 0.303
A60: 2.7 | B60: Прочие неподконтрольные расходы | C60: 48 | D60: 49 | J60: 210.02176 | K60: 0 | L60: 0 | M60: =K60*M$15 -> 0 | N60: =M60*N$15 -> 0 | O60: =N60*O$15 -> 0 | P60: =O60*P$15 -> 0 | Q60: в соответствии с п. 28 Основ ценообразования | R60: =K60/I60 -> #DIV/0!
A61: 2.8 | B61: Налог на прибыль 3% от дохода | C61: 1257 | D61: 1341 | E61: =1727*44846/65525 -> 1181.977 | F61: 1111 | G61: 1343.88 | H61: =1625*(44417+77)/61463 -> 1176.3622 | I61: 1111 | J61: 2120 | K61: 1181.977 | L61: 1812.3501 | M61: =H61 -> 1176.3622 | N61: =M61 -> 1176.3622 | O61: =N61 -> 1176.3622 | P61: =O61 -> 1176.3622 | Q61: в соответствии с п. 20 ОСНОВ 1178 по данным бухгалтерского учета за последний истекший период, относ к передаче и ТП . | R61: =K61/I61 -> 1.0638857 | S61: в доле на электрику
A62: 2.9 | B62: Расходы, связанные с компенсацией выпадающих доходов от льготного ТП на период регулирования | Q62: в соответствии с п.87 Основ ценообразования и МУ №215-э/1 от 11.09.2014 ФСТ России | R62: =K62/I62 -> #DIV/0!
A63: 2.10 | B63: Аммортизация ОС | C63: 1322 | D63: 1738 | E63: ='[9]2019'!$W$95/1000 -> 1736.2194 | F63: 837.83648 | G63: 1823.9 | H63: 1817.4238 | I63: 1439.6507 | J63: 2186.7091 | K63: 1821.0904 | L63: 1821.0904 | M63: =H63 -> 1817.4238 | N63: =M63 -> 1817.4238 | O63: =N63 -> 1817.4238 | P63: =O63 -> 1817.4238 | Q63: в соответствии с п. 27 Основ ценообразования | R63: =M63/I63 -> 1.262406
B64: ВН | R64: =K64/I64 -> #DIV/0!
B65: СН1 | R65: =K65/I65 -> #DIV/0!
B66: СН2 | F66: 616.34006 | G66: 1341.7208 | I66: 1059.0544 | J66: 1608.6151 | K66: 1339.654 | L66: 1339.654 | M66: =K66/K63*M63 -> 1336.9567 | N66: =M66/M63*N63 -> 1336.9567 | O66: =N66/N63*O63 -> 1336.9567 | P66: =O66/O63*P63 -> 1336.9567 | R66: =K66/I66 -> 1.2649529
B67: НН | F67: 221.49642 | G67: 482.17919 | I67: 380.59632 | J67: 578.09398 | K67: 481.43643 | L67: 481.43643 | M67: =K67/K63*M63 -> 480.46709 | N67: =M67/M63*N63 -> 480.46709 | O67: =N67/N63*O63 -> 480.46709 | P67: =O67/O63*P63 -> 480.46709 | R67: =K67/I67 -> 1.2649529
A68: 2.11 | B68: Прибыль на капитальные вложения | L68: 4610 | Q68: в соответствии с п. 32 Основ ценообразования. согласно утвержденной ИПР | R68: =K68/I68 -> #DIV/0!
B69: ВН | R69: =K69/I69 -> #DIV/0!
B70: СН1 | R70: =K70/I70 -> #DIV/0!
B71: СН2 | R71: =K71/I71 -> #DIV/0!
B72: НН | R72: =K72/I72 -> #DIV/0!
B73: Проверка прибыли на капвложения( не более 12% от НВВ на содержание сетей) | F73: 0 | G73: 0 | I73: 0 | J73: 0 | K73: 0 | L73: 0.10990065 | M73: =M68/(M78-M68/0.8-M45-M50) -> 0 | N73: =N68/(N78-N68/0.8-N45-N50) -> 0 | O73: =O68/(O78-O68/0.8-O45-O50) -> 0 | P73: =P68/(P78-P68/0.8-P45-P50) -> 0 | R73: =K73/I73 -> #DIV/0!
A74: 3 | B74: Расходы долгосрочного периода регулирования, связанные с компенсацией незапланированных расходов (со знаком "плюс") или полученного избытка (со знаком "минус"), выявленных по итогам последнего истекшего года долгосрочного периода регулирования тыс.руб. | F74: 842.69113 | I74: -1826.09 | K74: 4158.791 | L74: 5430.2268 | M74: ='Корр ПР'!E12+'Корр. НР'!G19+'Корр. ПО'!B46 -> 572.68777 | Q74: в соответствии с МУ №98-э от 17.02.2012г. корректировка по факту | R74: =K74/I74 -> -2.2774294
A75: 4 | B75: Корректировка необходимой валовой выручки, осуществляемая с учетом достижения установленного уровня надежности и качества услуг тыс.руб. | J75: 0 | K75: -408.10891 | L75: -182.74552 | M75: ='Корр. КНК'!E10 -> -395.94862 | Q75: в соответствии с п. 8 Основ ценообразования и МУ №98-э | R75: =K75/I75 -> #DIV/0!
A76: 5 | B76: Экономия расходов на оплату потерь электрической энергии | M76: ='Корр. ПО'!B47 -> 0 | Q76: в соответствии с п.34(1) Основ ценообразования и МУ №98-э
A77: 6 | B77: Расходы по обеспечению коммерческого учета электрической энергии (мощности), | Q77: в соответствии с п.38 Основ ценообразования и МУ №98-э
A78: 5 | B78: Итого НВВ (без учета оплаты потерь) тыс.руб. | C78: =C23+C44+C74+C75 -> 21762 | D78: =D23+D44+D74+D75 -> 21490.198 | E78: =E23+E44+E74+E75 -> 20847.407 | F78: 31392.993 | G78: 24692.593 | H78: =H23+H44+H74+H75 -> 24380.017 | I78: 30457.586 | J78: 50346.443 | K78: 37873.168 | L78: 48048.896 | M78: =M18+M44+M74+M75+M76+M77 -> 34152.923 | N78: =N23+N44+N74+N75 -> 35634.365 | O78: =O23+O44+O74+O75 -> 35586.38 | P78: =P23+P44+P74+P75 -> 35538.636 | R78: =M78/K78 -> 0.90177095
B79: ВН | F79: 0 | G79: 0 | I79: 0 | J79: 0 | K79: 0 | L79: 0 | M79: =M45+M54+M64+M69+($M$78-SUM($M$64:$M$67)-SUM($M$69:$M$72)-SUM($M$54:$M$57)-$M$45)*M10/$M$9 -> 0 | N79: =N45+N54+N64+N69+($N$78-SUM($N$64:$N$67)-SUM($N$69:$N$72)-SUM($N$54:$N$57)-$N$45)*N10/$N$9 -> 0 | O79: =O45+O54+O64+O69+($O$78-SUM($O$64:$O$67)-SUM($O$69:$O$72)-SUM($O$54:$O$57)-$O$45)*O10/$O$9 -> 0 | P79: =P45+P54+P64+P69+($P$78-SUM($P$64:$P$67)-SUM($P$69:$P$72)-SUM($P$54:$P$57)-$P$45)*P10/$P$9 -> 0 | R79: =K79/I79 -> #DIV/0!
B80: СН | F80: 0 | G80: 0 | I80: 0 | J80: 0 | K80: 0 | L80: 0 | M80: =M55+M65+M70+($M$78-SUM($M$64:$M$67)-SUM($M$69:$M$72)-SUM($M$54:$M$57)-$M$45)*M11/$M$9 -> 0 | N80: =N55+N65+N70+($N$78-SUM($N$64:$N$67)-SUM($N$69:$N$72)-SUM($N$54:$N$57)-$N$45)*N11/$N$9 -> 0 | O80: =O55+O65+O70+($O$78-SUM($O$64:$O$67)-SUM($O$69:$O$72)-SUM($O$54:$O$57)-$O$45)*O11/$O$9 -> 0 | P80: =P55+P65+P70+($P$78-SUM($P$64:$P$67)-SUM($P$69:$P$72)-SUM($P$54:$P$57)-$P$45)*P11/$P$9 -> 0 | R80: =K80/I80 -> #DIV/0!
B81: СН2 | F81: 14290.493 | G81: 14290.493 | I81: 16296.927 | J81: 31925.812 | K81: 23191.902 | L81: 29359.717 | M81: =M56+M66+M71+($M$78-SUM($M$64:$M$67)-SUM($M$69:$M$72)-SUM($M$54:$M$57)-$M$45)*M12/$M$9 -> 20953.082 | N81: =N56+N66+N71+($N$78-SUM($N$64:$N$67)-SUM($N$69:$N$72)-SUM($N$54:$N$57)-$N$45)*N12/$N$9 -> 21851.79 | O81: =O56+O66+O71+($O$78-SUM($O$64:$O$67)-SUM($O$69:$O$72)-SUM($O$54:$O$57)-$O$45)*O12/$O$9 -> 21822.68 | P81: =P56+P66+P71+($P$78-SUM($P$64:$P$67)-SUM($P$69:$P$72)-SUM($P$54:$P$57)-$P$45)*P12/$P$9 -> 21793.716 | R81: =K81/I81 -> 1.4230844
B82: НН | F82: 17102.5 | G82: 17102.5 | I82: 14160.659 | J82: 18420.631 | K82: 14681.266 | L82: 18689.179 | M82: =M78-M79-M80-M81 -> 13199.841 | N82: =N78-N79-N80-N81 -> 13782.576 | O82: =O78-O79-O80-O81 -> 13763.7 | P82: =P78-P79-P80-P81 -> 13744.92 | R82: =K82/I82 -> 1.0367643
B83: Итого НВВ на сторонних (без учета оплаты потерь) тыс.руб. | E83: =E78*$E$129 -> 20847.407 | F83: 31392.993 | G83: 31392.993 | H83: =H78*$M$129 -> 24380.017 | I83: 30457.586 | J83: 50346.443 | K83: 37873.168 | L83: 48048.896 | M83: =M78*$M$129 -> 34152.923 | N83: =N78*$K$129 -> 35634.365 | O83: =O78*$K$129 -> 35586.38 | P83: =P78*$K$129 -> 35538.636
B84: Корректировка НВВ с учетом изменения полезного отпуска и цен на электрическую энергию | I84: 0
A85: 6 | B85: Итого НВВ на сторонних (без учета оплаты потерь) тыс.руб. | C85: =C78 -> 21762 | D85: =D78 -> 21490.198 | E85: =E83 -> 20847.407 | F85: 31392.993 | G85: 31392.993 | H85: =H83+H84 -> 24380.017 | I85: 30457.586 | J85: 50346.443 | K85: 37873.168 | L85: 48048.896 | M85: =M83+M84 -> 34152.923 | N85: =N83+N84 -> 35634.365 | O85: =O83+O84 -> 35586.38 | P85: =P83+P84 -> 35538.636 | R85: =K85/I85 -> 1.2434724
B86: ВН | F86: 0 | G86: 0 | I86: 0 | J86: 0 | K86: 0 | L86: 0 | M86: =M79/$K$78*$K$85 -> 0 | N86: =N79/$K$78*$K$85 -> 0 | O86: =O79/$K$78*$K$85 -> 0 | P86: =P79/$K$78*$K$85 -> 0 | R86: =K86/I86 -> #DIV/0!
B87: СН | F87: 0 | G87: 0 | I87: 0 | J87: 0 | K87: 0 | L87: 0 | M87: =M80/$K$78*$K$85 -> 0 | N87: =N80/$K$78*$K$85 -> 0 | O87: =O80/$K$78*$K$85 -> 0 | P87: =P80/$K$78*$K$85 -> 0 | R87: =K87/I87 -> #DIV/0!
B88: СН2 | F88: 14290.493 | G88: 14290.493 | I88: 16296.927 | J88: 31925.812 | K88: 23191.902 | L88: 29359.717 | M88: =M81/$K$78*$K$85 -> 20953.082 | N88: =N81/$K$78*$K$85 -> 21851.79 | O88: =O81/$K$78*$K$85 -> 21822.68 | P88: =P81/$K$78*$K$85 -> 21793.716 | R88: =K88/I88 -> 1.4230844
B89: НН | F89: 17102.5 | G89: 17102.5 | I89: 14160.659 | J89: 18420.631 | K89: 14681.266 | L89: 18689.179 | M89: =M82/$K$78*$K$85 -> 13199.841 | N89: =N82/$K$78*$K$85 -> 13782.576 | O89: =O82/$K$78*$K$85 -> 13763.7 | P89: =P82/$K$78*$K$85 -> 13744.92 | R89: =K89/I89 -> 1.0367643
B90: 1 ПОЛУГОДИЕ | C90: =C85/2 -> 10881 | D90: =D85/2 -> 10745.099 | F90: 15696.497 | G90: 15696.497 | I90: 15228.793 | J90: 25173.222 | K90: 18936.584 | L90: 24024.448 | M90: =M85/2 -> 17076.461 | N90: =N85/2 -> 17817.183 | O90: =O85/2 -> 17793.19 | P90: =P85/2 -> 17769.318 | R90: =K90/I90 -> 1.2434724
B91: ВН | F91: 0 | G91: 0 | I91: 0 | J91: 0 | K91: 0 | L91: 0 | M91: =M46 -> 0 | N91: =N46 -> 0 | O91: =O46 -> 0 | P91: =P46 -> 0 | R91: =K91/I91 -> #DIV/0!
B92: СН | F92: 0 | G92: 0 | I92: 0 | J92: 0 | K92: 0 | L92: 0 | M92: =(M90-M91)*M87/(M85-M86) -> 0 | N92: =(N90-N91)*N87/(N85-N86) -> 0 | O92: =(O90-O91)*O87/(O85-O86) -> 0 | P92: =(P90-P91)*P87/(P85-P86) -> 0 | R92: =K92/I92 -> #DIV/0!
B93: СН2 | C93: =(C90-C91)*C88/(C85-C86) -> 0 | D93: =(D90-D91)*D88/(D85-D86) -> 0 | F93: 7145.2465 | G93: 7145.2465 | I93: 8148.4635 | J93: 15962.906 | K93: 11595.951 | L93: 14679.858 | M93: =(M90-M91)*M88/(M85-M86) -> 10476.541 | N93: =(N90-N91)*N88/(N85-N86) -> 10925.895 | O93: =(O90-O91)*O88/(O85-O86) -> 10911.34 | P93: =(P90-P91)*P88/(P85-P86) -> 10896.858 | R93: =K93/I93 -> 1.4230844
B94: НН | C94: =C90-C91-C92-C93 -> 10881 | D94: =D90-D91-D92-D93 -> 10745.099 | F94: 8551.2502 | G94: 8551.2502 | I94: 7080.3296 | J94: 9210.3155 | K94: 7340.6329 | L94: 9344.5895 | M94: =M90-M91-M92-M93 -> 6599.9204 | N94: =N90-N91-N92-N93 -> 6891.2878 | O94: =O90-O91-O92-O93 -> 6881.8501 | P94: =P90-P91-P92-P93 -> 6872.46 | R94: =K94/I94 -> 1.0367643
B95: 2 ПОЛУГОДИЕ | C95: =C85-C90 -> 10881 | D95: =D85-D90 -> 10745.099 | F95: 15696.497 | G95: 15696.497 | I95: 15228.793 | J95: 25173.222 | K95: 18936.584 | L95: 24024.448 | M95: =M85-M90 -> 17076.461 | N95: =N85-N90 -> 17817.183 | O95: =O85-O90 -> 17793.19 | P95: =P85-P90 -> 17769.318 | R95: =K95/I95 -> 1.2434724
B96: ВН | C96: =C86-C91 -> 0 | D96: =D86-D91 -> 0 | F96: 0 | G96: 0 | I96: 0 | J96: 0 | K96: 0 | L96: 0 | M96: =M86-M91 -> 0 | N96: =N86-N91 -> 0 | O96: =O86-O91 -> 0 | P96: =P86-P91 -> 0 | R96: =K96/I96 -> #DIV/0!
B97: СН | C97: =C87-C92 -> 0 | D97: =D87-D92 -> 0 | F97: 0 | G97: 0 | I97: 0 | J97: 0 | K97: 0 | L97: 0 | M97: =M87-M92 -> 0 | N97: =N87-N92 -> 0 | O97: =O87-O92 -> 0 | P97: =P87-P92 -> 0 | R97: =K97/I97 -> #DIV/0!
B98: СН2 | C98: =C88-C93 -> 0 | D98: =D88-D93 -> 0 | F98: 7145.2465 | G98: 7145.2465 | I98: 8148.4635 | J98: 15962.906 | K98: 11595.951 | L98: 14679.858 | M98: =M88-M93 -> 10476.541 | N98: =N88-N93 -> 10925.895 | O98: =O88-O93 -> 10911.34 | P98: =P88-P93 -> 10896.858 | R98: =K98/I98 -> 1.4230844
B99: НН | C99: =C95-C98 -> 10881 | D99: =D95-D98 -> 10745.099 | F99: 8551.2502 | G99: 8551.2502 | I99: 7080.3296 | J99: 9210.3155 | K99: 7340.6329 | L99: 9344.5895 | M99: =M89-M94 -> 6599.9204 | N99: =N89-N94 -> 6891.2878 | O99: =O89-O94 -> 6881.8501 | P99: =P89-P94 -> 6872.46 | R99: =K99/I99 -> 1.0367643
B100: Базовый уровень подконтрольных расходов, отнесенных на сторонних потребителей | C100: =C23 -> 15587.199 | D100: =D23 -> 14787.397 | F100: 23543.026 | G100: 23543.026 | I100: 24909.794 | J100: 38971.886 | K100: 25545.441 | L100: 28557.878 | M100: =M18*M129 -> 25470.707 | N100: =N18*N129 -> 25405.502 | O100: =O18*O129 -> 25364.853 | P100: =P18*P129 -> 25324.269 | R100: =K100/I100 -> 1.0255179
...

Sheet Сырье и материалы
B1: Расшифровка статьи п.1.1.1
A3: № | B3: Наименование | C3: 2018 | D3: 2019 | E3: 2020
C4: Факт | D4: Утверждено | E4: По данным организации | F4: По данным экспертов
B5: 1 | C5: 3 | D5: 4 | E5: 5 | F5: 6
A6: 1.1.1 | B6: Сырье, материалы,запасные части, инструмент,топливо | C6: 1157 | D6: 5549.8338 | E6: =SUM(E7:E14) -> 7820.7316 | F6: =SUM(F7:F15) -> 2102.89 | H6: =F6/D6 -> 0.37891044 | I6: =E6-E14 -> 6416.5116
B8: ='Затраты на ремонт'!A5 -> 1. Ремонт воздушных линий ВЛ-6-10кВ | E8: ='Затраты на ремонт'!G6 -> 1437.3468
B9: ='Затраты на ремонт'!A34 -> 2.Ремонт воздушных линий ВЛ-0,4кВ | E9: ='Затраты на ремонт'!G35 -> 3065.9694
B10: ='Затраты на ремонт'!A79 -> 3.Ремонт кабельных линий 6-10кВ | E10: ='Затраты на ремонт'!G80 -> 298.00162
B11: ='Затраты на ремонт'!A99 -> 4.Ремонт кабельных линий 0,4кВ | E11: ='Затраты на ремонт'!G100 -> 253.8989
B12: ='Затраты на ремонт'!A129 -> 5.Ремонт трансформаторных подстанций | E12: ='Затраты на ремонт'!G130 -> 1278.584
B13: =B11 -> 4.Ремонт кабельных линий 0,4кВ | E13: ='Затраты на ремонт'!G160 -> 82.7108
B14: 5.Топливо, ГСМ | E14: =2302*0.61 -> 1404.22 | F14: 2102.89
G25: 16

Sheet Раб. и усл. произ. хар-ра
A1: Расшифровка статьи п.1.1.2 | G1: 17
A3: № | B3: Наименование | C3: 2018 | D3: 2019 | E3: 2020
C4: Факт | D4: Утверждено | E4: По данным организации | F4: По данным экспертов
B5: 1 | C5: 3 | D5: 4 | E5: 5 | F5: 6
A6: 1.1.2 | B6: Работы и услуги производственного характера | C6: =SUM(C7:C21) -> 0 | D6: =SUM(D7:D21) -> 422.62314 | E6: =SUM(E7:E21) -> 907.89925 | F6: =SUM(F7:F21) -> 455.76102
B7: Испытания электрооборудования | D7: =302.66*0+7.38+3.6+6.33+14.28+14.28+23.795+99.83+72.728+90.11697+90.28317 -> 422.62314 | E7: 524.23 | F7: =D7*1.047*1.03 -> 455.76102
B8: Услуги транспортного участка | E8: 383.66925 | F8: 0 | H8: все в зарплате

Sheet Затраты на ремонт
H1: 18
B2: Расчет затрат на проведение ремонтных работ * на 2020г по | D2: ='Реквизиты организации'!C8 -> МУ МПЖКХ Гусь-Железный
A4: № п/п | B4: Наименование | C4: Перечень материалов | D4: Ед. изм. | E4: Кол-во | F4: Цена за единицу, руб.(без НДС) | G4: Стоимость тыс.руб.(без НДС) | J4: Уточн.расчет предприятия с документами
A5: 1. Ремонт воздушных линий ВЛ-6-10кВ
A6: 1.1 | B6: Ремонтные работы, выполняемые хоз.способом | C6: материалы всего, в т.ч.: | G6: =SUM(G7:G32) -> 1437.3468 | J6: =1073.53817+238.059+18.0075+68.2349+30.56016 -> 1428.3997
C7: СИП 3 1*50 | D7: м | E7: 3000 | F7: =[11]Лист1!$F$7 -> 45.6 | G7: =E7*F7/1000 -> 136.8
C8: Стойка СВ110 | D8: шт | E8: 32 | F8: =[11]Лист1!$F$8 -> 10500 | G8: =E8*F8/1000 -> 336
C9: Арматура подвесная | E9: 0 | G9: =E9*F9/1000 -> 0
C10: Заземляющий проводник ЗП6 см. 21.0112-20 | D10: шт | E10: 75 | F10: =[11]Лист1!F10 -> 131.67 | G10: =E10*F10/1000 -> 9.87525
C11: Изолятор ШС-10д, ШФ-20-Г | D11: шт | E11: 299 | F11: =[11]Лист1!F11 -> 366.9 | G11: =E11*F11/1000 -> 109.7031
C12: Крюк КН-22 для ШФ-10, ШФ-20 | D12: шт | E12: 15 | F12: =[11]Лист1!F12 -> 177.5 | G12: =E12*F12/1000 -> 2.6625
C13: Колпачки КП-6а (КП-22) | D13: шт | E13: 222 | F13: =[11]Лист1!F13 -> 20.3 | G13: =E13*F13/1000 -> 4.5066
C14: Зажим плашечный ПА-1-1 | D14: шт | E14: 148 | F14: =[11]Лист1!F14 -> 23.75 | G14: =E14*F14/1000 -> 3.515
C15: Зажим плашечный ПА-2-2 2-х болтовой | D15: шт | E15: 48 | F15: =[11]Лист1!F15 -> 50.79 | G15: =E15*F15/1000 -> 2.43792
C16: Зажим плашечный ПА-3-2 2-х болтовой | D16: шт | E16: 48 | F16: =[11]Лист1!F16 -> 94.6 | G16: =E16*F16/1000 -> 4.5408
C17: Зажим плашечный ПС-1-1 | D17: шт | E17: 91 | F17: =[11]Лист1!F17 -> 46.02 | G17: =E17*F17/1000 -> 4.18782
C18: Зажим плашечный ПС-2-1 | D18: шт | E18: 91 | F18: =[11]Лист1!F18 -> 63.19 | G18: =E18*F18/1000 -> 5.75029
C19: Вязка спиральная ВС 120/150-2 | D19: шт | E19: 222 | F19: =[11]Лист1!F19 -> 141.7 | G19: =E19*F19/1000 -> 31.4574
C20: Дугозащитное устройство SE20.1 | D20: шт | E20: 95 | F20: =[11]Лист1!F20 -> 412.5 | G20: =E20*F20/1000 -> 39.1875
C21: Дугозащитное устройство SE20.2 | D21: шт | E21: 95 | F21: =[11]Лист1!F21 -> 436.25 | G21: =E21*F21/1000 -> 41.44375
... C28: Гайка М10 | D28: шт | E28: 377 | F28: =[11]Лист1!F28 -> 123.75 | G28: =E28*F28/1000 -> 46.65375
C29: Труба 1' | D29: м | E29: 34 | F29: 149 | G29: =E29*F29/1000 -> 5.066
C30: Разъединитель РЛНДМ-1-10-400 У1 (3-х пол.) | D30: шт | E30: 7 | F30: =[11]Лист1!F30 -> 8687.5 | G30: =E30*F30/1000 -> 60.8125
C31: Катанка ф6-8мм | D31: кг | E31: 377 | F31: =11.8 -> 11.8 | G31: =E31*F31/1000 -> 4.4486
A33: 1.2 | B33: Ремонтные работы, выполняемые подрядными организациями
A34: 2.Ремонт воздушных линий ВЛ-0,4кВ
A35: 2.1 | B35: Ремонтные работы, выполняемые хоз.способом | C35: материалы всего, в т.ч.: | G35: =SUM(G36:G74) -> 3065.9694 | J35: =560.06985+219.38052+471.58+428.92737 -> 1679.9577
C36: СИП 2 3*50+1*54,6+2*25 | D36: м | E36: 1502 | F36: 231.5 | G36: =SUM(E36:F36) -> 1733.5
C37: СИП 2 3*70+1*54,6+2*25 | D37: м | E37: 658 | F37: 234.8 | G37: =E37*F37/1000 -> 154.4984
C38: Стойка СВ95 | D38: шт | E38: 28 | F38: 7471.59 | G38: =E38*F38/1000 -> 209.20452
C39: Заземляющий проводник ЗП6 см. 21.0112-20 | D39: шт | E39: 75 | F39: 131.67 | G39: =E39*F39/1000 -> 9.87525
C40: Металлическая лента 20х0,7х1000 мм F 20.07 | D40: рулон | E40: 30 | F40: 1555 | G40: =E40*F40/1000 -> 46.65
C41: Скрепа С20 | D41: уп.(100шт) | E41: 6 | F41: 15.4 | G41: =E41*F41/1000 -> 0.0924
C42: Комплект промежуточной подвески ES 1500 | D42: шт | E42: 75 | F42: 693.6 | G42: =E42*F42/1000 -> 52.02
C43: Анкерный кронштейн СА-2000 | D43: шт | E43: 41 | F43: 331.6 | G43: =E43*F43/1000 -> 13.5956
C44: Натяжной зажим РА1500 | D44: шт | E44: 41 | F44: 550.8 | G44: =E44*F44/1000 -> 22.5828
C45: Зажим ОР-6 | D45: шт | E45: 75 | F45: 211.2 | G45: =E45*F45/1000 -> 15.84
C46: Провод изолированный ПВС 3х2,5 ГОСТ 7399-80 | D46: м | E46: 754 | F46: 60.1 | G46: =E46*F46/1000 -> 45.3154
C47: Зажим ZP-2 | D47: шт | E47: 302 | F47: 446.1 | G47: =E47*F47/1000 -> 134.7222
C48: Зажим ПС-1-1 ТУ34-13-10273-88 | D48: шт | E48: 302 | F48: 58.9 | G48: =E48*F48/1000 -> 17.7878
... C74: Катанка ф6-8мм | D74: кг | E74: 754 | F74: 11.8 | G74: =E74*F74/1000 -> 8.8972
A78: 2.2 | B78: Ремонтные работы, выполняемые подрядными организациями
A79: 3.Ремонт кабельных линий 6-10кВ
A80: 3.1 | B80: Ремонтные работы, выполняемые хоз.способом | C80: материалы всего, в т.ч.: | G80: =SUM(G81:G93) -> 298.00162 | J80: =298.00162+253.8989 -> 551.90052
C81: Кабель ААшв-10 3х70 | D81: м | E81: 75 | F81: 553.1 | G81: =E81*F81/1000 -> 41.4825
C82: КНтп-10-25/50 (3-х жил., до 10кV, сеч: 25, 35, 50 мм2) наружной установки | D82: шт | E82: 5 | F82: 4242.9 | G82: =E82*F82/1000 -> 21.2145
C83: КНтп-10-70/120 (3-х жил., до 10кV, сеч: 70, 95, 120 мм2) наружной установки | D83: шт | E83: 6 | F83: 4777.1 | G83: =E83*F83/1000 -> 28.6626
C84: Трубка термоусаживаемая толстостенная с клеем ТТт 45/12к L=1,22м. | D84: шт | E84: 15 | F84: 176.4 | G84: =E84*F84/1000 -> 2.646
C85: Трубка термоусаживаемая толстостенная с клеем ТТт 55/16к L=1,22м. | D85: шт | E85: 15 | F85: 260.4 | G85: =E85*F85/1000 -> 3.906
C86: Трубка термоусаживаемая толстостенная с клеем ТТт 65/19к L=1,22м. | D86: шт | E86: 15 | F86: 285.6 | G86: =E86*F86/1000 -> 4.284
C87: Трубка (кожух) термоусаживаемая толстостенная с клеем ТТт 95/25к L=0,9м. | D87: шт | E87: 398 | F87: 409.2 | G87: =E87*F87/1000 -> 162.8616
C88: Трубка (кожух) термоусаживаемая толстостенная с клеем ТТт 105/29к L=0,9м. | D88: шт | E88: 8 | F88: 471.6 | G88: =E88*F88/1000 -> 3.7728
C89: Трубка (кожух) термоусаживаемая толстостенная с клеем ТТт 130/36к L=0,9м. | D89: шт | E89: 8 | F89: 560.4 | G89: =E89*F89/1000 -> 4.4832
C90: Муфты кабельные термоусаживаемые соединительные с наконечниками 10КНТпН-3х(70-120) | D90: шт | E90: 11 | F90: 1581.72 | G90: =E90*F90/1000 -> 17.39892
C91: Изолента | D91: шт | E91: 19 | F91: 48.5 | G91: =E91*F91/1000 -> 0.9215
C92: Припой ПС40 | D92: пруток | E92: 8 | F92: 398 | G92: =E92*F92/1000 -> 3.184
C93: Припой для пайки алюминия П150А, П250А, П300А | D93: пруток | E93: 8 | F93: 398 | G93: =E93*F93/1000 -> 3.184
G94: =E94*F94/1000 -> 0
G95: =E95*F95/1000 -> 0
G96: =E96*F96/1000 -> 0
G97: =E97*F97/1000 -> 0
A98: 3.2 | B98: Ремонтные работы, выполняемые подрядными организациями
A99: 4.Ремонт кабельных линий 0,4кВ
A100: 4.1 | B100: Ремонтные работы, выполняемые хоз.способом | C100: материалы всего, в т.ч.: | G100: =SUM(G101:G126) -> 253.8989 | H100: 19
C101: Кабель ААшв-1 4х70 | D101: м | E101: 220 | F101: =[11]Лист1!$F$101 -> 492.68 | G101: =E101*F101/1000 -> 108.3896
C102: Термоспекаемые ленты КЛ-50;ПТЛ-40;ТЛ-630 | D102: рулон | E102: 25 | F102: 558 | G102: =E102*F102/1000 -> 13.95
C103: муфта 1KVRSJ-5/2 | D103: шт | E103: 6 | F103: 2400 | G103: =E103*F103/1000 -> 14.4
C104: муфта 1KVRST-5/2 | D104: шт | E104: 12 | F104: 2400 | G104: =E104*F104/1000 -> 28.8
C105: Термоус. трубка Navigator NST 6/3 71119 | D105: м | E105: 302 | F105: =[11]Лист1!F105 -> 9.5 | G105: =E105*F105/1000 -> 2.869
C106: Наконечники Ф16 | D106: шт | E106: 68 | F106: =[11]Лист1!F106 -> 7.7 | G106: =E106*F106/1000 -> 0.5236
C107: Наконечники Ф25 | D107: шт | E107: 23 | F107: =[11]Лист1!F107 -> 8.8 | G107: =E107*F107/1000 -> 0.2024
C108: Наконечники Ф35 | D108: шт | E108: 45 | F108: =[11]Лист1!F108 -> 9 | G108: =E108*F108/1000 -> 0.405
C109: Наконечники Ф50 | D109: шт | E109: 45 | F109: =[11]Лист1!F109 -> 11.2 | G109: =E109*F109/1000 -> 0.504
C110: Наконечники Ф70 | D110: шт | E110: 45 | F110: =[11]Лист1!F110 -> 14.9 | G110: =E110*F110/1000 -> 0.6705
C111: Наконечники Ф95 | D111: шт | E111: 41 | F111: =[11]Лист1!F111 -> 21.4 | G111: =E111*F111/1000 -> 0.8774
C112: Наконечники Ф120 | D112: шт | E112: 14 | F112: =[11]Лист1!F112 -> 29.5 | G112: =E112*F112/1000 -> 0.413
C113: Наконечники Ф150 | D113: шт | E113: 14 | F113: =[11]Лист1!F113 -> 38.6 | G113: =E113*F113/1000 -> 0.5404
C114: Трубка термоусаживаемая среднестенная с клеем ТТс 16/5к L=1,22м. | D114: шт | E114: 15 | F114: ='[12]Затраты на ремонт'!F84 -> 147 | G114: =E114*F114/1000 -> 2.205
C115: Трубка термоусаживаемая среднестенная с клеем ТТс 28/6к L=1,22м. | D115: шт | E115: 15 | F115: ='[12]Затраты на ремонт'!F85 -> 217 | G115: =E115*F115/1000 -> 3.255
C116: Трубка термоусаживаемая среднестенная с клеем ТТс 33/8к L=1,22м. | D116: шт | E116: 15 | F116: ='[12]Затраты на ремонт'!F86 -> 238 | G116: =E116*F116/1000 -> 3.57
C117: Трубка термоусаживаемая среднестенная с клеем ТТс 40/12к L=1,22м | D117: шт | E117: 15 | F117: ='[12]Затраты на ремонт'!F87 -> 341 | G117: =E117*F117/1000 -> 5.115
C118: Трубка термоусаживаемая среднестенная с клеем ТТс 55/16к L=1,22м. | D118: шт | E118: 15 | F118: ='[12]Затраты на ремонт'!F88 -> 393 | G118: =E118*F118/1000 -> 5.895
C119: Трубка термоусаживаемая среднестенная с клеем ТТс 65/19к L=1,22м. | D119: шт | E119: 15 | F119: ='[12]Затраты на ремонт'!F89 -> 467 | G119: =E119*F119/1000 -> 7.005
C120: Трубка термоусаживаемая среднестенная с клеем ТТс 75/22к L=1,22м. | D120: шт | E120: 15 | F120: ='[12]Затраты на ремонт'!F90 -> 1318.1 | G120: =E120*F120/1000 -> 19.7715
C121: Трубка (кожух) термоусаживаемая среднестенная с клеем ТТс 105/29к L=1,25м. | D121: шт | E121: 15 | F121: ='[12]Затраты на ремонт'!F91 -> 26 | G121: =E121*F121/1000 -> 0.39
C122: Трубка (кожух) термоусаживаемая среднестенная с клеем ТТс 115/34к L=1,25м. | D122: шт | E122: 15 | F122: ='[12]Затраты на ремонт'!F92 -> 390 | G122: =E122*F122/1000 -> 5.85
C123: Трубка (кожух) термоусаживаемая среднестенная с клеем ТТс 140/42к L=1,25м. | D123: шт | E123: 15 | F123: ='[12]Затраты на ремонт'!F93 -> 390 | G123: =E123*F123/1000 -> 5.85
C124: Изолента | D124: шт | E124: 151 | F124: =[11]Лист1!F124 -> 48.5 | G124: =E124*F124/1000 -> 7.3235
C125: Припой ПС40 | D125: пруток | E125: 23 | F125: =F92 -> 398 | G125: =E125*F125/1000 -> 9.154
C126: Припой для пайки алюминия П150А, П250А, П300А | D126: пруток | E126: 15 | F126: =F93 -> 398 | G126: =E126*F126/1000 -> 5.97
A128: 4.2 | B128: Ремонтные работы, выполняемые подрядными организациями
A129: 5.Ремонт трансформаторных подстанций
A130: 5.1 | B130: Ремонтные работы, выполняемые хоз.способом | C130: материалы всего, в т.ч.: | G130: =SUM(G131:G156) -> 1278.584 | J130: =171.414+580.891+289.481+171.414 -> 1213.2
C131: Масло трансформаторное | D131: бочка 206л | E131: 3 | F131: 127.4 | G131: =E131*F131/1000 -> 0.3822
C132: Трансформатор ТМ160-400кВА 10/0,4кВ | D132: шт | E132: 2 | F132: 298725 | G132: =E132*F132/1000*0 -> 0
C133: Выключатель вакуумный ВВЭ-М-10-20 | D133: шт | E133: 2 | F133: 146250 | G133: =E133*F133/1000*0 -> 0
C134: Привод пружинный для ВВЭ-М-10-20 | D134: шт | E134: 2 | F134: ='[12]Затраты на ремонт'!F134*1.2 -> 18000 | G134: =E134*F134/1000 -> 36
C135: Ограничитель ОПН-Ф-10/12 | D135: шт | E135: 7 | F135: ='[12]Затраты на ремонт'!F135*1.2 -> 2388 | G135: =E135*F135/1000 -> 16.716
C136: Плавкая вставка ПН-2 100А | D136: шт | E136: 249 | F136: 60 | G136: =E136*F136/1000 -> 14.94
C137: Плавкая вставка ПН-2 250А | D137: шт | E137: 158 | F137: 81 | G137: =E137*F137/1000 -> 12.798
...

Sheet Оплата труда
B2: Расчет расходов на оплату труда
G3: Таблица 1.16.
A4: № | B4: Показатели | C4: Ед.изм. | D4: 2018 факт | E4: 2019 план | F4: 2020 план | G4: 2020 РЭК
A5: Расчет средств на оплату труда
A6: 1. | B6: Численность | C6: чел. | D6: 31.658 | E6: 49.588305 | F6: 54.79 | G6: ='Числ. и разряд'!E52 -> 44.955855
A7: 2. | B7: Тарифная ставка рабочего 1 разряда | C7: руб. | D7: 7500 | E7: 7500 | F7: =A37 -> 11288 | G7: 8772.645
A8: 3. | B8: Дефлятор по заработной плате | D8: 1.2925333 | E8: 1.318384 | F8: 1
A9: 4. | B9: Тарифная ставка рабочего 1 разряда с учетом дефлятора | C9: руб. | D9: =D7*D8 -> 9694 | E9: =E7*E8 -> 9887.88 | F9: =F7*F8 -> 11288 | G9: 8772.645
A10: 5. | B10: Средняя ступень оплаты | D10: 6.067 | E10: 6.0874245 | F10: 6.087 | G10: ='Числ. и разряд'!G52 -> 4.7950745
A11: 6. | B11: Тарифный коэффициент соответствующий ступени по оплате труда | C11: руб. | D11: 1.419 | E11: =D11 -> 1.419 | F11: 1.419 | G11: 1.5910642
A12: 7. | B12: Среднемесячная тарифная ставка | C12: - " - | D12: =D9*D11 -> 13755.786 | E12: =E9*E11 -> 14030.902 | F12: 16019 | G12: =G9*G11 -> 13957.841
A13: 8. | B13: Выплаты, связанные с режимом работы с условиями труда 1 работника
A14: 8.1 | B14: процент выплаты | C14: % | D14: 0.07 | E14: 0.07 | F14: 0.07 | G14: 0.125
A15: 8.2 | B15: сумма выплат | C15: руб. | D15: =D12*D14 -> 962.90502 | E15: =E12*E14 -> 982.16312 | F15: =F12*F14 -> 1121.33 | G15: =G12*G14 -> 1744.7301
A16: 9. | B16: Текущее премирование
A17: 9.1 | B17: процент выплаты | C17: % | D17: 0.5 | E17: 0.5 | F17: =E17 -> 0.5 | G17: 0.75
A18: 9.2 | B18: сумма выплат | C18: руб. | D18: =(D12+D15)*D17 -> 7359.3455 | E18: =(E12+E15)*E17 -> 7506.5324 | F18: =(F12+F15)*F17 -> 8570.165 | G18: =(G12+G15)*G17 -> 11776.928
A19: 10 | B19: Вознаграждение за выслугу лет
A20: 10.1 | B20: процент выплаты | C20: % | D20: 0.33 | E20: 0.33 | F20: 0.33 | G20: 0.15
A21: 10.2 | B21: сумма выплат | C21: руб. | D21: =D12*D20 -> 4539.4094 | E21: =E12*E20 -> 4630.1976 | F21: =F12*F20 -> 5286.27 | G21: =G12*G20 -> 2093.6762
A22: 11 | B22: Выплаты по итогам года
A23: 11.1 | B23: процент выплаты | C23: % | D23: 0 | E23: 0 | F23: 0 | G23: 0.33
A24: 11.2 | B24: сумма выплат | C24: руб. | D24: =D12*D23 -> 0 | E24: =E12*E23 -> 0 | F24: =F12*F23 -> 0 | G24: =G12*G23 -> 4606.0875
A25: 12. | B25: Итого среднемесячная оплата труда на 1 работника(п.7+п.8+п.9+п.10+п.11) | C25: руб. | D25: =D12+D15+D18+D21+D24 -> 26617.446 | E25: =E12+E15+E18+E21+E24 -> 27149.795 | F25: =F12+F15+F18+F21+F24 -> 30996.765 | G25: =G12+G15+G18+G21+G24 -> 34179.263
A26: 13. | B26: Всего годовой фонд на оплату труда (п.12*п.1*12/1000) | C26: тыс.руб. | D26: =D25*D6*12/1000 -> 10111.861 | E26: =E25*E6*12/1000 -> 16155.748 | F26: =F25*F6*12/1000 -> 20379.753 | G26: =G25*G6*12/1000 -> 18438.696
B28: Данные по П-4 | C28: 43101 | D28: 43132 | E28: 43160 | F28: 43191 | G28: 43221 | H28: 43252 | I28: 43282 | J28: 43313 | K28: 43344 | L28: 43374 | M28: 43405 | N28: 43435
B29: числ | C29: 64 | D29: 63 | E29: 62 | F29: 62 | G29: 62 | H29: 64 | I29: 62 | J29: 59 | K29: 59 | L29: 58 | M29: 59 | N29: 58
B30: ФОТ | C30: 1540 | D30: 1475 | E30: 1400 | F30: 1468 | G30: 1701 | H30: 1781 | I30: 1700 | J30: 1620 | K30: 1510 | L30: 1584 | M30: 1316 | N30: 1316 | P30: Ср, разряд | Q30: ='Числ. и разряд'!G52 -> 4.7950745 | R30: =HLOOKUP(Q30,$A$33:$R$34,2) -> 1.142
B31: ЗП | C31: =C30/C29 -> 24.0625 | D31: =D30/D29 -> 23.412698 | E31: =E30/E29 -> 22.580645 | F31: =F30/F29 -> 23.677419 | G31: =G30/G29 -> 27.435484 | H31: =H30/H29 -> 27.828125 | I31: =I30/I29 -> 27.419355 | J31: =J30/J29 -> 27.457627 | ... N31: =N30/N29 -> 22.689655 | P31: Тар. коэф. | Q31: =R30+(R31-R30)*(Q30-INT(Q30)) -> 1.2421794 | R31: =HLOOKUP(Q30+1,$A$33:$R$34,2) -> 1.268
D32: Тарифная сетка по постановлению Правительства России от 29 апреля 2006 г. N 256
A33: 1 | B33: 2 | C33: 3 | D33: 4 | E33: 5 | F33: 6 | G33: 7 | H33: 8 | I33: 9 | J33: 10 | K33: 11 | L33: 12 | M33: 13 | N33: 14 | O33: 15 | P33: 16 | Q33: 17 | R33: 18
A34: 1 | B34: 1.04 | C34: 1.09 | D34: 1.142 | E34: 1.268 | F34: 1.407 | G34: 1.546 | H34: 1.699 | I34: 1.866 | J34: 2.047 | K34: 2.242 | L34: 2.423 | M34: 2.618 | N34: 2.813 | O34: 3.036 | P34: 3.259 | Q34: 3.51 | R34: 4.5
A36: 7500 | B36: =$A$36*B34 -> 7800 | C36: =$A$36*C34 -> 8175 | D36: =$A$36*D34 -> 8565 | E36: =$A$36*E34 -> 9510 | F36: =$A$36*F34 -> 10552.5 | G36: =$A$36*G34 -> 11595 | H36: =$A$36*H34 -> 12742.5 | I36: =$A$36*I34 -> 13995 | ... R36: =$A$36*R34 -> 33750
A37: =A36*1.4*$A$38 -> 11288 | B37: =B36*1.4*$A$38 -> 11739.52 | C37: =C36*1.4*$A$38 -> 12303.92 | D37: =D36*1.4*$A$38 -> 12890.896 | E37: =E36*1.4*$A$38 -> 14313.184 | F37: =F36*1.4*$A$38 -> 15882.216 | G37: =G36*1.4*$A$38 -> 17451.249 | H37: =H36*1.4*$A$38 -> 19178.313 | ... R37: =R36*1.4*$A$38 -> 50796.001
A38: 1.0750476
R40: 20

Sheet Числ. и разряд
A1: Расчет нормативной численности и среднего разряда работающего персонала по предприятию | I1: 21
A3: Показатель | B3: Ед.изм. | C3: Кол-во оборудования | D3: Норма обслуж., чел. | E3: Нормативная численность, чел. | F3: Пункт приказа от 03.04.2000г. N 68 госкомитета РФ по строительству и ЖКК | G3: Разряд | H3: разряд* норм. числен.
A4: ППП
A5: 1.Воздушные линии:
A6: 1-20 кВ на ж\б опорах | B6: км | C6: ='2.1'!R38 -> 49.118 | D6: 5/100 | E6: =5/100*C6 -> 2.4559 | F6: 2.2.1 | G6: =5*0+4 -> 4 | H6: =G6*E6 -> 9.8236
A7: дерево на ж\б пасынках | B7: км | C7: ='2.1'!R37 -> 7.031 | D7: 4,5/100 | E7: =4.5/100*C7 -> 0.316395 | F7: 2.2.1 | G7: =5*0+4 -> 4 | H7: =G7*E7 -> 1.26558
A8: 0,4 кВ дерево на ж\б пасынках | B8: км | C8: ='2.1'!R45 -> 65.03125 | D8: 4/100 | E8: =4/100*C8 -> 2.60125 | F8: 2.2.1 | G8: 4 | H8: =G8*E8 -> 10.405
A9: 0,4 кВ ж\б,металл | B9: км | C9: ='2.1'!R46 -> 147.09915 | D9: 3,5/100 | E9: =3.5/100*C9 -> 5.1484703 | F9: 2.2.1 | G9: 4 | H9: =G9*E9 -> 20.593881
A10: 0,4кВ дерево | B10: км | D10: 4,5/100 | E10: =4.5/100*C10 -> 0 | F10: 2.2.1
A11: 2. Кабельные линии:
A12: 3-10кВ | B12: км | C12: ='2.1'!R40 -> 3.153 | D12: 3,5/100 | E12: =3.5/100*C12 -> 0.110355 | F12: 2.2.2 | G12: =5*0+4 -> 4 | H12: =G12*E12 -> 0.44142
A13: до 1 кВ | B13: км | C13: ='2.1'!R47 -> 13.16 | D13: 3/100 | E13: =3/100*C13 -> 0.3948 | F13: 2.2.2 | G13: 4 | H13: =G13*E13 -> 1.5792
A14: 3.Трансформаторные подстанции:
A15: с одним трансформатором | B15: шт | C15: ='2.2'!R32 -> 45 | D15: 2,5/100 | E15: =2.5/100*C15 -> 1.125 | F15: 2.2.4 | G15: =5 -> 5 | H15: =G15*E15 -> 5.625
A16: с двумя трансформаторами | B16: шт | C16: ='2.2'!R33 -> 11 | D16: 3/100 | E16: =3/100*C16 -> 0.33 | F16: 2.2.4 | G16: =5 -> 5 | H16: =G16*E16 -> 1.65
A17: мачтовая(столбовая) ТП | B17: шт | C17: ='2.2'!R31 -> 24 | D17: 2,7/100 | E17: =2.7/100*C17 -> 0.648 | F17: 2.2.4 | G17: =5 -> 5 | H17: =G17*E17 -> 3.24
A18: Присоединение:
A19: с масляным выключателем | B19: шт | C19: =C21 -> 32 | D19: 2,5/1000 | E19: =2.5/1000*C19 -> 0.08 | F19: 2.2.6 | G19: =6*0+5 -> 5 | H19: =G19*E19 -> 0.4
A20: с выключателем нагрузки | B20: шт | C20: =C22 -> 106 | D20: 2/1000 | E20: =2/1000*C20 -> 0.212 | F20: 2.2.6 | G20: =6*0+5 -> 5 | H20: =G20*E20 -> 1.06
A21: 4. Масляные выключатели | B21: шт | C21: ='2.2'!R22 -> 32 | D21: 9,5/1000 | E21: =9.5/1000*C21 -> 0.304 | F21: 2.2.10 | G21: =6*0+5 -> 5 | H21: =G21*E21 -> 1.52
A22: 5.Выключатели нагрузки | B22: шт | C22: ='2.2'!R26 -> 106 | D22: 4/1000 | E22: =4/1000*C22 -> 0.424 | F22: 2.2.10 | G22: 5 | H22: =G22*E22 -> 2.12
A23: 6.Абоненты бытового сектора | B23: шт | C23: 7934 | D23: 3,5/10000 | E23: =3.5/10000*C23 -> 2.7769 | F23: 2.2.7 | G23: 3 | H23: =G23*E23 -> 8.3307
A24: 7.Прочие абоненты | B24: шт | C24: 433 | D24: 2,6/1000 | E24: =2.6/1000*C24 -> 1.1258 | F24: 2.2.7 | G24: 3 | H24: =G24*E24 -> 3.3774
A25: 8 Концевые заделки | B25: шт | C25: =3200*0 -> 0 | D25: 2/10000 | E25: =2/10000*C25 -> 0 | F25: 2.2.3 | G25: 4 | H25: =G25*E25 -> 0
A26: 9. Дизельные электростанции | B26: шт. | C26: 0 | D26: 4/1000 | E26: =4/1000*C26 -> 0 | F26: 2.2.11 | G26: 4 | H26: =G26*E26 -> 0
A28: Итого | E28: =SUM(E4:E26) -> 18.05287 | H28: =SUM(H4:H26) -> 71.431781
A29: С учетом подмены 1,18 | E29: =E28*1.18 -> 21.302387 | H29: =H28*1.18 -> 84.289502
A30: Дежурные | E30: 4 | G30: 4 | H30: =E30*G30 -> 16
A31: Итого ППП | E31: =E29+E30 -> 25.302387 | H31: =H29+H30 -> 100.2895
A32: ИТР И АУП
A33: Директор | D33: 1/100 | E33: =0.8*0+1 -> 1 | F33: 2.1.1 | G33: 14 | H33: =E33*G33 -> 14
A34: Главный бухгалтер | D34: 1/100 | E34: =0.8*0+1 -> 1 | F34: 2.1.1 | G34: 13 | H34: =E34*G34 -> 13
A35: Главный инженер | D35: 1/100 | E35: =0.8*0+1 -> 1 | F35: 2.1.1 | G35: 13 | H35: =E35*G35 -> 13
A36: Бухгалтер | D36: 2/100 | E36: =0.8*0+1 -> 1 | F36: 2.1.1 | G36: 6 | H36: =E36*G36 -> 6
A37: Делопроизводство | D37: 0,5/100 | E37: 0.5 | F37: 2.1.1 | G37: 3 | H37: =E37*G37 -> 1.5
A38: Производственно-техническая деятельность | D38: 1/100 | E38: 1 | F38: 2.2.2 | G38: 6 | H38: =E38*G38 -> 6
A39: Охрана труда и ТБ | D39: 0,5/100 | E39: 0.5 | F39: 2.1.1 | G39: 6 | H39: =E39*G39 -> 3
A40: Правовое обслуж | D40: 0,5/100 | E40: 0.5 | F40: 2.1.1 | G40: 7 | H40: =E40*G40 -> 3.5
A41: Эконом и план | D41: 1/100 | E41: 1 | F41: 2.1.1 | G41: 7 | H41: =E41*G41 -> 7
A42: Организация сбыта э/э | C42: =C23+C24 -> 8367 | D42: 1/10000 | E42: =1/10000*C42 -> 0.8367 | F42: 2.1.2 | G42: 3 | H42: =E42*G42 -> 2.5101
A43: Програмное обеспеч | D43: 0,5/8 | E43: 0.5 | F43: 2.1.3 | G43: 7 | H43: =E43*G43 -> 3.5
A44: Оперативно диспетчерское упр | B44: уе | C44: ='Свод долгосрочный '!K9 -> 1013.6582 | D44: 1/3200 | E44: =1/3200*C44 -> 0.31676818 | F44: 2.1.4 | G44: 4 | H44: =E44*G44 -> 1.2670727
A45: Организация ремонта релейной защиты | C45: =C15+C16+C17 -> 80 | D45: 1/200 | E45: 1 | F45: 2.1.5 | G45: 6 | H45: =E45*G45 -> 6
A46: Организация ремонта трансформаторов | C46: =C17+C16*2+C15 -> 91 | D46: 0,5/250 | E46: 0.5 | F46: 2.1.6 | G46: 6 | H46: =E46*G46 -> 3
A47: Организация ремонта района | D47: 1/30 | E47: 1 | F47: 2.1.7 | G47: 6 | H47: =E47*G47 -> 6
A48: Организация ремонта эл.счетчиков | D48: 0,5/5000 | E48: =0.5/5000*(C23+C24)*0 -> 0 | F48: 2.1.9 | G48: 7 | H48: =E48*G48 -> 0
A49: Обслуживающий персонал: | E49: =SUM(E50:E51) -> 8 | H49: =SUM(H50:H51) -> 26
A50: Водитель | E50: 5 | G50: 4 | H50: =E50*G50 -> 20
A51: Сторож | E51: 3 | G51: 2 | H51: =E51*G51 -> 6
A52: Всего работников | E52: =SUM(E31:E49) -> 44.955855 | G52: =H52/E52 -> 4.7950745 | H52: =SUM(H31:H49) -> 215.56667

Sheet Другие прочие и подконтрольные 
A1: Расшифровка других прочих расходов 1.3.7 | F1: 22
A3: Наименование | B3: 2018 | C3: 2019 | D3: 2020
B4: Факт РЭК | C4: Утверждено | D4: По данным организации | E4: По данным экспертов | F4: примечание
A5: 1 | B5: 3 | C5: 4 | D5: 5 | E5: 6
A6: Всего | B6: =SUM(B7:B13) -> 69.39718 | C6: =SUM(C7:C13) -> 384.371 | D6: =SUM(D7:D13) -> 0 | E6: =B6*1.047*1.03 -> 74.838613
C7: 384.371
A8: ремонт компьютеров | B8: 1.71
A9: заправка картриджа | B9: =0.3+8.25+0.6 -> 9.15
A10: обслуживание кассовых аппаратов | B10: =1.5*12 -> 18
A11: проверка газовых котлов и датчиков | B11: =4.2+6.313 -> 10.513
A12: облгаз обслуживание газовых сетей | B12: =0.98838+7.16371+7.16371+0.98838+4.12 -> 20.42418
A13: автостоянка | B13: 9.6
A16: Расшифровка подконтрольных расходов из прибыли 1.4
A18: Наименование | B18: 2018 | C18: 2019 | D18: 2020
B19: Факт | C19: Утверждено | D19: По данным организации | E19: По данным экспертов | F19: примечание
A20: 1 | B20: 3 | C20: 4 | D20: 5 | E20: 6
A21: Всего | B21: =SUM(B22:B26) -> 0 | C21: =SUM(C22:C26) -> 561.14612 | D21: =SUM(D22:D26) -> 693.14113 | E21: =SUM(E22:E26) -> 693.14113 | H21: доля облагаемая | J21: =(E21-4*'Числ. и разряд'!E52)/'Другие прочие и подконтрольные '!E21 -> 0.74056738
A22: Прибыль на социальное развитие
A23: Прибыль на поощрение (в т.ч. выплаты соц. характера)
A24: Помощь к отпуску | C24: 122.79845 | D24: 200 | E24: =D24 -> 200 | H24: =E24/'Оплата труда'!G6 -> 4.4488087
A25: Премия ко дню энергетика | C25: 438.34767 | D25: 493.14113 | E25: =D25 -> 493.14113 | H25: =E25/'Оплата труда'!G6 -> 10.969453
A26: Другие

Sheet Оплата услуг ФСК
A1: Оплата услуг ОАО "ФСК ЕЭС" | I1: 23
F2: Тыс.руб.
A3: Показатели | B3: 2018 | C3: 2019 | D3: 2020
B4: Факт | C4: утверждено | D4: По данным организации | G4: По данным экспертов
D5: 1 полугодие | E5: 2 полугодие | F5: год | G5: 1 полугодие | H5: 2 полугодие | I5: год
A6: 1 | B6: 3 | C6: 4 | D6: 5 | E6: 6 | F6: 7 | G6: 8 | H6: 9 | I6: 10
A7: Расходы на содержание сетей, тыс. руб. | B7: =B8*B9*12/1000 -> 0 | C7: =C8*C9*12/1000 -> 0 | D7: =D8*D9*6/1000 -> 0 | E7: =E8*E9*6/1000 -> 0 | F7: =E7+D7 -> 0 | G7: =G8*G9*6/1000 -> 0 | H7: =H8*H9*6/1000 -> 0 | I7: =G7+H7 -> 0
A8: Заявленная мощность в точках присоединения к сетям ОАО "ФСК ЕЭС", МВт
A9: Ставка тарифа услуги по передаче электрической энергии на содержание объектов электросетевого хозяйства, входящих в ЕНЭС, руб. МВт/мес.
A10: Расходы на компенсацию потерь, тыс. руб. | B10: =B11*B14 -> 0 | C10: =C11*C14 -> 0 | D10: =D11*D14 -> 0 | E10: =E11*E14 -> 0 | F10: =D10+E10 -> 0 | G10: =G11*G14 -> 0 | H10: =H11*H14 -> 0 | I10: =G10+H10 -> 0
A11: Объем технологических потерь электрической энергии при ее передаче по ЕНЭС, млн. кВт.ч
A12: Объем отпуска электроэнергии из сети ОАО "ФСК ЕЭС" в сеть организации, млн. кВт.ч
A13: Норматив технологических потерь электрической энергии при ее передаче по ЕНЭС, применяемый к отпуску электроэнергии из сети ОАО "ФСК ЕЭС" класса 220 кВ и ниже, %
A14: Ставка тарифа на оплату нормативных технологических потерь электрической энергии в ЕНЭС, руб./МВт.ч
A15: ИТОГО оплата услуг ОАО "ФСК ЕЭС" | B15: =B7+B10 -> 0 | C15: =C7+C10 -> 0 | D15: =D7+D10 -> 0 | E15: =E7+E10 -> 0 | F15: =F7+F10 -> 0 | G15: =G7+G10 -> 0 | H15: =H7+H10 -> 0 | I15: =I7+I10 -> 0
A16: Нагрузочные потери
A17: ИТОГО оплата услуг ОАО "ФСК ЕЭС" (с учтом нагрузочных потерь) | B17: =B15+B16 -> 0 | C17: =C15+C16 -> 0 | D17: =D15+D16 -> 0 | E17: =E15+E16 -> 0 | F17: =F15+F16 -> 0 | G17: =G15+G16 -> 0 | H17: =H15+H16 -> 0 | I17: =I15+I16 -> 0

Sheet Содержание зданий
A1: Расходы на содержание зданий и помещений (по регулируемым тарифам)
F2: Тыс. руб.
A3: Наименование | B3: 2018 | C3: 2019 | E3: 2019 | F3: 2020 | H3: 2021 | N3: доля на электрику
B4: Факт | C4: Факт | D4: Факт РЭК | E4: Утверждено | F4: По данным организации | G4: По данным экспертов | H4: По данным организации | I4: По данным экспертов | N4: =44417/61463 -> 0.72266241
A5: 1 | B5: 3 | E5: 4 | F5: 5 | G5: 6 | H5: 5 | I5: 6
A6: Расходы на содержание зданий и помещений | B6: =B7+B15+B21+B27 -> 76 | C6: =C7+C15+C21+C27 -> 76.8 | D6: =D7+D15+D21+D27 -> 64.537329 | E6: =E7+E15+E21+E27 -> 0 | F6: =F7+F15+F21+F27 -> 88.172 | G6: =G7+G15+G21+G27 -> 0 | H6: =H7+H15+H21+H27 -> 104.91744 | I6: =I7+I15+I21+I27 -> 73.617123
A7: Электрическая энергия | B7: =SUM(B8:B13) -> 20 | C7: =SUM(C8:C13) -> 20.8 | D7: =SUM(D8:D13) -> 20.8 | E7: =SUM(E8:E13) -> 0 | F7: =SUM(F8:F13) -> 21.632 | G7: =SUM(G8:G13) -> 0 | H7: =SUM(H8:H13) -> 22.49728 | I7: =SUM(I8:I13) -> 22.49728
A8: договор с ПАО РЭСК от 24.01.18№ 310883 на Электроснабжение | B8: 20 | C8: 20.8 | D8: =(92123.87/(13705+866)*450+81709.64/(11820+602)*339+73149.14/(10744+569)*322+114686.12/(16548+619)*372+136392.34/(541+21164)*426+4142.52/(80+529)*366+4648.85/627*400+7584.08/1002*400+4769.51/(505+120)*300+4513.99/593*400+6111.17/(679+160)*400+6642.66/885*400)*N4/1000*0+C8 -> 20.8 | F8: =B8*1.04*1.04 -> 21.632 | H8: 22.49728 | I8: =D8*1.056*1.056*0+H8 -> 22.49728 | K8: по предл. Предпр.
A9: договор с _____ от_____№ __ на_________
A10: договор с _____ от_____№ __ на_________
A11: договор с _____ от_____№ __ на_________
A12: договор с _____ от_____№ __ на_________
A13: договор с _____ от_____№ __ на_________
A15: Тепловая энергия | B15: =SUM(B16:B19) -> 0 | D15: 0 | E15: =SUM(E16:E19) -> 0 | F15: =SUM(F16:F19) -> 0 | G15: =SUM(G16:G19) -> 0 | H15: =SUM(H16:H19) -> 0 | I15: =SUM(I16:I19) -> 0
A16: договор с _____ от_____№ __ на_________
A17: договор с _____ от_____№ __ на_________
A18: договор с _____ от_____№ __ на_________
A19: договор с _____ от_____№ __ на_________
A21: Водоснабжение и канализация | B21: =SUM(B22:B25) -> 0 | D21: =SUM(D22:D25) -> 0 | E21: =SUM(E22:E25) -> 0 | F21: =SUM(F22:F25) -> 4.8 | G21: =SUM(G22:G25) -> 0 | H21: =SUM(H22:H25) -> 4.8 | I21: =SUM(I22:I25) -> 4.8
A22: договор с _____ от_____№ __ на_________ | D22: 0 | F22: 4.8 | H22: 4.8 | I22: =(9.66+7.0725)*N4*1.036*0+H22 -> 4.8
A23: договор с _____ от_____№ __ на_________
A24: договор с _____ от_____№ __ на_________
A25: договор с _____ от_____№ __ на_________
A27: Прочие услуги , связанные с содержанием помещений по регулируемым тарифам | B27: =SUM(B29:B36) -> 56 | C27: =SUM(C29:C33) -> 56 | D27: =SUM(D29:D36) -> 43.737329 | E27: =SUM(E29:E33) -> 0 | F27: =SUM(F29:F36) -> 61.74 | G27: =SUM(G29:G33) -> 0 | H27: =SUM(H29:H36) -> 77.620161 | I27: =SUM(I29:I33) -> 46.319843
A28: Поставка газа
A29: договор с ООО "Газпром межрегионгаз Рязань" от № | B29: =56 -> 56 | C29: 56 | D29: =(7908.3+1974.71+497.81+1852.28+54.46+211.42+43.12+5109.62+1795.2+452.44+1196.77+49.5+136.6+9.79+27.86+5534.44+1598.84+403.5+1297.71+44.15+148.12+8.73+2339.68+99.84+598.6+475.35+23.71+141.11+120.21+72.9+14.99+12.7+0.55+3.25+2.6+633.48+1009.31+235.36+160.21+26.86+17.53+5.48+3.47+491.17+322.61+114.24+81.18+13.04+8.88+2.66+1.76+1158.98+265.09+30.26+6.36+1173.52+48.18+11.94+268.41+1.31+30.64+0.27+6.44+2422.41+803.04+555.68+199.36+63.43+21.81+13.34+4.45+1146.7+3898.34+898.41+284.12+102.55+31.09+21.56+6.34+5654.99+1431.49+354.55+1961.43+38.79+179.92+7.91+31.28)/1000*N4 -> 43.737329 | F29: =B29*1.05*1.05 -> 61.74 | H29: 77.620161 | I29: =D29*1.0282*1.03 -> 46.319843
A30: договор с ООО "Газпром межрегионгаз Рязань" от №
A31: договор с ООО "Газпром межрегионгаз Рязань" от №
A32: договор с ООО "Газпром межрегионгаз Рязань" от №
A33: Обслуживание газового оборудования
A34: Дезинфекция
A35: Обслуживание пожарной сигнализации
A36: Утилизация промышленных, опасных и хозяйственных отходов

Sheet Аренда имущества
A1: Расходы по аренде имущества
A3: № пп | B3: Реквизиты договора аренды (дата , №) | C3: Срок договора аренды | D3: объект аренды | E3: Описание и местонахождения имущества | F3: Инв. № | G3: Дата ввода в эксплуатацию | H3: Собственник имущества - арендодатель | I3: факт 2018, тыс. руб. | J3: факт 2018. РЭК | K3: 2019 | M3: 2019 План | N3: Предложение организации на 2020 | V3: План 2021
K4: Факт | L4: Факт РЭК | N4: Первоначальная стоимость | O4: Срок амортизации, лет | P4: Годовая амортизация | Q4: кол-во месяцев использования | R4: Остаточная стоимость на 31.12.2019г., руб. | S4: Остаточная стоимость на 31.12.2020г., руб. | T4: Налог на имущество | U4: Другие обязательные платежи | V4: ГУ РЭК
B5: Аренда объектов электросетевого хозяйства | I5: =SUM(I6:I45)/1000 -> #REF! | J5: 0 | L5: =((218.06+20.97+1590.66+168+158.89+136.86+126.13+131.19+173.17+12.35+48.66+164.66+123.8+178.38+125.67+121.42+28.51+45.01+258.01+153.77+31.24+87.06+499.45+92.33+99.96+66.65+4.16+81.1+184.52+249.68+139.96+108.86+310.43+826.06+296.48+431.62+256.29+344.44+11159.63+6695.78)*12+8612.3)/1000 -> 320.01074 | T5: =SUM(T6:T30) -> 0 | V5: 311.39835
A6: 1 | B6: Договор №1 от 29.01.2014г | C6: 5лет | D6: Трансформаторная подстанция №1 – 160 кВА, , общей площадью 29,1 кв.м. | E6: Рязанская область, Касимовский район, р.п.Елатьма, ул.Володарского | F6: 0000000018-э | G6: неизвестно | H6: Администрация Елатомского г.п. | I6: =#REF!/1000 -> #REF! | N6: 15670 | O6: 15 | P6: =N6/O6 -> 1044.6667 | Q6: 12 | R6: =N6-N6/(O6*12)*Q6 -> 14625.333 | S6: =R6-P6 -> 13580.667
A7: 2 | B7: Договор №1 от 29.01.2014г | C7: 5лет | D7: Трансформаторная подстанция №2 – 250 кВА, общей площадью 48,7 кв.м. | E7: Рязанская область, Касимовский район, р.п.Елатьма, ул.Полевая | F7: 0000000019-э | G7: неизвестно | H7: Администрация Елатомского г.п. | I7: =#REF!/1000 -> #REF! | N7: 89901 | O7: 15 | P7: =N7/O7 -> 5993.4 | R7: =N7-N7/(O7*12)*Q7 -> 89901 | S7: =R7-P7 -> 83907.6
A8: 3 | B8: Договор №1 от 29.01.2014г | C8: 5лет | D8: Трансформаторная подстанция №3 – 160 кВА, общей площадью 32,2 кв.м. | E8: Рязанская область, Касимовский район, р.п.Елатьма, ул.Волдарского | F8: 0000000020-э | G8: неизвестно | H8: Администрация Елатомского г.п. | I8: =#REF!/1000 -> #REF! | N8: 16619 | O8: 15 | P8: =N8/O8 -> 1107.9333 | R8: =N8-N8/(O8*12)*Q8 -> 16619 | S8: =R8-P8 -> 15511.067
A9: 4 | B9: Договор №1 от 29.01.2014г | C9: 5лет | D9: Трансформаторная подстанция №4 – 400 кВА, общей площадью 34,4 кв.м. Рязанская область, Касимовский район, р.п.Елатьма, пл.Грибкова | E9: Рязанская область, Касимовский район, р.п.Елатьма, пл.Грибкова | F9: 0000000021-э | G9: неизвестно | H9: Администрация Елатомского г.п. | I9: =#REF!/1000 -> #REF! | N9: 17993 | O9: 15 | P9: =N9/O9 -> 1199.5333 | R9: =N9-N9/(O9*12)*Q9 -> 17993 | S9: =R9-P9 -> 16793.467
A10: 5 | B10: Договор №1 от 29.01.2014г | C10: 5лет | D10: КТП №5 – 400, общей площадью 5,5 кв.м. | E10: Рязанская область, Касимовский район, р.п.Елатьма, ул.Шевченко | F10: 0000000022-э | G10: неизвестно | H10: Администрация Елатомского г.п. | I10: =#REF!/1000 -> #REF! | N10: 11997 | O10: 15 | P10: =N10/O10 -> 799.8 | R10: =N10-N10/(O10*12)*Q10 -> 11997 | S10: =R10-P10 -> 11197.2
A11: 6 | B11: Договор №1 от 29.01.2014г | C11: 5лет | D11: КТП №6 – 400 кВА, общей площадью 3,9 кв.м. | E11: Рязанская область, Касимовский район, р.п.Елатьма, ул.Луначарского | F11: 0000000023-э | G11: неизвестно | H11: Администрация Елатомского г.п. | I11: =#REF!/1000 -> #REF! | N11: 749 | O11: 15 | P11: =N11/O11 -> 49.933333 | R11: =N11-N11/(O11*12)*Q11 -> 749 | S11: =R11-P11 -> 699.06667
A12: 7 | B12: Договор №1 от 29.01.2014г | C12: 5лет | D12: Трансформаторная подстанция №7 – 160 кВА, общей площадью 3,9 кв.м. | E12: Рязанская область, Касимовский район, р.п.Елатьма, ул.Ленина | F12: 0000000024-э | G12: неизвестно | H12: Администрация Елатомского г.п. | I12: =#REF!/1000 -> #REF! | N12: 43659 | O12: 15 | P12: =N12/O12 -> 2910.6 | R12: =N12-N12/(O12*12)*Q12 -> 43659 | S12: =R12-P12 -> 40748.4
A13: 8 | B13: Договор №1 от 29.01.2014г | C13: 5лет | D13: Трансформаторная подстанция №8 – 250 кВА, общей площадью 7 кв.м.ул.Интернациональная | E13: Рязанская область, Касимовский район, р.п.Елатьма, ул.Интернациональная | F13: 0000000025-э | G13: неизвестно | H13: Администрация Елатомского г.п. | I13: =#REF!/1000 -> #REF! | N13: 44943 | O13: 15 | P13: =N13/O13 -> 2996.2 | R13: =N13-N13/(O13*12)*Q13 -> 44943 | S13: =R13-P13 -> 41946.8
A14: 9 | B14: Договор №1 от 29.01.2014г | C14: 5лет | D14: Трансформаторная подстанция №9 – 160 кВА, общей площадью 32,1 кв.м. | E14: Рязанская область, Касимовский район, р.п.Елатьма, ул.Октябрьская | F14: 0000000026-э | G14: неизвестно | H14: Администрация Елатомского г.п. | I14: =#REF!/1000 -> #REF! | N14: 25192 | O14: 15 | P14: =N14/O14 -> 1679.4667 | R14: =N14-N14/(O14*12)*Q14 -> 25192 | S14: =R14-P14 -> 23512.533
A15: 10 | B15: Договор №1 от 29.01.2014г | C15: 5лет | D15: Трансформаторная подстанция №10 – 250 кВА, общей площадью 32,5 кв.м. | E15: Рязанская область, Касимовский район, р.п.Елатьма, ул.Свердлова | F15: 0000000027-э | G15: неизвестно | H15: Администрация Елатомского г.п. | I15: =#REF!/1000 -> #REF! | N15: 19595 | O15: 15 | P15: =N15/O15 -> 1306.3333 | R15: =N15-N15/(O15*12)*Q15 -> 19595 | S15: =R15-P15 -> 18288.667
A16: 11 | B16: Договор №1 от 29.01.2014г | C16: 5лет | D16: Трансформаторная подстанция №11 – 160 кВА, общей площадью 4,8 кв.м. | E16: Рязанская область, Касимовский район, р.п.Елатьма, пл.Ленина | F16: 0000000028-э | G16: неизвестно | H16: Администрация Елатомского г.п. | I16: =#REF!/1000 -> #REF! | N16: 55877 | O16: 15 | P16: =N16/O16 -> 3725.1333 | R16: =N16-N16/(O16*12)*Q16 -> 55877 | S16: =R16-P16 -> 52151.867
A17: 12 | B17: Договор №1 от 29.01.2014г | C17: 5лет | D17: Трансформаторная подстанция №12 – 250 кВА, общей площадью 2,6 кв.м. | E17: Рязанская область, Касимовский район, р.п.Елатьма, ул. Янина | F17: 0000000029-э | G17: неизвестно | H17: Администрация Елатомского г.п. | I17: =#REF!/1000 -> #REF! | N17: 148691 | O17: 15 | P17: =N17/O17 -> 9912.7333 | R17: =N17-N17/(O17*12)*Q17 -> 148691 | S17: =R17-P17 -> 138778.27
A18: 13 | B18: Договор №1 от 29.01.2014г | C18: 5лет | D18: Трансформаторная подстанция №13 – 400 кВА, общей площадью 7,4 кв.м. | E18: Рязанская область, Касимовский район, р.п.Елатьма, пл.Ленина | F18: 0000000030-э | G18: неизвестно | H18: Администрация Елатомского г.п. | I18: =#REF!/1000 -> #REF! | N18: 33213 | O18: 15 | P18: =N18/O18 -> 2214.2 | R18: =N18-N18/(O18*12)*Q18 -> 33213 | S18: =R18-P18 -> 30998.8
... A22: 17 | B22: Договор №1 от 29.01.2014г | C22: 5лет | D22: Трансформаторная подстанция №2179 – 315 кВА, общей площадью 6,3 кв.м. | E22: Рязанская область, Касимовский район, п.Центрального отделения Маяк, с-з Маяк | F22: 0000000034-э | G22: неизвестно | H22: Администрация Елатомского г.п. | I22: =#REF!/1000 -> #REF! | N22: 62000 | O22: 15 | P22: =N22/O22 -> 4133.3333 | R22: =N22-N22/(O22*12)*Q22 -> 62000 | S22: =R22-P22 -> 57866.667
A23: 18 | B23: Договор №1 от 29.01.2014г | C23: 5лет | D23: Трансформаторная подстанция №2497 – 250 кВА, общей площадью 27,5 кв.м. | E23: Рязанская область, Касимовский район, с.Любовниково | F23: 0 | G23: неизвестно | H23: Администрация Елатомского г.п. | I23: =#REF!/1000 -> #REF! | N23: 27690 | O23: 15 | P23: =N23/O23 -> 1846 | R23: =N23-N23/(O23*12)*Q23 -> 27690 | S23: =R23-P23 -> 25844
A24: 19 | B24: Договор №1 от 29.01.2014г | C24: 5лет | D24: Фундамент под трансформатор №2494 – 250, общей площадью 1,2 кв.м. | E24: Рязанская область, Касимовский район, р.п.Елатьма, ул.Шевченко | F24: 0 | G24: неизвестно | H24: Администрация Елатомского г.п. | I24: =#REF!/1000 -> #REF! | N24: 96458 | O24: 15 | P24: =N24/O24 -> 6430.5333 | R24: =N24-N24/(O24*12)*Q24 -> 96458 | S24: =R24-P24 -> 90027.467
A25: 20 | B25: Договор №1 от 29.01.2014г | C25: 5лет | D25: Здание центрального распределительного пункта 10 кВА, общей площадью 98,6 кв.м.ул.Володарского | E25: Рязанская область, Касимовский район, рп.Елатьма, ул.Володарского | F25: 0000000017-э | G25: неизвестно | H25: Администрация Елатомского г.п. | I25: =#REF!/1000 -> #REF! | N25: 572638 | O25: 15 | P25: =N25/O25 -> 38175.867 | R25: =N25-N25/(O25*12)*Q25 -> 572638 | S25: =R25-P25 -> 534462.13
A26: 21 | B26: Договор №1 от 29.01.2014г | C26: 5лет | D26: Высоковольтная линия 10 кВ №7 от ПС «Сабурово», протяженностью 12,5 км | E26: Рязанская область, Касимовский район, рп.Елатьма | F26: 0000000014-э | G26: неизвестно | H26: Администрация Елатомского г.п. | I26: =#REF!/1000 -> #REF! | N26: 78502 | O26: 15 | P26: =N26/O26 -> 5233.4667 | R26: =N26-N26/(O26*12)*Q26 -> 78502 | S26: =R26-P26 -> 73268.533
A27: 22 | B27: Договор №1 от 29.01.2014г | C27: 5лет | D27: Высоковольтная линия 10 кВ №1, инв. №0000000015-э, протяженностью 8,8 км, расположенная по адресу: Рязанская область, Касимовский район, рп.Елатьма | E27: Рязанская область, Касимовский район, рп.Елатьма | F27: 0000000015-э | G27: неизвестно | H27: Администрация Елатомского г.п. | I27: =#REF!/1000 -> #REF! | N27: 50400 | O27: 15 | P27: =N27/O27 -> 3360 | R27: =N27-N27/(O27*12)*Q27 -> 50400 | S27: =R27-P27 -> 47040
A28: 23 | B28: Договор №1 от 29.01.2014г | C28: 5лет | D28: Кабельная линия 10 кВ, протяженностью 0,05 км | E28: Рязанская область, Касимовский район, рп.Елатьма | F28: 0000000016-э | G28: неизвестно | H28: Администрация Елатомского г.п. | I28: =#REF!/1000 -> #REF! | N28: 7550 | O28: 15 | P28: =N28/O28 -> 503.33333 | R28: =N28-N28/(O28*12)*Q28 -> 7550 | S28: =R28-P28 -> 7046.6667
A29: 24 | B29: Договор №1 от 29.01.2014г | C29: 5лет | D29: Высоковольтная линия 0,4 кВ, протяженностью 43,0 км | E29: Рязанская область, Касимовский район, рп.Елатьма | F29: 0000000037-э | G29: неизвестно | H29: Администрация Елатомского г.п. | I29: =#REF!/1000 -> #REF! | N29: 605317 | O29: 15 | P29: =N29/O29 -> 40354.467 | R29: =N29-N29/(O29*12)*Q29 -> 605317 | S29: =R29-P29 -> 564962.53
A30: 25 | B30: Договор №1 от 29.01.2014г | C30: 5лет | D30: Инженерные сети и сооружения электроснабжения, общей протяженностью электрических сетей по проекту 3173 п.м., двух трансформаторных подстанций, первой очереди (27 индивидуальных жилых домов) комплексной малоэтажной застройки | E30: ул.Есенина, р.п.Елатьма, Касимовский район, Рязанская область. | F30: 0 | G30: 41518 | H30: Администрация Елатомского г.п. | I30: =#REF!/1000 -> #REF! | N30: 4017466 | O30: 15 | P30: =N30/O30 -> 267831.07 | R30: =N30-N30/(O30*12)*Q30 -> 4017466 | S30: =R30-P30 -> 3749634.9
J31: =(867+5422+1379+234+(11177+6237+14412+2283+1174+1109)*0.3)/1000 -> 18.8196 | L31: 8.692 | V31: =L31 -> 8.692
A32: 1 | B32: Договор №2 от 31.12.2018г. | C32: 6 лет | D32: Воздушные линии 0,4кВ | E32: Рязанская область, г. Касимов, ул. Северная, 1 | F32: 000000001-э | G32: неизвестно | H32: ИП Пронюшкин | I32: =#REF!/1000 -> #REF! | N32: 15328 | O32: 15 | P32: =N32/O32 -> 1021.8667 | Q32: 12 | R32: =N32-N32/(O32*12)*Q32 -> 14306.133 | S32: =R32-P32 -> 13284.267
A33: 2 | B33: Договор №2 от 31.12.2018г. | C33: 6 лет | D33: Кабельная линия 10 кВ | E33: Рязанская область, г. Касимов, ул. Северная, 1 | F33: 000000002-э | G33: неизвестно | H33: ИП Пронюшкин | I33: =#REF!/1000 -> #REF! | N33: 7000 | O33: 15 | P33: =N33/O33 -> 466.66667 | Q33: 12 | R33: =N33-N33/(O33*12)*Q33 -> 6533.3333 | S33: =R33-P33 -> 6066.6667
A34: 3 | B34: Договор №2 от 31.12.2018г. | C34: 6 лет | D34: Кабельная линия 0,4кВ | E34: Рязанская область, г. Касимов, ул. Северная, 1 | F34: 000000003-э | G34: неизвестно | H34: ИП Пронюшкин | I34: =#REF!/1000 -> #REF! | N34: 8460 | O34: 15 | P34: =N34/O34 -> 564 | Q34: 12 | R34: =N34-N34/(O34*12)*Q34 -> 7896 | S34: =R34-P34 -> 7332
A35: 6 | B35: Договор №2 от 31.12.2018г. | C35: 6 лет | D35: Трансформатор 630кВА | E35: Рязанская область, г. Касимов, ул. Северная, 1 | F35: 000000006-э | G35: неизвестно | H35: ИП Пронюшкин | I35: =#REF!/1000 -> #REF! | N35: 17000 | O35: 15 | P35: =N35/O35 -> 1133.3333 | Q35: 12 | R35: =N35-N35/(O35*12)*Q35 -> 15866.667 | S35: =R35-P35 -> 14733.333
A36: 7 | B36: Договор №2 от 31.12.2018г. | C36: 6 лет | D36: Трансформатор 630кВА | E36: Рязанская область, г. Касимов, ул. Северная, 1 | F36: 000000007-э | G36: неизвестно | H36: ИП Пронюшкин | I36: =#REF!/1000 -> #REF! | N36: 17000 | O36: 15 | P36: =N36/O36 -> 1133.3333 | Q36: 12 | R36: =N36-N36/(O36*12)*Q36 -> 15866.667 | S36: =R36-P36 -> 14733.333
A37: 8 | B37: Договор №2 от 31.12.2018г. | C37: 6 лет | D37: Трансформатор 630кВА | E37: Рязанская область, г. Касимов, ул. Северная, 1 | F37: 000000008-э | G37: неизвестно | H37: ИП Пронюшкин | I37: =#REF!/1000 -> #REF! | N37: 17000 | O37: 15 | P37: =N37/O37 -> 1133.3333 | Q37: 12 | R37: =N37-N37/(O37*12)*Q37 -> 15866.667 | S37: =R37-P37 -> 14733.333
A38: 9 | B38: Договор №2 от 31.12.2018г. | C38: 6 лет | D38: Трансформатор 630кВА | E38: Рязанская область, г. Касимов, ул. Северная, 1 | F38: 000000009-э | G38: неизвестно | H38: ИП Пронюшкин | I38: =#REF!/1000 -> #REF! | N38: 17000 | O38: 15 | P38: =N38/O38 -> 1133.3333 | Q38: 12 | R38: =N38-N38/(O38*12)*Q38 -> 15866.667 | S38: =R38-P38 -> 14733.333
A39: 10 | B39: Договор №2 от 31.12.2018г. | C39: 6 лет | D39: Комллектная трансформ аторная подстанция 2х 1000кВА | E39: Рязанская область, г. Касимов, ул. Северная, 1 | F39: 0000000010-э | G39: неизвестно | H39: ИП Пронюшкин | I39: =#REF!/1000 -> #REF! | N39: 0 | Q39: 12 | R39: 0 | S39: =R39-P39 -> 0
B40: Договор №2 от 31.12.2018г. | C40: 6 лет | D40: Трансформатор 1000кВА | E40: Рязанская область, г. Касимов, ул. Северная, 1 | F40: 0000000011-э | G40: неизвестно | H40: ИП Пронюшкин | I40: =#REF!/1000 -> #REF! | N40: 18000 | O40: 15 | P40: =N40/O40 -> 1200 | Q40: 12 | R40: =N40-N40/(O40*12)*Q40 -> 16800 | S40: =R40-P40 -> 15600
A41: 11 | B41: Договор №2 от 31.12.2018г. | C41: 6 лет | D41: Трансформатор 1000кВА | E41: Рязанская область, г. Касимов, ул. Северная, 1 | F41: 0000000012-э | G41: неизвестно | H41: ИП Пронюшкин | I41: =#REF!/1000 -> #REF! | N41: 18000 | O41: 15 | P41: =N41/O41 -> 1200 | Q41: 12 | R41: =N41-N41/(O41*12)*Q41 -> 16800 | S41: =R41-P41 -> 15600
B42: Аренда зданий, соружений, помещений, основных средств
A43: 1 | B43: Договор №2 от 31.12.2018г. | C43: 6 лет | D43: Подстанция РП-83 | E43: Рязанская область, г. Касимов, ул. Северная, 1 | F43: 000000004-э | G43: неизвестно | H43: ИП Пронюшкин | I43: =#REF!/1000 -> #REF! | N43: 989156 | O43: 15 | P43: =N43/O43 -> 65943.733 | Q43: 12 | R43: =N43-N43/(O43*12)*Q43 -> 923212.27 | S43: =R43-P43 -> 857268.53
A44: 2 | B44: Договор №2 от 31.12.2018г. | C44: 6 лет | D44: Подстанция ТП-30 | E44: Рязанская область, г. Касимов, ул. Северная, 1 | F44: 000000005-э | G44: неизвестно | H44: ИП Пронюшкин | I44: =#REF!/1000 -> #REF! | N44: 989156 | O44: 15 | P44: =N43/O43 -> 65943.733 | Q44: 12 | R44: =N43-N43/(O43*12)*Q44 -> 923212.27 | S44: =R44-P44 -> 857268.53
B45: ИТОГО | J45: =J5+J31+J42 -> 18.8196 | L45: =L31+L5 -> 328.70274 | V45: =V31+V5 -> 320.09035
B46: Аренда транспортных средств
A47: 1 | O47: 15 | P47: =N47/O47 -> 0 | R47: =N47-N47/(O47*12)*Q47 -> 0 | S47: =R47-P47 -> 0
A48: 2 | O48: 15 | P48: =N48/O48 -> 0 | R48: =N48-N48/(O48*12)*Q48 -> 0 | S48: =R48-P48 -> 0
A49: 3 | O49: 15 | P49: =N49/O49 -> 0 | R49: =N49-N49/(O49*12)*Q49 -> 0 | S49: =R49-P49 -> 0
A50: 4 | O50: 15 | P50: =N50/O50 -> 0 | R50: =N50-N50/(O50*12)*Q50 -> 0 | S50: =R50-P50 -> 0
A51: 5 | O51: 15 | P51: =N51/O51 -> 0 | R51: =N51-N51/(O51*12)*Q51 -> 0 | S51: =R51-P51 -> 0
B52: ИТОГО

Sheet Лизинг
A4: Лизинг
A5: № пп | B5: Реквизиты договора | C5: Срок договора | D5: объект | E5: Описание и местонахождения имущества | F5: Инв. № | G5: Дата ввода в эксплуатацию | H5: Собственник имущества - арендодатель | I5: факт 2018, тыс. руб. | J5: утверждено 2019, тыс. руб. | K5: Предложение организации на 2020, тыс. руб.
A7: 2
A8: 3
A9: 4
A10: 5
B11: ИТОГО | I11: =SUM(I7:I10) -> 0 | J11: =SUM(J7:J10) -> 0 | K11: =SUM(K7:K10) -> 0

Sheet Плата за землю
A1: Плата за землю
G2: Тыс. руб.
A3: Наименование | B3: 2018 | C3: 2018 | D3: 2019 | F3: 2019 | G3: 2020 | I3: 2021
B4: Факт | C4: Факт РЭК | D4: Факт | E4: Факт РЭК | F4: Утверждено | G4: По данным организации | H4: По данным экспертов | I4: По данным организации | J4: По данным экспертов
A5: 1 | B5: 3 | F5: 4 | G5: 5 | H5: 6 | I5: 5 | J5: 6
A6: Земельный налог, всего | B6: 40 | C6: =58*44846/65525 -> 39.695811 | D6: 58 | E6: =58*N6 -> 41.91442 | F6: x | G6: 40 | H6: =C6 -> 39.695811 | I6: 58 | J6: =E6 -> 41.91442 | K6: доля на электрику | N6: =44417/61463 -> 0.72266241
A8: Арендная плата за землю | B8: =SUM(B9:B26) -> 0 | F8: x | G8: =SUM(G9:G26) -> 0 | H8: =SUM(H9:H26) -> 0 | I8: =SUM(I9:I26) -> 0 | J8: =SUM(J9:J26) -> 0
A9: договор № ________ от __ | F9: x
A10: договор № ________ от __ | F10: x
A11: договор № ________ от __ | F11: x
A12: договор № ________ от __ | F12: x
A13: договор № ________ от __ | F13: x
A14: договор № ________ от __ | F14: x
A15: договор № ________ от __ | F15: x
A16: договор № ________ от __ | F16: x
A17: договор № ________ от __ | F17: x
A18: договор № ________ от __ | F18: x
A19: договор № ________ от __ | F19: x
A20: договор № ________ от __ | F20: x
... A26: договор № ________ от __ | F26: x
A28: Всего плата за землю: | B28: =B6+B8 -> 40 | G28: =G6+G8 -> 40 | H28: =H6+H8 -> 39.695811

Sheet Налог на имущество
A1: Налог на имущество | F1: 29
D2: Тыс. руб.
A3: Наименование | B3: 2018 | C3: 2019 | D3: 2020
B4: Факт | C4: Утверждено | D4: По данным организации | E4: По данным экспертов
A5: 1 | B5: 3 | C5: 4 | D5: 5 | E5: 6
A6: Среднегодовая остаточная стоимость основных средств, всего, в том числе:
A7: -облагаемых по ставке 2,2 %
A8: -облагаемых по льготной ставке
A9: Льготная ставка налога | B9: х
A10: Налог на имущество, в том числе по уровням напряжения: | D10: =D7*2.2%+D8*D9 -> 0 | E10: =E7*2.2%+E8*E9 -> 0
A11: ВН
A12: СН1
A13: СН11
A14: НН
A15: общий для всех уровней напряжения | B15: =SUM(B11:B14) -> 0 | C15: =SUM(C11:C14) -> 0 | D15: =SUM(D11:D14) -> 0 | E15: =SUM(E11:E14) -> 0

Sheet Транс. налог
A1: Расчет транспортного налога
K2: Тыс. руб.
A3: Объект налогообложения (вид и марка транспортного средства) | B3: Налоговая база, (л.с.) | C3: Налоговая ставка, руб. | D3: 2018 факт | F3: 2019 | H3: 2019 год утвержд. | I3: План на 2020 год | M3: План на 2021 год
D4: Коэф. использ. | E4: Годовая сумма налога, тыс. руб. | F4: Факт | G4: Факт РЭК | I4: Налоговая ставка, руб. | J4: Коэф. использ. | K4: Годовая сумма налога, тыс. руб. | L4: По расчету экспертов | M4: Налоговая ставка, руб. | N4: Коэф. использ. | O4: Годовая сумма налога, тыс. руб. | P4: По расчету экспертов
A5: 1 | B5: 2 | C5: 3 | D5: 5 | E5: 6 | H5: 7 | J5: 8 | K5: 9 | L5: 10 | N5: 8 | O5: 9 | P5: 10
A6: МТЗ 82УК 05-52РУ | B6: 75 | C6: 25 | D6: 0.2 | E6: =B6*C6*D6/1000 -> 0.375 | G6: =1.875*D6 -> 0.375 | I6: =C6 -> 25 | J6: =D6 -> 0.2 | K6: =B6*I6*J6/1000 -> 0.375 | M6: =C6 -> 25 | N6: =D6 -> 0.2 | O6: 0.375 | P6: =G6 -> 0.375 | R6: =P6-G6 -> 0
A7: ТДТ 75 ДЕРС 2 80-18 РТ | B7: 90 | C7: 25 | D7: 0.05 | E7: =B7*C7*D7/1000 -> 0.1125 | G7: =2.25*D7 -> 0.1125 | I7: =C7 -> 25 | J7: =D7 -> 0.05 | K7: =B7*I7*J7/1000 -> 0.1125 | M7: =C7 -> 25 | N7: =D7 -> 0.05 | O7: 0.1125 | P7: =G7 -> 0.1125 | R7: =P7-G7 -> 0
A8: Автогрейдер ДЗ- 180 05-51 РУ | B8: 135 | C8: 25 | D8: 0.05 | E8: =B8*C8*D8/1000 -> 0.16875 | G8: =3.375*D8 -> 0.16875 | I8: =C8 -> 25 | J8: =D8 -> 0.05 | K8: =B8*I8*J8/1000 -> 0.16875 | M8: =C8 -> 25 | N8: =D8 -> 0.05 | O8: 0.16875 | P8: =G8 -> 0.16875 | R8: =P8-G8 -> 0
A9: ЭО2626 Е 80-14 | B9: 78 | C9: 25 | D9: 1 | E9: =B9*C9*D9/1000 -> 1.95 | G9: =1.95*D9 -> 1.95 | I9: =C9 -> 25 | J9: =D9 -> 1 | K9: =B9*I9*J9/1000 -> 1.95 | M9: =C9 -> 25 | N9: =D9 -> 1 | O9: 1.95 | P9: =G9 -> 1.95 | R9: =P9-G9 -> 0
A10: УАЗ 390944 942НУ | B10: 72.8 | C10: 10 | D10: 1 | E10: =B10*C10*D10/1000 -> 0.728 | G10: =0.728*D10 -> 0.728 | I10: =C10 -> 10 | J10: =D10 -> 1 | K10: =B10*I10*J10/1000 -> 0.728 | M10: =C10 -> 10 | N10: =D10 -> 1 | O10: 0.728 | P10: =G10 -> 0.728 | R10: =P10-G10 -> 0
A11: УАЗ 315192 Х 597 ВХ | B11: 84 | C11: 10 | D11: 1 | E11: =B11*C11*D11/1000 -> 0.84 | G11: =0.84*D11 -> 0.84 | I11: =C11 -> 10 | J11: =D11 -> 1 | K11: =B11*I11*J11/1000 -> 0.84 | M11: =C11 -> 10 | N11: =D11 -> 1 | O11: 0.84 | P11: =G11 -> 0.84 | R11: =P11-G11 -> 0
A12: УАЗ 396254 С955 КР | B12: 99 | C12: 20 | D12: 1 | E12: =B12*C12*D12/1000 -> 1.98 | G12: =1.98*D12 -> 1.98 | I12: =C12 -> 20 | J12: =D12 -> 1 | K12: =B12*I12*J12/1000 -> 1.98 | M12: =C12 -> 20 | N12: =D12 -> 1 | O12: 1.98 | P12: =G12 -> 1.98 | R12: =P12-G12 -> 0
A13: УАЗ 315195 В437 | B13: 128 | C13: 32 | D13: 1 | E13: =B13*C13*D13/1000 -> 4.096 | G13: =4.096*D13 -> 4.096 | I13: =C13 -> 32 | J13: =D13 -> 1 | K13: =B13*I13*J13/1000 -> 4.096 | M13: =C13 -> 32 | N13: =D13 -> 1 | O13: 4.096 | P13: =G13 -> 4.096 | R13: =P13-G13 -> 0
A14: УАЗ 390945 Н437 РВ | B14: 112 | C14: 32 | D14: 1 | E14: =B14*C14*D14/1000 -> 3.584 | G14: =3.584*D14 -> 3.584 | I14: =C14 -> 32 | J14: =D14 -> 1 | K14: =B14*I14*J14/1000 -> 3.584 | M14: =C14 -> 32 | N14: =D14 -> 1 | O14: 3.584 | P14: =G14 -> 3.584 | R14: =P14-G14 -> 0
A15: МАЗ КС5334357731 У498 НС | B15: 180 | C15: 40 | D15: 1 | E15: =B15*C15*D15/1000 -> 7.2 | G15: =7.2*D15 -> 7.2 | I15: =C15 -> 40 | J15: =D15 -> 1 | K15: =B15*I15*J15/1000 -> 7.2 | M15: =C15 -> 40 | N15: =D15 -> 1 | O15: 7.2 | P15: =G15 -> 7.2 | R15: =P15-G15 -> 0
A16: ЗИЛ 130 В- 952 НН | B16: 150 | C16: 32 | D16: 0.5 | E16: =B16*C16*D16/1000 -> 2.4 | G16: =4.8*D16 -> 2.4 | I16: =C16 -> 32 | J16: =D16 -> 0.5 | K16: =B16*I16*J16/1000 -> 2.4 | M16: =C16 -> 32 | N16: =D16 -> 0.5 | O16: 2.4 | P16: =G16 -> 2.4 | R16: =P16-G16 -> 0
A17: ЗИЛ4516 75-32 РЯС | B17: 185 | C17: 40 | D17: 1 | E17: =B17*C17*D17/1000 -> 7.4 | G17: =7.4*D17 -> 7.4 | I17: =C17 -> 40 | J17: =D17 -> 1 | K17: =B17*I17*J17/1000 -> 7.4 | M17: =C17 -> 40 | N17: 0.7 | O17: 5.18 | P17: =G17/D17*N17 -> 5.18 | R17: =P17-G17 -> -2.22
A18: УАЗ 39629 В127 ВХ | B18: 84 | C18: 10 | D18: 0.5 | E18: =B18*C18*D18/1000 -> 0.42 | G18: =0.84*D18 -> 0.42 | I18: =C18 -> 10 | J18: =D18 -> 0.5 | K18: =B18*I18*J18/1000 -> 0.42 | M18: =C18 -> 10 | N18: 1 | O18: 0.84 | P18: =G18/D18 -> 0.84 | R18: =P18-G18 -> 0.42
A19: КАМАЗ 5511 В052 ВХ | B19: 210 | C19: 60 | D19: 0.5 | E19: =B19*C19*D19/1000 -> 6.3 | G19: =12.6*D19 -> 6.3 | I19: =C19 -> 60 | J19: =D19 -> 0.5 | K19: =B19*I19*J19/1000 -> 6.3 | M19: =C19 -> 60 | N19: =D19 -> 0.5 | O19: 6.3 | P19: =G19 -> 6.3 | R19: =P19-G19 -> 0
A20: ГАЗ3309 Т 906 РС | B20: 117 | C20: 32 | D20: 1 | E20: =B20*C20*D20/1000 -> 3.744 | G20: =3.744*D20 -> 3.744 | I20: =C20 -> 32 | J20: =D20 -> 1 | K20: =B20*I20*J20/1000 -> 3.744 | M20: =C20 -> 32 | N20: =D20 -> 1 | O20: 3.744 | P20: =G20 -> 3.744 | R20: =P20-G20 -> 0
A21: АПТ17М Т 539 РТ | B21: 117.2 | C21: 32 | D21: 1 | E21: =B21*C21*D21/1000 -> 3.7504 | G21: =3.75*D21 -> 3.75 | I21: =C21 -> 32 | J21: =D21 -> 1 | K21: =B21*I21*J21/1000 -> 3.7504 | M21: =C21 -> 32 | N21: =D21 -> 1 | O21: 3.7504 | P21: =G21 -> 3.75 | R21: =P21-G21 -> 0
A22: УАЗ Патриот А 433 СВ | B22: 128 | C22: 32 | D22: 1 | E22: =B22*C22*D22/1000 -> 4.096 | G22: =4.096*D22 -> 4.096 | I22: =C22 -> 32 | J22: =D22 -> 1 | K22: =B22*I22*J22/1000 -> 4.096 | M22: =C22 -> 32 | N22: =D22 -> 1 | O22: 4.096 | P22: =G22 -> 4.096 | R22: =P22-G22 -> 0
A23: Бурильнокрановая машина БМ 20 РМ 29-92 | B23: 75 | C23: 25 | D23: 1 | E23: =B23*C23*D23/1000 -> 1.875 | G23: =1.875*D23 -> 1.875 | I23: =C23 -> 25 | J23: =D23 -> 1 | K23: =B23*I23*J23/1000 -> 1.875 | M23: =C23 -> 25 | N23: =D23 -> 1 | O23: 1.875 | P23: =G23 -> 1.875 | R23: =P23-G23 -> 0
A24: УАЗ 3151196 514 СР | B24: 112.2 | C24: 20 | D24: 1 | E24: =B24*C24*D24/1000 -> 2.244 | G24: =2.244*D24 -> 2.244 | I24: =C24 -> 20 | J24: =D24 -> 1 | K24: =B24*I24*J24/1000 -> 2.244 | M24: =C24 -> 20 | N24: =D24 -> 1 | O24: 2.244 | P24: =G24 -> 2.244 | R24: =P24-G24 -> 0
E25: =B25*C25*D25/1000 -> 0 | K25: =B25*I25*J25/1000 -> 0 | O25: 0
E26: =B26*C26*D26/1000 -> 0 | K26: =B26*I26*J26/1000 -> 0 | O26: 0
E27: =B27*C27*D27/1000 -> 0 | K27: =B27*I27*J27/1000 -> 0 | O27: 0
E28: =B28*C28*D28/1000 -> 0 | K28: =B28*I28*J28/1000 -> 0 | O28: 0
E29: =B29*C29*D29/1000 -> 0 | K29: =B29*I29*J29/1000 -> 0 | O29: 0
E30: =B30*C30*D30/1000 -> 0 | K30: =B30*I30*J30/1000 -> 0 | O30: 0
E31: =B31*C31*D31/1000 -> 0 | K31: =B31*I31*J31/1000 -> 0 | O31: 0
E32: =B32*C32*D32/1000 -> 0 | K32: =B32*I32*J32/1000 -> 0 | O32: 0
A34: 10 | B34: х | C34: х | D34: х | E34: =SUM(E6:E32) -> 53.26365 | G34: =SUM(G6:G32) -> 53.26325 | J34: х | K34: =SUM(K6:K32) -> 53.26365 | L34: =E34 -> 53.26365 | O34: =SUM(O6:O32) -> 51.46365 | P34: =SUM(P6:P32) -> 51.46325

Sheet негативное воздействие 
A1: Расчет платы за негативное воздействие на окружающую среду | G1: 31
E2: Тыс.руб.
A3: Наименование | B3: 2018 | C3: 2018 | D3: 2019 | E3: 2020
B4: Факт | C4: Факт РЭК | D4: Утверждено | E4: По данным организации | F4: По данным экспертов
A5: 1 | B5: 3 | D5: 4 | E5: 5 | F5: 6
A6: Выбросы в атмосферу от стационарных источников
A7: Выбросы в атмосферу от передвижных источников
A8: Сбросы в водные объекты
A9: Плата за размещение отходов
A10: ИТОГО плата за негативное воздействие на окружающую среду | B10: =SUM(B6:B9) -> 0 | C10: 0 | D10: =SUM(D6:D9) -> 0 | E10: =SUM(E6:E9) -> 0 | F10: =SUM(F6:F9) -> 0

Sheet прочие налоги и сборы
A1: Расчет расходов на прочие налоги и сборы | G1: 32
A2: Наименование | B2: 2018 | C2: 2018 | D2: 2019 | E2: 2020
B3: Факт | C3: Факт РЭК | D3: Утверждено | E3: По данным организации | F3: По данным экспертов
A4: 1 | B4: 3 | D4: 4 | E4: 5 | F4: 6
A5: Участие в СРО
A6: НСД с расходов из прибыли
A7: Налог на прибыль с разницы между бухгалтерским и налоговым учетом
A8: Итого | B8: =B5+B6+B7 -> 0 | D8: =D5+D6+D7 -> 0 | E8: =E5+E6+E7 -> 0 | F8: =F5+F6+F7 -> 0

Sheet прочие НР
A1: Прочие обоснованные неподконтрольные расходы | F1: 33
D2: Тыс.руб.
A3: Наименование | B3: 2018 | C3: 2019 | D3: 2020
B4: Факт | C4: Утверждено | D4: По данным организации | E4: По данным экспертов
A5: 1 | B5: 3 | C5: 4 | D5: 5 | E5: 6
A6: Отчисления на социальные нужды помощь к ртпуску | D6: ='Другие прочие и подконтрольные '!D24*0.303 -> 60.6
A7: Отчисления на социальные нужды премии ко дню энергетика | D7: ='Другие прочие и подконтрольные '!D25*0.303 -> 149.42176
A12: ИТОГО прочие обоснованные неподконтрольные расходы: | B12: =SUM(B6:B10) -> 0 | C12: =SUM(C6:C10) -> 0 | D12: =SUM(D6:D10) -> 210.02176 | E12: =SUM(E6:E10) -> 0

Sheet Аммортизация
L1: 34
B2: Расчет амортизационных отчислений, относимых на услуги по передаче электроэнергии, по МУ МПЖКХ Гусь-Железный
G4: тыс.руб. | K4: Таблица 1.17.
A5: п/п | B5: Показатели | E5: 2018 факт | F5: 2019 план | G5: 2020 | H5: 2021 | I5: 2022 | J5: 2023 | K5: 2024
A6: 1. | B6: Балансовая стоимость основных производственных фондов на начало периода регулирования | E6: 24024 | F6: =E6+E7 -> 29153 | G6: =F6+F7 -> 32953 | H6: =G6+G7 -> 33953 | I6: =H6+H7 -> 34953 | J6: =I6+I7 -> 35953 | K6: =J6+J7 -> 36953
A7: 2. | B7: Ввод основных производственных фондов | E7: 5129 | F7: 3800 | G7: 1000 | H7: 1000 | I7: 1000 | J7: 1000 | K7: 1000
A8: 3. | B8: Выбытие основных производственных фондов
A9: 4. | B9: Среднегодовая стоимость основных производственных фондов | E9: =(E6+E7-E8+E6)/2 -> 26588.5 | F9: =(F6+F7-F8+F6)/2 -> 31053 | G9: =(G6+G7-G8+G6)/2 -> 33453 | H9: =(H6+H7-H8+H6)/2 -> 34453 | I9: =(I6+I7-I8+I6)/2 -> 35453 | J9: =(J6+J7-J8+J6)/2 -> 36453 | K9: =(K6+K7-K8+K6)/2 -> 37453
A10: 5. | B10: Средняя норма амортизации | E10: =E11/E9 -> 0.065366606 | F10: =E10 -> 0.065366606 | G10: =F10 -> 0.065366606 | H10: =G10 -> 0.065366606 | I10: =H10 -> 0.065366606 | J10: =I10 -> 0.065366606 | K10: =J10 -> 0.065366606
A11: 6. | B11: Сумма амортизационных отчислений | E11: 1738 | F11: =F9*F10 -> 2029.8292 | G11: =G9*G10 -> 2186.7091 | H11: =H9*H10 -> 2252.0757 | I11: =I9*I10 -> 2317.4423 | J11: =J9*J10 -> 2382.8089 | K11: =K9*K10 -> 2448.1755
D14: Расчет среднегодовой стоимости основных производственных фондов по линиям электропередач и подстанциям за 2020 год
J15: Таблица 1.17.1
J16: тыс.руб.
E17: стоимость на начало регулируемого периода | F17: Ввод основных производствен ных фондов | G17: Выбытие основных производственных фондов | H17: стоимость на конец регулируемого периода | I17: среднегодовая стоимость | J17: Амортизация
C18: 1. | D18: Линии электропередач | E18: =E19+E24 -> 17002 | F18: =F19+F24 -> 600 | G18: =G19+G24 -> 0 | H18: =H19+H24 -> 17602 | I18: =I19+I24 -> 17302 | J18: =J19+J24 -> 1056
C19: 1.1. | D19: ВЛЭП | E19: =SUM(E20:E23) -> 17002 | F19: =SUM(F20:F23) -> 600 | G19: =SUM(G20:G23) -> 0 | H19: =SUM(H20:H23) -> 17602 | I19: =SUM(I20:I23) -> 17302 | J19: =SUM(J20:J23) -> 1056
D20: ВН | H20: =E20+F20-G20 -> 0 | I20: =(E20+H20)/2 -> 0
D21: СН1 | H21: =E21+F21-G21 -> 0 | I21: =(E21+H21)/2 -> 0
D22: СН2 | E22: 2600 | F22: 300 | H22: =E22+F22-G22 -> 2900 | I22: =(E22+H22)/2 -> 2750 | J22: 174
D23: НН | E23: 14402 | F23: 300 | H23: =E23+F23-G23 -> 14702 | I23: =(E23+H23)/2 -> 14552 | J23: 882
C24: 1.2. | D24: КЛЭП | E24: =SUM(E25:E28) -> 0 | F24: =SUM(F25:F28) -> 0 | G24: =SUM(G25:G28) -> 0 | H24: =SUM(H25:H28) -> 0 | I24: =SUM(I25:I28) -> 0 | J24: =SUM(J25:J28) -> 0
D25: ВН | H25: =E25+F25-G25 -> 0 | I25: =(E25+H25)/2 -> 0
D26: СН1 | H26: =E26+F26-G26 -> 0 | I26: =(E26+H26)/2 -> 0
D27: СН2 | H27: =E27+F27-G27 -> 0 | I27: =(E27+H27)/2 -> 0
D28: НН | H28: =E28+F28-G28 -> 0 | I28: =(E28+H28)/2 -> 0
C29: 2. | D29: Подстанции | E29: =SUM(E30:E32) -> 15951 | F29: =SUM(F30:F32) -> 400 | G29: =SUM(G30:G32) -> 0 | H29: =SUM(H30:H32) -> 16351 | I29: =SUM(I30:I32) -> 16151 | J29: =SUM(J30:J32) -> 1131
D30: ВН | H30: =E30+F30-G30 -> 0 | I30: =(E30+H30)/2 -> 0
D31: СН1 | H31: =E31+F31-G31 -> 0 | I31: =(E31+H31)/2 -> 0
D32: СН2 | E32: 15951 | F32: 400 | H32: =E32+F32-G32 -> 16351 | I32: =(E32+H32)/2 -> 16151 | J32: 1131
D33: НН | E33: x | F33: x | G33: x | H33: x | I33: x | J33: x
C34: 3. | D34: Всего (стр. 1+стр.2) | E34: =SUM(E35:E38) -> 32953 | F34: =SUM(F35:F38) -> 1000 | G34: =SUM(G35:G38) -> 0 | H34: =SUM(H35:H38) -> 33953 | I34: =SUM(I35:I38) -> 33453 | J34: =SUM(J35:J38) -> 2187
D35: ВН | E35: =E20+E25+E30 -> 0 | F35: =F20+F25+F30 -> 0 | G35: =G20+G25+G30 -> 0 | H35: =H20+H25+H30 -> 0 | I35: =I20+I25+I30 -> 0 | J35: =J20+J25+J30 -> 0
D36: СН1 | E36: =E21+E26+E31 -> 0 | F36: =F21+F26+F31 -> 0 | G36: =G21+G26+G31 -> 0 | H36: =H21+H26+H31 -> 0 | I36: =I21+I26+I31 -> 0 | J36: =J21+J26+J31 -> 0
D37: СН2 | E37: =E22+E27+E32 -> 18551 | F37: =F22+F27+F32 -> 700 | G37: =G22+G27+G32 -> 0 | H37: =H22+H27+H32 -> 19251 | I37: =I22+I27+I32 -> 18901 | J37: =J22+J27+J32 -> 1305
D38: НН | E38: =E23+E28 -> 14402 | F38: =F23+F28 -> 300 | G38: =G23+G28 -> 0 | H38: =H23+H28 -> 14702 | I38: =I23+I28 -> 14552 | J38: =J23+J28 -> 882
B40: Примечание: оборудование подстанций относится на первичный уровень напряжения.

Sheet Корр ПР
A1: Корректировка подконтрольных расходов в связи с изменением планируемых параметров расчета тарифов
A3: № п/п | B3: Наименование показателей | C3: Обозначение в МУ | D3: По данным организации | E3: По данным экспертов
A4: 1 | B4: 2 | C4: 3 | D4: 4 | E4: 5
A5: 1. | B5: ПР установленные на i-3 год | D5: 23543.026 | E5: ='Свод долгосрочный '!F23 -> 23543.026 | H5: 2018
A6: 2 | B6: ПР установленные на i-2 год | D6: 24909.794 | E6: ='Свод долгосрочный '!I23 -> 24909.794 | H6: 2019
A7: 3 | B7: индекс эффективности подконтрольных расходов, установленный в процентах | D7: 0.01 | E7: ='Свод долгосрочный '!I6 -> 0.01
A8: 4 | B8: фактическое значение ИПЦ в году i-2 | D8: 0.06583 | E8: 0.045
A9: 5 | B9: фактическое значение УЕ в i-3 году | D9: 878.05848 | E9: ='Свод долгосрочный '!E9 -> 1009.9794
A10: 6 | B10: фактическое значение УЕ в i-2 году | D10: 1013.6582 | E10: ='Свод долгосрочный '!H9 -> 1017.0752
A11: 7 | B11: коэффициент элластичности | D11: 0.75 | E11: =D11 -> 0.75
B12: Итого | D12: 2809.4197 | E12: =E5*(1-E7)*(1+E8)*(1+E11*(E10-E9)/E9)-E6 -> -425.01586

Sheet Корр. НР
A2: Корректировка неподконтрольных расходов по результатам 2019 года
A4: № п/п | B4: Наименование показателей | C4: По данным организации | F4: По данным экспертов
C5: Утверждено 2019 год | D5: Факт 2019 год | E5: Величина корректировки НР | F5: Факт 2019 год | G5: Величина корректировки НР
A6: 1 | B6: 2 | C6: 5 | D6: 6 | E6: 7 | F6: 8 | G6: 9
A7: 1 | B7: Оплата услуг ОАО "ФСК ЕЭС" | E7: =D7-C7 -> 0 | G7: =F7-C7 -> 0
A8: 2 | B8: Электроэнергия на хоз. нужды | C8: ='Свод долгосрочный '!I48 -> 0 | D8: 0 | E8: =D8-C8 -> 0 | F8: ='Свод долгосрочный '!H48 -> 20.8 | G8: =F8-C8 -> 20.8
A9: 3 | B9: Содержание зданий (Теплоэнергия, газ) | C9: ='Свод долгосрочный '!I49 -> 0 | D9: 77 | E9: =D9-C9 -> 77 | F9: ='Свод долгосрочный '!H49 -> 43.737329 | G9: =F9-C9 -> 43.737329
A10: 4 | B10: Плата за аренду имущества и лизинг | C10: ='Свод долгосрочный '!I50 -> 5.717 | D10: 482.5 | E10: =D10-C10 -> 476.783 | F10: ='Свод долгосрочный '!H50 -> 328.70274 | G10: =F10-C10 -> 322.98574
A11: 5 | B11: Плата за землю | C11: ='Свод долгосрочный '!I52 -> 25 | D11: 58 | E11: =D11-C11 -> 33 | F11: ='Свод долгосрочный '!H52 -> 41.91442 | G11: =F11-C11 -> 16.91442
A12: 6 | B12: налог на имущество | E12: =D12-C12 -> 0 | G12: =F12-C12 -> 0
A13: 7 | B13: прочие налоги и сборы | C13: ='Свод долгосрочный '!I58 -> 28.4884 | D13: 95 | E13: =D13-C13 -> 66.5116 | F13: ='Свод долгосрочный '!H58 -> 53.26325 | G13: =F13-C13 -> 24.77485
A14: 8 | B14: Отчисления на социальные нужды | C14: ='Свод долгосрочный '!I59 -> 4764.0258 | D14: 3269.5 | E14: =D14-C14 -> -1494.5258 | F14: ='Свод долгосрочный '!H59 -> 3183 | G14: =F14-C14 -> -1581.0258
A15: 9 | B15: Налог на прибыль | C15: ='Свод долгосрочный '!I61 -> 1111 | D15: 1343.88 | E15: =D15-C15 -> 232.88 | F15: ='Свод долгосрочный '!H61 -> 1176.3622 | G15: =F15-C15 -> 65.362202
A16: 10 | B16: Расходы, связанные с компенсацией выпадающих доходов от льготного технологического присоединения | C16: ='Свод долгосрочный '!I62 -> 0 | E16: =D16-C16 -> 0 | F16: ='Свод долгосрочный '!H62 -> 0 | G16: =F16-C16 -> 0
A17: 11 | B17: Прочие неподконтрольные расходы | C17: ='Свод долгосрочный '!I60 -> 0 | E17: =D17-C17 -> 0 | F17: ='Свод долгосрочный '!H60 -> 0 | G17: =F17-C17 -> 0
A18: 12 | B18: Амортизация | C18: ='Свод долгосрочный '!I63 -> 1439.6507 | D18: 1823.9 | E18: =D18-C18 -> 384.24928 | F18: ='Свод долгосрочный '!H63 -> 1817.4238 | G18: =F18-C18 -> 377.77304
B19: Итого | C19: =SUM(C7:C18) -> 7373.8819 | D19: =SUM(D7:D18) -> 7149.78 | E19: =SUM(E7:E18) -> -224.10193 | F19: =SUM(F7:F18) -> 6665.2037 | G19: =SUM(G7:G18) -> -708.67823

Sheet Корр. ПО
A1: Корректировка НВВ с учетом изменения полезного отпуска и цен на электрическую энергию за 2019 год
A2: Месяц (Период) | B2: Объем отпуска электрической энергии в сеть для передачи сторонним потребителям | D2: Утвержденный норматив потерь | E2: Цена покупки потерь электрической энергии | G2: Величина корректировки
B3: План | C3: Факт | E3: Учтенная при установлении тарифа | F3: Фактическая цена | G3: По данным организации | H3: По данным экспертов
A4: Ед.изм. | B4: тыс.кВт.ч. | C4: тыс.кВт.ч. | D4: % | E4: руб/тыс.кВт.ч | F4: руб/тыс.кВт.ч | G4: тыс. руб. | H4: тыс. руб.
A5: 2008 год
A6: Январь | E6: =C6 -> 0 | G6: х
A7: Февраль | E7: =C7 -> 0 | G7: х
A8: Март | E8: =C8 -> 0 | G8: х
A9: Апрель | E9: =C9 -> 0 | G9: х
A10: Май | E10: =C10 -> 0 | G10: х
A11: Июнь | E11: =C11 -> 0 | G11: х
A12: Июль | E12: =C12 -> 0 | G12: х
A13: Август | E13: =C13 -> 0 | G13: х
A14: Сентябрь | E14: =C14 -> 0 | G14: х
A15: Октябрь | E15: =C15 -> 0 | G15: х
A16: Ноябрь | E16: =C16 -> 0 | G16: х
A17: Декабрь | E17: =C17 -> 0 | G17: х
A18: ВСЕГО: | B18: =SUM(B6:B17) -> 0 | G18: =IF(#REF!>#REF!,#REF!-#REF!,IF(#REF!>#REF!,(#REF!/#REF!-E17/1000)*#REF!,#REF!-#REF!)) -> #REF!
A19: Январь | B19: 2867 | C19: =2295.043+481+181.096 -> 2957.139 | D19: 0.1677 | E19: 2803.6217 | F19: =2060086.72/(481000+181096)*1000 -> 3111.4623 | G19: 191355.78 | H19: =(C19-B19)*D19*F19+B19*(F19-E19)*D19 -> 195042.31 | J19: просчитала
A20: Февраль | B20: 2309 | C20: =2109.577+387+154.454 -> 2651.031 | D20: =D19 -> 0.1677 | E20: 2803.6217 | F20: =1825920.05/(387000+154454)*1000 -> 3372.2533 | G20: 410165.88 | H20: =(C20-B20)*D20*F20+B20*(F20-E20)*D20 -> 413612.86
A21: Март | B21: 2432 | C21: =1925.347+408+395.015 -> 2728.362 | D21: =D20 -> 0.1677 | E21: 2803.6217 | F21: =2621958.21/(408000+395015)*1000 -> 3265.1423 | G21: 344389.05 | H21: =(C21-B21)*D21*F21+B21*(F21-E21)*D21 -> 350506.76
A22: Апрель | B22: 2130 | C22: =1889.382+357+43.163 -> 2289.545 | D22: =D21 -> 0.1677 | E22: 2803.6217 | F22: =1390950.47/(357000+43163)*1000 -> 3475.9597 | G22: 332035.69 | H22: =(C22-B22)*D22*F22+B22*(F22-E22)*D22 -> 333161.54
A23: Май | B23: 2089 | C23: =1724.599+331.782 -> 2056.381 | D23: =D22 -> 0.1677 | E23: 2803.6217 | F23: =1022375.62/331782*1000 -> 3081.468 | G23: 80480.26 | H23: =(C23-B23)*D23*F23+B23*(F23-E23)*D23 -> 80480.326
A24: Июнь | B24: 1874 | C24: =1690.873+193.808 -> 1884.681 | D24: =D23 -> 0.1677 | E24: 2803.6217 | F24: =622126.01/193808*1000 -> 3210.012 | G24: 133466.14 | H24: =(C24-B24)*D24*F24+B24*(F24-E24)*D24 -> 133465.99
A25: Июль | B25: 1984 | C25: =1681.758+333+138.711 -> 2153.469 | D25: =D24 -> 0.1677 | E25: 3325.3438 | F25: =1627809.52/(333000+138711)*1000 -> 3450.8619 | G25: 164273.56 | H25: =(C25-B25)*D25*F25+B25*(F25-E25)*D25 -> 139835.32
A26: Август | B26: 2013 | C26: =1746.773+338+215.014 -> 2299.787 | D26: =D25 -> 0.1677 | E26: 3325.3438 | F26: =1981764.87/(338000+215014)*1000 -> 3583.5709 | G26: 230298 | H26: =(C26-B26)*D26*F26+B26*(F26-E26)*D26 -> 259521.24
A27: Сентябрь | B27: 2010 | C27: =1802.146+337+57.177 -> 2196.323 | D27: =D26 -> 0.1677 | E27: 3325.3438 | F27: =1499474.37/(337000+57177)*1000 -> 3804.0636 | G27: 292523.34 | H27: =(C27-B27)*D27*F27+B27*(F27-E27)*D27 -> 280228.6
A28: Октябрь | B28: 2285 | C28: =1952.412+383+150.183 -> 2485.595 | D28: =D27 -> 0.1677 | E28: 3325.3438 | F28: =1946864.62/(383000+150183)*1000 -> 3651.4004 | G28: 274794.15 | H28: =(C28-B28)*D28*F28+B28*(F28-E28)*D28 -> 247775.42
A29: Ноябрь | B29: 2529 | C29: =1972.478+424+279.495 -> 2675.973 | D29: =D28 -> 0.1677 | E29: 3325.3438 | F29: =2390454.13/(424000+279495)*1000 -> 3397.9689 | G29: 155581.17 | H29: =(C29-B29)*D29*F29+B29*(F29-E29)*D29 -> 114552.28
A30: Декабрь | B30: 2640 | C30: =1863.295+443+443.699 -> 2749.994 | D30: =D29 -> 0.1677 | E30: 3325.3438 | F30: =3098810.21/(443000+443699)*1000 -> 3494.7713 | G30: 192262.98 | H30: =(C30-B30)*D30*F30+B30*(F30-E30)*D30 -> 139474.84
A31: ВСЕГО: | B31: =SUM(B19:B30) -> 27162 | C31: =SUM(C19:C30) -> 29128.28 | D31: =D19 -> 0.1677 | E31: х | F31: х | G31: =2801626.00421686/1000 -> 2801.626 | H31: =SUM(H19:H30)/1000 -> 2687.6575
C33: 29.128
A40: Фактический объем отпуска электрической энергии (тыс. кВт.ч.) | B40: =B41+B42 -> 29128.28 | F40: =2295.043 -> 2295.043 | G40: =481+181.096 -> 662.096
A41: Фактический полезный отпуск электрической энергии (тыс. кВт.ч.) | B41: =F52 -> 22653.683 | F41: =2109.577 -> 2109.577 | G41: =387+154.454 -> 541.454
A42: Фактические потери электрической энергии (тыс. кВт.ч.) Пф i-2 | B42: =G52 -> 6474.597 | F42: =1925.347 -> 1925.347 | G42: =408+395.015 -> 803.015
A43: Уровень потерь электрической энергии Ni-2 | B43: ='Свод долгосрочный '!I124 -> 0.16769752 | F43: =1889.382 -> 1889.382 | G43: =357+43.163 -> 400.163
A44: Цена покупки потерь электрической энергии, учтенная при установлении тарифа (руб/тыс.кВт.ч) | B44: ='Свод долгосрочный '!I132 -> 3062.2492 | F44: =1724.599 -> 1724.599 | G44: =331.782 -> 331.782
A45: Средневзвешенная цена покупки потерь (руб/тыс.кВт.ч) | B45: =C64/B64*1000 -> 3411.5783 | F45: =1690.873 -> 1690.873 | G45: =193.808 -> 193.808
A46: ИТОГО корректировка НВВ с учетом изменения полезного отпуска и цен на электрическую энергию | B46: =(MIN(B42,B40*B43)*B45-B40*B44*B43)/1000 -> 1706.3819 | F46: =1681.758 -> 1681.758 | G46: =333+138.711 -> 471.711
A47: ИТОГО ЭКОНОМИЯ ПОТЕРЬ | B47: =MAX(0,B43*B40-B42)*B45/1000 -> 0 | F47: =1746.773 -> 1746.773 | G47: =338+215.014 -> 553.014
F48: =1802.146 -> 1802.146 | G48: =337+57.177 -> 394.177
F49: =1952.412 -> 1952.412 | G49: =383+150.183 -> 533.183
B50: Потери* | C50: Стоимость потерь * | F50: =1972.478 -> 1972.478 | G50: =424+279.495 -> 703.495
A51: Ед.изм. | B51: кВт.ч. | C51: руб/кВт.ч | F51: =1863.295 -> 1863.295 | G51: =443+443.699 -> 886.699
A52: Январь | B52: =(481000+181096) -> 662096 | C52: =2060086.72 -> 2060086.7 | F52: =SUM(F40:F51) -> 22653.683 | G52: =SUM(G40:G51) -> 6474.597 | I52: =F52+G52 -> 29128.28
A53: Февраль | B53: =(387000+154454) -> 541454 | C53: =1825920.05 -> 1825920.1
A54: Март | B54: =(408000+395015) -> 803015 | C54: =2621958.21 -> 2621958.2
A55: Апрель | B55: =(357000+43163) -> 400163 | C55: =1390950.47 -> 1390950.5
A56: Май | B56: =331782 -> 331782 | C56: =1022375.62 -> 1022375.6
A57: Июнь | B57: =193808 -> 193808 | C57: =622126.01 -> 622126.01
A58: Июль | B58: =(333000+138711) -> 471711 | C58: =1627809.52 -> 1627809.5
A59: Август | B59: =(338000+215014) -> 553014 | C59: =1981764.87 -> 1981764.9
A60: Сентябрь | B60: =(337000+57177) -> 394177 | C60: =1499474.37 -> 1499474.4
A61: Октябрь | B61: =(383000+150183) -> 533183 | C61: =1946864.62 -> 1946864.6
A62: Ноябрь | B62: =(424000+279495) -> 703495 | C62: =2390454.13 -> 2390454.1
A63: Декабрь | B63: =(443000+443699) -> 886699 | C63: =3098810.21 -> 3098810.2
A64: ВСЕГО: | B64: =SUM(B52:B63)/1000 -> 6474.597 | C64: =SUM(C52:C63)/1000 -> 22088.595 | D64: =C64/B64 -> 3.4115783
A65: *Заполняется согласно счета-фактур покупки потерь

Sheet Корр. ИП
A2: Корректировка НВВ в связи с изменением (неисполнением) инвестиционной программы по результатам 2018 года
A4: № п/п | B4: Наименование показателей | C4: Обозначение в Мет. указаниях | D4: По данным организации | E4: По данным экспертов
A5: 1 | B5: 2 | C5: 3 | D5: 4 | E5: 5
A6: 1. | B6: Расчетная величина собственных средств организации для финансирования инвестиционной программы , всего, в том числе: | D6: =D7+D8 -> 0 | E6: =E7+E8 -> 0
B7: -амортизация
B8: - капитальные вложения из прибыли
A9: 2. | B9: Утвержденная инвестиционная программа (в случае, если договорная схема организации предполагает взаиморасчет по одноставочному тарифу, величина принимается равной расчетному значению)
A10: 3. | B10: Объем фактического исполнения инвестиционной программы | F10: исключить по ТП
A11: 4. | B11: Учтенная при расчете тарифов на (i-1) год корректировка необходимой валовой выручки на (i-2)-ой год долгосрочного периода регулирования, осуществленная в связи с изменением (неисполнением) инвестиционной программы за истекший период на (i-2)-го года по результатам 9 месяцев
B12: Итого | D12: =IF(D9=0,0,D6*(D10/D9-1)-D11) -> 0 | E12: =IF(E9=0,0,E6*(E10/E9-1)-E11) -> 0

Sheet Корр. КНК
A1: Корректировка НВВ с учетом надежности и качества оказываемых услуг по результатам 2019 года
A2: № п/п | B2: Наименование показателей | C2: Обзнач. в Методических указаниях | D2: По данным организации | E2: По данным экспертов
A3: 1 | B3: 2 | C3: 3 | D3: 4 | E3: 5
A4: 1. | B4: Оценка достижения показателя уровня надежности оказываемых услуг | D4: =(IF(AND(65<F17,F17<135),0,IF(F17>=135,-1,IF(F17<=65,1)))) -> 1 | E4: -1
A5: 2. | B5: Оценка достижения показателя уровня качества оказываемых услуг | D5: =(IF(AND(65<F18,F18<135),0,IF(F18>=135,-1,IF(F18<=65,1)))) -> 1 | E5: 0
A6: 3. | B6: Обобщенный показатель уровня надежности и качества оказываемых услуг | D6: =D4*0.65+D5*0.35 -> 1 | E6: =E4*0.65+E5*0.35 -> -0.65
A7: 4. | B7: Максимальный процент корректировки, % | D7: 0.02 | E7: 0.02
A8: 5. | B8: Коэффициент, корректирующий НВВ с учетом надежности и качества оказываемых услуг | D8: =D6*D7 -> 0.02 | E8: =E6*E7 -> -0.013
A9: 6. | B9: Утвержденная НВВ на содержание электрических сетей (тыс. руб.) | D9: 44150.151 | E9: ='Свод долгосрочный '!I78 -> 30457.586
A10: 7. | B10: Величина корректировки НВВ с учетом надежности и качества оказываемых услуг | D10: =D8*D9 -> 883.00303 | E10: =E8*E9 -> -395.94862
A12: Показатели уровня надежности и уровня качества оказываемых услуг
A14: № п/п | B14: Наименование показателей | C14: Обозначение в Методических указаниях | D14: Утверждено на 2018 год | E14: По данным организации | G14: По данным экспертов
E15: Факт | F15: % отклонения | G15: Факт | H15: % отклонения
A16: 1 | B16: 2 | C16: 3 | D16: 4 | E16: 5 | F16: 6 | G16: 7 | H16: 8
A17: 1. | B17: Показатель средней продолжительности прекращений передачи электрической энергии | C17: - | D17: 0.0073 | E17: 0.014052361 | F17: =(E17-D17)/D17 -> 0.92498098 | G17: 0.0141
A18: 2. | B18: Показатель уровня качества обслуживания потребителей услуг | D18: 0.8975 | E18: 1.0129762 | F18: =(E18-D18)/D18 -> 0.12866428 | G18: 0.8596

Sheet Выпадающие от ТП
B2: Расчет размера расходов, связанных с осуществлением технологического присоединения к электрическим сетям энергопринимающих устройств Заявителей с максимальной мощностью 15 кВт включительно, не включаемых в состав платы за технологическое присоединение
B4: № п/п | C4: Показатели | D4: Фактические данные за 2018 год | G4: Расчетные (фактические) данные на 2019 год | J4: Плановые показатели на 2020 год
D5: ставка платы (руб./кВт, руб./км) | E5: мощность, длина линий (кВт, км) | F5: Сумма (в соответствии с актами приемки выполненных работ) (тыс. руб.) | G5: стандарт. тариф. ставка (руб./кВт, руб./км) | H5: мощность, длина линий (кВт, км) | I5: сумма (тыс. руб.) | J5: стандарт. тариф. ставка (руб./кВт, руб./км) | K5: мощность, длина линий (кВт, км) | L5: сумма (тыс. руб.)
B6: 1 | C6: 2 | D6: 3 | E6: 4 | F6: 5 | G6: 6 | H6: 7 | I6: 8 | J6: 9 | K6: 10 | L6: 11
B7: 1 | C7: Расходы на выполнение организационных мероприятий, связанные с осуществлением технологического присоединения (ТП) [п.1.1 + п.1.2 + п.1.3 + п.1.4]: | G7: =G8+G9+G11 -> 0 | H7: =I22*7 -> 0 | I7: =G7*H7/1000 -> 0 | J7: =J8+J9+J11 -> 0 | K7: =L22*7 -> 0 | L7: =J7*K7/1000 -> 0
B8: 1.1. | C8: подготовка и выдача сетевой организацией технических условий (ТУ) Заявителю, на уровне напряжения i и (или) диапазоне мощности j | H8: =H7 -> 0 | I8: =G8*H8/1000 -> 0 | J8: =G8*1.04 -> 0 | K8: =K7 -> 0 | L8: =J8*K8/1000 -> 0
B9: 1.2. | C9: проверка сетевой организацией выполнения Заявителем ТУ, на уровне напряжения i и (или) диапазоне мощности j | H9: =H8 -> 0 | I9: =G9*H9/1000 -> 0 | J9: =G9*1.04 -> 0 | K9: =K8 -> 0 | L9: =J9*K9/1000 -> 0
B10: 1.3. | C10: участие в осмотре должностным лицом органа федерального государственного энергетического надзора при участии сетевой организации и собственника присоединяемых Устройств Заявителя, на уровне напряжения i и (или) диапазоне мощности j | D10: х | E10: х | F10: х | G10: х | H10: х | I10: х | J10: х | K10: х | L10: х
B11: 1.4. | C11: Осуществление сетевой организацией фактического присоединения объектов Заявителя к электрическим сетям и включение коммутационного аппарата (фиксация коммутационного аппарата в положение «включено»), на уровне напряжения i и (или) диапазоне мощности j | H11: =H9 -> 0 | I11: =G11*H11/1000 -> 0 | J11: =G11*1.04 -> 0 | K11: =K9 -> 0 | L11: =J11*K11/1000 -> 0
B12: 2 | C12: Расходы по мероприятиям "последней мили", связанные с осуществлением ТП [п.2.1 + п.2.2 + п.2.3 + п.2.4 + 2.5]: | D12: х | E12: х | F12: х | G12: х | H12: х | I12: х | J12: х | K12: х | L12: х
B13: 2.1. | C13: строительство воздушных линий, на уровне напряжения i и (или) диапазоне мощности j | D13: х | E13: х | F13: х | G13: х | H13: х | I13: х | J13: х | K13: х | L13: х
B14: 2.2. | C14: строительство кабельных линий, на уровне напряжения i и (или) диапазоне мощности j | D14: х | E14: х | F14: х | G14: х | H14: х | I14: х | J14: х | K14: х | L14: х
B15: 2.3. | C15: строительством пунктов секционирования, на уровне напряжения i и (или) диапазоне мощности j | D15: х | E15: х | F15: х | G15: х | H15: х | I15: х | J15: х | K15: х | L15: х
B17: 2.4. | C17: строительство комплектных трансформаторных подстанций (КТП), распределительных трансформаторных подстанций (РТП) с уровнем напряжения до 35 кВ, на уровне напряжения i и (или) диапазоне мощности j | D17: х | E17: х | F17: х | G17: х | H17: х | I17: х | J17: х | K17: х | L17: х
B19: 2.5. | C19: строительство центров питания, подстанций уровнем напряжения 35 кВ и выше (ПС), на уровне напряжения i и (или) диапазоне мощности j | D19: х | E19: х | F19: х | G19: х | H19: х | I19: х | J19: х | K19: х | L19: х
B20: 3 | C20: Суммарный размер платы за ТП [п.3.1 * п.3.2 / 1000]: | D20: х | E20: х | F20: =F21*F22/1000 -> 0 | G20: х | H20: х | I20: =I21*I22/1000 -> 0 | J20: х | K20: х | L20: =L21*L22/1000 -> 0
B21: 3.1. | C21: Размер платы за ТП (руб. без НДС) | D21: х | E21: х | F21: =550/1.18 -> 466.10169 | G21: х | H21: х | I21: =550/1.18 -> 466.10169 | J21: х | K21: х | L21: =550/1.18 -> 466.10169
B22: 3.2. | C22: Плановое количество договоров на осуществление ТП к электрическим сетям (плановое количество членов объединений (организаций), указанных в п.18 Методических указаний по определению размера платы за ТП, утвержденных приказом ФСТ России от 11 сентября 2012 г. № 209-э/1) (шт.) | D22: х | E22: х | G22: х | H22: х | J22: х | K22: х
B23: 4 | C23: Размер расходов, связанных с осуществ-лением ТП к электрическим сетям, не включаемых в состав платы за ТП (п.1 + п.2 – п.3) | D23: х | E23: х | F23: =F7-F20 -> 0 | G23: х | H23: х | I23: =I7-I20 -> 0 | J23: х | K23: х | L23: =L7-L20 -> 0

Sheet ТЭП
A1: Анализ основных технико-экономических показателей за 2 предшествующих года, текущий год и расчетный период регулирования | M1: 2021
D4: Факт | F4: План | H4: Изменение к предыдующему году | K4: Рост к предыдующему году, %
A5: № п/п | B5: Наименование | C5: Ед.изм. | D5: =M1-3 -> 2018 | E5: =G5-2 -> 2019 | F5: =G5-1 -> 2020 | G5: =M1 -> 2021 | H5: =E5 -> 2019 | I5: =F5 -> 2020 | J5: =G5 -> 2021 | K5: =H5 -> 2019 | L5: =I5 -> 2020 | M5: =J5 -> 2021
B6: Электроэнергия
A7: 1 | B7: Поступление в сеть | C7: млн.кВтч | D7: =D8+D14 -> 28.701 | E7: =E8+E14 -> 29.128 | F7: =F8+F14 -> 28.707 | G7: =G8+G14 -> 29.166 | H7: =E7-D7 -> 0.427 | I7: =F7-E7 -> -0.421 | J7: =G7-F7 -> 0.459 | K7: =IF(D7=0," ",E7/D7) -> 1.0148775 | L7: =IF(E7=0," ",F7/E7) -> 0.98554655 | M7: =IF(F7=0," ",G7/F7) -> 1.0159891
A8: 2 | B8: Потери в электрической сети, в т.ч. относимые на: | C8: млн.кВтч | D8: ='Свод долгосрочный '!E108/1000 -> 6.33 | E8: ='Свод долгосрочный '!H108/1000 -> 6.474 | F8: ='Свод долгосрочный '!K108/1000 -> 5.64 | G8: ='Свод долгосрочный '!M108/1000 -> 5.731 | H8: =E8-D8 -> 0.144 | I8: =F8-E8 -> -0.834 | J8: =G8-F8 -> 0.091 | K8: =IF(D8=0," ",E8/D8) -> 1.0227488 | L8: =IF(E8=0," ",F8/E8) -> 0.87117702 | M8: =IF(F8=0," ",G8/F8) -> 1.0161348
A9: 2.1 | B9: собственное потребление | C9: млн.кВтч | D9: =D8-D10 -> 0 | E9: =E8-E10 -> 0 | F9: =F8-F10 -> 0 | G9: =G8-G10 -> 0 | H9: =E9-D9 -> 0 | I9: =F9-E9 -> 0 | J9: =G9-F9 -> 0 | K9: =IF(D9=0," ",E9/D9) | L9: =IF(E9=0," ",F9/E9) | M9: =IF(F9=0," ",G9/F9)
A10: 2.2 | B10: передачу сторонним потребителям (субабонентам) | C10: млн.кВтч | D10: ='Свод долгосрочный '!E109/1000 -> 6.33 | E10: ='Свод долгосрочный '!H109/1000 -> 6.474 | F10: ='Свод долгосрочный '!K109/1000 -> 5.64 | G10: ='Свод долгосрочный '!M109/1000 -> 5.731 | H10: =E10-D10 -> 0.144 | I10: =F10-E10 -> -0.834 | J10: =G10-F10 -> 0.091 | K10: =IF(D10=0," ",E10/D10) -> 1.0227488 | L10: =IF(E10=0," ",F10/E10) -> 0.87117702 | M10: =IF(F10=0," ",G10/F10) -> 1.0161348
A11: 3 | B11: Относительные потери | C11: % | D11: =IF(D8=0," ",D8/D7) -> 0.22054981 | E11: =IF(E8=0," ",E8/E7) -> 0.22226037 | F11: =IF(F8=0," ",F8/F7) -> 0.19646776 | G11: =IF(G8=0," ",G8/G7) -> 0.19649592 | H11: =E11-D11 -> 0.0017105614 | I11: =F11-E11 -> -0.025792608 | J11: =G11-F11 -> 2.815943e-05 | K11: =IF(D11=0," ",E11/D11) -> 1.0077559 | L11: =IF(E11=0," ",F11/E11) -> 0.88395319 | M11: =IF(F11=0," ",G11/F11) -> 1.0001433
A12: 3.1 | B12: собственное потребление | C12: % | D12: =IF(D9=0,0,D9/(D9+D15)) -> 0 | E12: =IF(E9=0,0,E9/(E9+E15)) -> 0 | F12: =IF(F9=0,0,F9/(F9+F15)) -> 0 | G12: =IF(G9=0,0,G9/(G9+G15)) -> 0 | H12: =E12-D12 -> 0 | I12: =F12-E12 -> 0 | J12: =G12-F12 -> 0 | K12: =IF(D12=0," ",E12/D12) | L12: =IF(E12=0," ",F12/E12) | M12: =IF(F12=0," ",G12/F12)
A13: 3.2 | B13: передачу сторонним потребителям (субабонентам) | C13: % | D13: =IF(D10=0,0,D10/(D10+D16)) -> 0.22054981 | E13: =IF(E10=0,0,E10/(E10+E16)) -> 0.22226037 | F13: =IF(F10=0,0,F10/(F10+F16)) -> 0.19646776 | G13: =IF(G10=0,0,G10/(G10+G16)) -> 0.19649592 | H13: =E13-D13 -> 0.0017105614 | I13: =F13-E13 -> -0.025792608 | J13: =G13-F13 -> 2.815943e-05 | K13: =IF(D13=0," ",E13/D13) -> 1.0077559 | L13: =IF(E13=0," ",F13/E13) -> 0.88395319 | M13: =IF(F13=0," ",G13/F13) -> 1.0001433
A14: 4 | B14: Отпуск из сети (полезный отпуск ), в т.ч. для | C14: млн.кВтч | D14: ='Свод долгосрочный '!E125/1000 -> 22.371 | E14: ='Свод долгосрочный '!H125/1000 -> 22.654 | F14: ='Свод долгосрочный '!K125/1000 -> 23.067 | G14: ='Свод долгосрочный '!M125/1000 -> 23.435 | H14: =E14-D14 -> 0.283 | I14: =F14-E14 -> 0.413 | J14: =G14-F14 -> 0.368 | K14: =IF(D14=0," ",E14/D14) -> 1.0126503 | L14: =IF(E14=0," ",F14/E14) -> 1.0182308 | M14: =IF(F14=0," ",G14/F14) -> 1.0159535
A15: 4.1 | B15: собственного потребления | C15: млн.кВтч | D15: =D14-D16 -> 0 | E15: =E14-E16 -> 0 | F15: =F14-F16 -> 0 | G15: =G14-G16 -> 0 | H15: =E15-D15 -> 0 | I15: =F15-E15 -> 0 | J15: =G15-F15 -> 0 | K15: =IF(D15=0," ",E15/D15) | L15: =IF(E15=0," ",F15/E15) | M15: =IF(F15=0," ",G15/F15)
A16: 4.2 | B16: передачи сторонним потребителям (субабонентам) | C16: млн.кВтч | D16: ='Свод долгосрочный '!E126/1000 -> 22.371 | E16: ='Свод долгосрочный '!H126/1000 -> 22.654 | F16: ='Свод долгосрочный '!K126/1000 -> 23.067 | G16: ='Свод долгосрочный '!M126/1000 -> 23.435 | H16: =E16-D16 -> 0.283 | I16: =F16-E16 -> 0.413 | J16: =G16-F16 -> 0.368 | K16: =IF(D16=0," ",E16/D16) -> 1.0126503 | L16: =IF(E16=0," ",F16/E16) -> 1.0182308 | M16: =IF(F16=0," ",G16/F16) -> 1.0159535
A17: 4.2.1. | B17: Доля передачи сторонним потребителям | C17: % | D17: =IF(D14=0,0,D16/D14) -> 1 | E17: =IF(E14=0,0,E16/E14) -> 1 | F17: =IF(F14=0,0,F16/F14) -> 1 | G17: =IF(G14=0,0,G16/G14) -> 1 | H17: =E17-D17 -> 0 | I17: =F17-E17 -> 0 | J17: =G17-F17 -> 0 | K17: =IF(D17=0," ",E17/D17) -> 1 | L17: =IF(E17=0," ",F17/E17) -> 1 | M17: =IF(F17=0," ",G17/F17) -> 1
B18: НВВ
A19: 1 | B19: НВВ (на сторонних потребителей) | C19: тыс. руб. | D19: =D21+D22 -> 39696.21 | E19: =E21+E22 -> 46468.612 | F19: =F21+F22 -> 57698.457 | G19: =G21+G22 -> 55260.768 | H19: =E19-D19 -> 6772.4012 | I19: =F19-E19 -> 11229.846 | J19: =G19-F19 -> -2437.6893 | K19: =IF(D19=0," ",E19/D19) -> 1.1706057 | L19: =IF(E19=0," ",F19/E19) -> 1.2416652 | M19: =IF(F19=0," ",G19/F19) -> 0.95775122
A20: 1.1. | B20: содержание сетей (всего) | D20: =D21+D22 -> 39696.21 | E20: =E21+E22 -> 46468.612 | F20: =F21+F22 -> 57698.457 | G20: =G21+G22 -> 55260.768 | H20: =E20-D20 -> 6772.4012 | I20: =F20-E20 -> 11229.846 | J20: =G20-F20 -> -2437.6893 | K20: =IF(D20=0," ",E20/D20) -> 1.1706057 | L20: =IF(E20=0," ",F20/E20) -> 1.2416652 | M20: =IF(F20=0," ",G20/F20) -> 0.95775122
B21: в т.ч. содержание сетей (насторонних) | C21: тыс. руб. | D21: ='Свод долгосрочный '!E85 -> 20847.407 | E21: ='Свод долгосрочный '!H85 -> 24380.017 | F21: ='Свод долгосрочный '!K85 -> 37873.168 | G21: ='Свод долгосрочный '!M85 -> 34152.923 | H21: =E21-D21 -> 3532.6104 | I21: =F21-E21 -> 13493.151 | J21: =G21-F21 -> -3720.2455 | K21: =IF(D21=0," ",E21/D21) -> 1.1694508 | L21: =IF(E21=0," ",F21/E21) -> 1.5534513 | M21: =IF(F21=0," ",G21/F21) -> 0.90177095
A22: 1.2. | B22: затраты на компенсацию потерь (на сторонних) | C22: тыс. руб. | D22: ='Свод долгосрочный '!E146 -> 18848.804 | E22: ='Свод долгосрочный '!H146 -> 22088.595 | F22: ='Свод долгосрочный '!K146 -> 19825.289 | G22: ='Свод долгосрочный '!M146 -> 21107.845 | H22: =E22-D22 -> 3239.7909 | I22: =F22-E22 -> -2263.3055 | J22: =G22-F22 -> 1282.5561 | K22: =IF(D22=0," ",E22/D22) -> 1.1718831 | L22: =IF(E22=0," ",F22/E22) -> 0.8975351 | M22: =IF(F22=0," ",G22/F22) -> 1.0646929
A23: 1.2.1. | B23: цена покупки потерь (для сторонних) | C23: руб./тыс.кВтч | D23: =IF(D10=0,0,D22/D10) -> 2977.6941 | E23: =IF(E10=0,0,E22/E10) -> 3411.8929 | F23: =IF(F10=0,0,F22/F10) -> 3515.1222 | G23: =IF(G10=0,0,G22/G10) -> 3683.0999 | H23: =E23-D23 -> 434.19878 | I23: =F23-E23 -> 103.22928 | J23: =G23-F23 -> 167.97767 | K23: =IF(D23=0," ",E23/D23) -> 1.1458171 | L23: =IF(E23=0," ",F23/E23) -> 1.0302557 | M23: =IF(F23=0," ",G23/F23) -> 1.0477871
B26: Сетевая организация ___________________________________
B28: Основные финансово-экономические показатели хозяйственной деятельности
A31: № п/п | B31: Наименование показателей | C31: Ед.изм. | D31: 2020 | E31: 2021 | F31: 2022 | G31: 2023 | H31: 2024
A32: 1 | B32: Выручка от продажи товаров, продукции, работ, услуг | C32: тыс. руб.
A33: 2 | B33: Себестоимость проданных товаров, продукции, работ, услуг | C33: тыс. руб.
A34: 3 | B34: Прибыль (убыток) от продаж | C34: тыс. руб.
B36: Динамика изменения условных единиц предприятия:
B38: Наименование показателей | C38: 2020 | D38: 2021 | E38: 2022 | F38: 2023 | G38: 2024
B39: Объем У.Е., в.т.ч. по уровням напряжения | C39: =SUM(C40:C43) -> 0 | D39: =SUM(D40:D43) -> 0 | E39: =SUM(E40:E43) -> 0 | F39: =SUM(F40:F43) -> 0 | G39: =SUM(G40:G43) -> 0
B40: ВН
B41: СН1
B42: СН2
B43: НН
B45: Объем оказываемых услуг
B47: Наименование показателей | C47: Ед. изм. | D47: 2020 | E47: 2021 | F47: 2022 | G47: 2023 | H47: 2024
B48: Заявленная мощность | C48: МВт | D48: ='Свод долгосрочный '!K130 -> 4.199 | E48: ='Свод долгосрочный '!M130 -> 4.2613 | F48: ='Свод долгосрочный '!N130 -> 4.2613 | G48: ='Свод долгосрочный '!O130 -> 4.2613 | H48: ='Свод долгосрочный '!P130 -> 4.2613
B49: Присоединенная мощность | C49: МВА | D49: ='Свод долгосрочный '!K131 -> 26.6966 | E49: ='Свод долгосрочный '!M131 -> 26.6966 | F49: ='Свод долгосрочный '!N131 -> 26.6966 | G49: ='Свод долгосрочный '!O131 -> 26.6966 | H49: ='Свод долгосрочный '!P131 -> 26.6966
B50: Поступление ЭЭ в сеть | C50: МВт*ч | D50: ='Свод долгосрочный '!K102 -> 28707 | E50: ='Свод долгосрочный '!M102 -> 29166 | F50: ='Свод долгосрочный '!N102 -> 29166 | G50: ='Свод долгосрочный '!O102 -> 29166 | H50: ='Свод долгосрочный '!P102 -> 29166
B51: Полезный отпуск | C51: МВт*ч | D51: ='Свод долгосрочный '!K125 -> 23067 | E51: ='Свод долгосрочный '!M125 -> 23435 | F51: ='Свод долгосрочный '!N125 -> 23435 | G51: ='Свод долгосрочный '!O125 -> 23435 | H51: ='Свод долгосрочный '!P125 -> 23435
B52: Потери | C52: МВт*ч | D52: ='Свод долгосрочный '!K109 -> 5640 | E52: ='Свод долгосрочный '!M109 -> 5731 | F52: ='Свод долгосрочный '!N109 -> 5731 | G52: ='Свод долгосрочный '!O109 -> 5731 | H52: ='Свод долгосрочный '!P109 -> 5731

Sheet Форма 1
A1: ='Свод долгосрочный '!B2 -> МУ МПЖКХ Гусь-Железный
A2: Анализ динамики и структуры баланса
J3: тыс. руб.
A4: Наименование показателя | H4: Изменения
B5: Код | C5: На 31.12.2019 | D5: На 31.12.2018 | E5: На 31.12.2017 | F5: Структура на начало года | G5: Структура на конец года | H5: В абсолютных величинах | I5: В структуре | J5: В % к началу года | K5: В % к концу года
A6: АКТИВ
A7: I. ВНЕОБОРОТНЫЕ АКТИВЫ
A8: Нематериальные активы | B8: 1110 | F8: =D8/$D$26 -> 0 | G8: =C8/$C$26 -> 0 | H8: =C8-D8 -> 0 | I8: =G8-F8 -> 0 | J8: =H8/D8 -> #DIV/0! | K8: =H8/C8 -> #DIV/0!
A9: Результаты исследований и разработок | B9: 1120 | F9: =D9/$D$26 -> 0 | G9: =C9/$C$26 -> 0 | H9: =C9-D9 -> 0 | I9: =G9-F9 -> 0 | J9: =H9/D9 -> #DIV/0! | K9: =H9/C9 -> #DIV/0!
A10: Нематериальные поисковые активы | B10: 1130 | F10: =D10/$D$26 -> 0 | G10: =C10/$C$26 -> 0 | H10: =C10-D10 -> 0 | I10: =G10-F10 -> 0 | J10: =H10/D10 -> #DIV/0! | K10: =H10/C10 -> #DIV/0!
A11: Материальные поисковые активы | B11: 1140 | F11: =D11/$D$26 -> 0 | G11: =C11/$C$26 -> 0 | H11: =C11-D11 -> 0 | I11: =G11-F11 -> 0 | J11: =H11/D11 -> #DIV/0! | K11: =H11/C11 -> #DIV/0!
A12: Основные средства | B12: 1150 | C12: 12191 | D12: 14142 | E12: 14053 | F12: =D12/$D$26 -> 0.55382808 | G12: =C12/$C$26 -> 0.53589169 | H12: =C12-D12 -> -1951 | I12: =G12-F12 -> -0.017936392 | J12: =H12/D12 -> -0.13795786 | K12: =H12/C12 -> -0.16003609
A13: Доходные вложения в материальные ценности | B13: 1160 | F13: =D13/$D$26 -> 0 | G13: =C13/$C$26 -> 0 | H13: =C13-D13 -> 0 | I13: =G13-F13 -> 0 | J13: =H13/D13 -> #DIV/0! | K13: =H13/C13 -> #DIV/0!
A14: Финансовые вложения | B14: 1170 | F14: =D14/$D$26 -> 0 | G14: =C14/$C$26 -> 0 | H14: =C14-D14 -> 0 | I14: =G14-F14 -> 0 | J14: =H14/D14 -> #DIV/0! | K14: =H14/C14 -> #DIV/0!
A15: Отложенные налоговые активы | B15: 1180 | F15: =D15/$D$26 -> 0 | G15: =C15/$C$26 -> 0 | H15: =C15-D15 -> 0 | I15: =G15-F15 -> 0 | J15: =H15/D15 -> #DIV/0! | K15: =H15/C15 -> #DIV/0!
A16: Прочие внеоборотные активы | B16: 1190 | F16: =D16/$D$26 -> 0 | G16: =C16/$C$26 -> 0 | H16: =C16-D16 -> 0 | I16: =G16-F16 -> 0 | J16: =H16/D16 -> #DIV/0! | K16: =H16/C16 -> #DIV/0!
A17: Итого по разделу I | B17: 1100 | C17: =SUM(C8:C16) -> 12191 | D17: =SUM(D8:D16) -> 14142 | E17: =SUM(E8:E16) -> 14053 | F17: =D17/$D$26 -> 0.55382808 | G17: =C17/$C$26 -> 0.53589169 | H17: =C17-D17 -> -1951 | I17: =G17-F17 -> -0.017936392 | J17: =H17/D17 -> -0.13795786 | K17: =H17/C17 -> -0.16003609
A18: II. ОБОРОТНЫЕ АКТИВЫ | J18: =H18/D18 -> #DIV/0! | K18: =H18/C18 -> #DIV/0!
A19: Запасы | B19: 1210 | C19: 3635 | D19: 3856 | E19: 3776 | F19: =D19/$D$26 -> 0.15100842 | G19: =C19/$C$26 -> 0.15978724 | H19: =C19-D19 -> -221 | I19: =G19-F19 -> 0.0087788236 | J19: =H19/D19 -> -0.057313278 | K19: =H19/C19 -> -0.060797799
A20: Налог на добавленную стоимость по приобретенным ценностям | B20: 1220 | F20: =D20/$D$26 -> 0 | G20: =C20/$C$26 -> 0 | H20: =C20-D20 -> 0 | I20: =G20-F20 -> 0 | J20: =H20/D20 -> #DIV/0! | K20: =H20/C20 -> #DIV/0!
A21: Дебиторская задолженность | B21: 1230 | C21: 4646 | D21: 3022 | E21: 2434 | F21: =D21/$D$26 -> 0.11834737 | G21: =C21/$C$26 -> 0.20422876 | H21: =C21-D21 -> 1624 | I21: =G21-F21 -> 0.085881391 | J21: =H21/D21 -> 0.53739246 | K21: =H21/C21 -> 0.349548
A22: Финансовые вложения (за исключением денежных эквивалентов) | B22: 1240 | F22: =D22/$D$26 -> 0 | G22: =C22/$C$26 -> 0 | H22: =C22-D22 -> 0 | I22: =G22-F22 -> 0 | J22: =H22/D22 -> #DIV/0! | K22: =H22/C22 -> #DIV/0!
A23: Денежные средства и денежные эквиваленты | B23: 1250 | C23: 2277 | D23: 4515 | E23: 4308 | F23: =D23/$D$26 -> 0.17681613 | G23: =C23/$C$26 -> 0.10009231 | H23: =C23-D23 -> -2238 | I23: =G23-F23 -> -0.076723823 | J23: =H23/D23 -> -0.49568106 | K23: =H23/C23 -> -0.9828722
A24: Прочие оборотные активы | B24: 1260 | F24: =D24/$D$26 -> 0 | G24: =C24/$C$26 -> 0 | H24: =C24-D24 -> 0 | I24: =G24-F24 -> 0 | J24: =H24/D24 -> #DIV/0! | K24: =H24/C24 -> #DIV/0!
A25: Итого по разделу II | B25: 1200 | C25: =SUM(C19:C24) -> 10558 | D25: =SUM(D19:D24) -> 11393 | E25: =SUM(E19:E24) -> 10518 | F25: =D25/$D$26 -> 0.44617192 | G25: =C25/$C$26 -> 0.46410831 | H25: =C25-D25 -> -835 | I25: =G25-F25 -> 0.017936392 | J25: =H25/D25 -> -0.073290617 | K25: =H25/C25 -> -0.079086948
A26: БАЛАНС | B26: 1600 | C26: =C17+C25 -> 22749 | D26: =D17+D25 -> 25535 | E26: =E17+E25 -> 24571 | F26: =D26/$D$26 -> 1 | G26: =C26/$C$26 -> 1 | H26: =C26-D26 -> -2786 | I26: =G26-F26 -> 0 | J26: =H26/D26 -> -0.10910515 | K26: =H26/C26 -> -0.12246692
A28: ПАССИВ
A29: III. КАПИТАЛ И РЕЗЕРВЫ
A30: Уставный капитал (складочный капитал, уставный фонд, вклады товарищей) | B30: 1310 | F30: =D30/D$50 -> 0 | G30: =C30/C$50 -> 0 | H30: =C30-D30 -> 0 | I30: =G30-F30 -> 0 | J30: =H30/D30 -> #DIV/0! | K30: =H30/C30 -> #DIV/0!
A31: Собственные акции, выкупленные у акционеров | B31: 1320 | F31: =D31/D$50 -> 0 | G31: =C31/C$50 -> 0 | H31: =C31-D31 -> 0 | I31: =G31-F31 -> 0 | J31: =H31/D31 -> #DIV/0! | K31: =H31/C31 -> #DIV/0!
A32: Переоценка внеоборотных активов | B32: 1340 | F32: =D32/D$50 -> 0 | G32: =C32/C$50 -> 0 | H32: =C32-D32 -> 0 | I32: =G32-F32 -> 0 | J32: =H32/D32 -> #DIV/0! | K32: =H32/C32 -> #DIV/0!
